Workbook
Name __10: oIndikatoren!$A$113
Name __11: oIndikatoren!$A$125
Name __12: oIndikatoren!$A$137
Name __13: oIndikatoren!$A$149
Name __14: oIndikatoren!$A$161
Name __15: oIndikatoren!$A$173
Name __16: oIndikatoren!$A$185
Name __17: oIndikatoren!$A$197
Name __18: oIndikatoren!$A$209
Name __19: oIndikatoren!$A$221
Name __20: oIndikatoren!$A$233
Name __21: oIndikatoren!$A$245
Name __22: oIndikatoren!$A$257
Name __23: oIndikatoren!$A$269
Name __24: oIndikatoren!$A$281
Name __25: oIndikatoren!$A$293
Name __26: oIndikatoren!$A$305
Name __27: oIndikatoren!$A$317
Name __28: oIndikatoren!$A$329
Name __29: oIndikatoren!$A$341
Name __30: oIndikatoren!$A$353
Name __31: oIndikatoren!$A$365
Name __32: oIndikatoren!$A$377
Name __33: oIndikatoren!$A$389
Name __34: oIndikatoren!$A$401
Name __35: oIndikatoren!$A$413
Name __36: oIndikatoren!$A$425
Name __37: oIndikatoren!$A$437
Name __38: oIndikatoren!$A$449
Name __39: oIndikatoren!$A$461
Name __40: oIndikatoren!$A$473
Name __41: oIndikatoren!$A$485
Name __42: oIndikatoren!$A$497
Name __43: oIndikatoren!$A$509
Name __44: oIndikatoren!$A$521
Name __45: oIndikatoren!$A$533
Name __46: oIndikatoren!$A$545
Name __47: oIndikatoren!$A$557
Name __48: oIndikatoren!$A$569
Name __49: oIndikatoren!$A$581
Name __50: oIndikatoren!$A$593
Name __51: oIndikatoren!$A$605
Name __52: oIndikatoren!$A$617
Name __53: oIndikatoren!$A$629
Name __54: oIndikatoren!$A$641
Name __55: oIndikatoren!$A$653
Name __56: oIndikatoren!$A$665
Name __57: oIndikatoren!$A$677
Name __58: oIndikatoren!$A$689
Name __59: oIndikatoren!$A$701
Name __60: oIndikatoren!$A$713
Name __61: oIndikatoren!$A$725
Name __62: oIndikatoren!$A$737
Name __63: oIndikatoren!$A$749
Name __64: oIndikatoren!$A$761
Name __65: oIndikatoren!$A$773
Name __66: oIndikatoren!$A$785
Name __67: oIndikatoren!$A$797
Name __68: oIndikatoren!$A$809
Name __69: oIndikatoren!$A$821

Sheet  
A1: =OFFSET($C1,0,$B$4-1) -> Deutsch | C1: Deutsch | D1: Français | E1: English | F1: Italiano
A2: Aktuelle Sprache | C2: Sprache 1 | D2: Sprache 2 | E2: Sprache 3 | F2: Sprache 4 | G2: Sprache 5
A3: Aktuell angezeigte Sprache | C3: Deutsch | D3: Français | E3: English | F3: Italiano | G3: 5_???
B4: 1 | Z4: 55153
A5: =OFFSET($C5,0,$B$4-1) -> M A R K E T I N G - M A N A G E M E N T | C5: M A R K E T I N G - M A N A G E M E N T | D5: M A R K E T I N G - M A N A G E M E N T | E5: M A R K E T I N G - M A N A G E M E N T | F5: M A R K E T I N G - M A N A G E M E N T | G5: contact info@2imanagement.ch | Z5: =IF(AND('Menu Marketing'!C33="© iManagement • s.imboden • www.2iManagement.ch", Stakeholder!B25="© iManagement • s.imboden • www.2iManagement.ch", TODAY()<=$Z$4), $B$4,5) -> 5
A6: =OFFSET($C6,0,$B$4-1) -> Phasen | C6: Phasen | D6: Phases | E6: Phases | F6: Fasi | G6: contact info@2imanagement.ch | Z6: Deutsch
A7: =OFFSET($C7,0,$B$4-1) -> Fragen | C7: Fragen | D7: Questions | E7: Questions | F7: Domande | G7: contact info@2imanagement.ch | Z7: Français
A8: =OFFSET($C8,0,$B$4-1) -> Instrumente | C8: Instrumente | D8: Outils | E8: Instruments | F8: Strumenti | G8: contact info@2imanagement.ch | Z8: English
A9: =OFFSET($C9,0,$B$4-1) -> extern | C9: extern | D9: externe | E9: External | F9: interno | G9: contact info@2imanagement.ch | Z9: Italiano
A10: =OFFSET($C10,0,$B$4-1) -> intern | C10: intern | D10: interne | E10: Internal | F10: esterno | G10: contact info@2imanagement.ch
A11: =OFFSET($C11,0,$B$4-1) -> Situationsanalyse | C11: Situationsanalyse | D11: Analyse de la situation | E11: Situation analysis | F11: Analisi della situazione | G11: contact info@2imanagement.ch
A12: =OFFSET($C12,0,$B$4-1) -> IST-Zustand | C12: IST-Zustand | D12: ÉTAT actuel | E12: ACTUAL state | F12: Stato ATTUALE | G12: contact info@2imanagement.ch
A13: =OFFSET($C13,0,$B$4-1) -> Ziele & Strategien | C13: Ziele & Strategien | D13: Objectifs & Stratégies | E13: Objectives & Strategies | F13: Obiettivi e strategie | G13: contact info@2imanagement.ch
A14: =OFFSET($C14,0,$B$4-1) -> SOLL-Zustand | C14: SOLL-Zustand | D14: ÉTAT futur | E14: TARGET state | F14: Stato DESIDERATO | G14: contact info@2imanagement.ch
A15: =OFFSET($C15,0,$B$4-1) -> Szenarien | C15: Szenarien | D15: Scénarios | E15: Scenarios | F15: Scenari | G15: contact info@2imanagement.ch
A16: =OFFSET($C16,0,$B$4-1) -> Aktualisiert am: | C16: Aktualisiert am: | D16: Mis à jour le : | E16: Updated on: | F16: Aggiornato il: | G16: contact info@2imanagement.ch
A17: =OFFSET($C17,0,$B$4-1) -> Stakeholder | C17: Stakeholder | D17: Parties prenantes | E17: Stakeholder | F17: Portatori di interesse | G17: contact info@2imanagement.ch
A18: =OFFSET($C18,0,$B$4-1) -> PESTEL | C18: PESTEL | D18: PESTEL | E18: PESTEL | F18: PESTEL | G18: contact info@2imanagement.ch
A19: =OFFSET($C19,0,$B$4-1) -> Zukunfts-szenarien | C19: Zukunfts-szenarien | D19: Scénarios d'avenir | E19: Future scenarios | F19: Scenari futuri | G19: contact info@2imanagement.ch
A20: =OFFSET($C20,0,$B$4-1) -> Matrix | C20: Matrix | D20: Matrice | E20: Matrix | F20: Matrice | G20: contact info@2imanagement.ch
A21: =OFFSET($C21,0,$B$4-1) -> Konkurrenz | C21: Konkurrenz | D21: Concurrence | E21: Competition | F21: Concorrenza | G21: contact info@2imanagement.ch
... A51: =OFFSET($C51,0,$B$4-1) -> Wertschöpfungs-kette | C51: Wertschöpfungs-kette | D51: Chaîne de valeur | E51: Value chain | F51: Catena di creazione di valore | G51: contact info@2imanagement.ch
A52: =OFFSET($C52,0,$B$4-1) -> Ihr Logo: | C52: Ihr Logo: | D52: Votre logo: | E52: Your logo: | F52: Vostro logo:
A53: =OFFSET($C53,0,$B$4-1) -> S T A K E H O L D E R - A N A L Y S E | C53: S T A K E H O L D E R - A N A L Y S E | D53: A N A L Y S E D E S P A R T I E S P R E N A N T E S | E53: S T A K E H O L D E R A N A L Y S I S | F53: A N A L I S I D E G L I S T A K E H O L D E R | G53: contact info@2imanagement.ch
A54: =OFFSET($C54,0,$B$4-1) -> weites Umfeld | C54: weites Umfeld | D54: Contexte large | E54: Wider environment | F54: Contesto ampio | G54: contact info@2imanagement.ch
A55: =OFFSET($C55,0,$B$4-1) -> nahes Umfeld | C55: nahes Umfeld | D55: Contexte restreint | E55: Immediate environment | F55: Contesto ristretto | G55: contact info@2imanagement.ch
A56: =OFFSET($C56,0,$B$4-1) -> intern | C56: intern | D56: interne | E56: Internal | F56: interno | G56: contact info@2imanagement.ch
A57: =OFFSET($C57,0,$B$4-1) -> Wir | C57: Wir | D57: Nous | E57: Us | F57: Noi | G57: contact info@2imanagement.ch
A58: =OFFSET($C58,0,$B$4-1) -> häufiger Kontakt | C58: häufiger Kontakt | D58: contacts fréquents | E58: Frequent contacts | F58: Contatti frequenti | G58: contact info@2imanagement.ch
A59: =OFFSET($C59,0,$B$4-1) -> regelmässiger Kontakt | C59: regelmässiger Kontakt | D59: contacts réguliers | E59: Regular contacts | F59: Contatti regolari | G59: contact info@2imanagement.ch
A60: =OFFSET($C60,0,$B$4-1) -> seltener Kontakt | C60: seltener Kontakt | D60: contacts rares | E60: Rare contacts | F60: Contatti rari | G60: contact info@2imanagement.ch
A61: =OFFSET($C61,0,$B$4-1) -> hoch | C61: hoch | D61: grande | E61: High | F61: alto | G61: contact info@2imanagement.ch
A62: =OFFSET($C62,0,$B$4-1) -> gross | C62: gross | D62: grand | E62: Big | F62: grande | G62: contact info@2imanagement.ch
A63: =OFFSET($C63,0,$B$4-1) -> Einfluss der Stakeholder | C63: Einfluss der Stakeholder | D63: Influence des parties prenantes | E63: Stakeholder influence | F63: Influsso degli stakeholder | G63: contact info@2imanagement.ch
A64: =OFFSET($C64,0,$B$4-1) -> gering | C64: gering | D64: petite | E64: Low | F64: basso | G64: contact info@2imanagement.ch
... A170: =OFFSET($C170,0,$B$4-1) -> Bemerkungen | C170: Bemerkungen | D170: Remarques | E170: Remarks | F170: Osservazioni | G170: contact info@2imanagement.ch
A171: =OFFSET($C171,0,$B$4-1) -> Pro-zesse | C171: Pro-zesse | D171: Pro-cessus | E171: Pro-cesses | F171: Pro-cessi
A172: =OFFSET($C172,0,$B$4-1) -> P O T E N Z I A L A N A L Y S E | C172: P O T E N Z I A L A N A L Y S E | D172: A N A L Y S E D U P O T E N T I E L | E172: P O T E N T I A L A N A L Y S I S | F172: A N A L I S I D E L P O T E N Z I A L E | G172: contact info@2imanagement.ch
A173: =OFFSET($C173,0,$B$4-1) -> Vorteil | C173: Vorteil | D173: Avantage | E173: Advantage | F173: Vantaggio | G173: contact info@2imanagement.ch
A174: =OFFSET($C174,0,$B$4-1) -> Nachteil | C174: Nachteil | D174: Désavantage | E174: Disadvantage | F174: Svantaggio | G174: contact info@2imanagement.ch
A175: =OFFSET($C175,0,$B$4-1) -> Konkurrenz | C175: Konkurrenz | D175: Concurrence | E175: Competition | F175: Concorrenza | G175: contact info@2imanagement.ch
A176: =OFFSET($C176,0,$B$4-1) -> Nr. | C176: Nr. | D176: No. | E176: No. | F176: N. | G176: contact info@2imanagement.ch
A177: =OFFSET($C177,0,$B$4-1) -> Schlüsselfaktor | C177: Schlüsselfaktor | D177: Facteur clé | E177: Key factor | F177: Fattore chiave | G177: contact info@2imanagement.ch
A178: =OFFSET($C178,0,$B$4-1) -> Bemerkungen | C178: Bemerkungen | D178: Remarques | E178: Remarks | F178: Osservazioni | G178: contact info@2imanagement.ch
A179: =OFFSET($C179,0,$B$4-1) -> Produkt, Sortiment | C179: Produkt, Sortiment | D179: Produit, assortiment | E179: Product, range | F179: Prodotto, assortimento | G179: contact info@2imanagement.ch
A180: =OFFSET($C180,0,$B$4-1) -> Preise, Konditionen | C180: Preise, Konditionen | D180: Prix, conditions | E180: Prices, conditions | F180: Prezzi, condizioni | G180: contact info@2imanagement.ch
A181: =OFFSET($C181,0,$B$4-1) -> Marktanteil, Marktwachstum, Marktstruktur | C181: Marktanteil, Marktwachstum, Marktstruktur | D181: Part du marché, croissance, structure | E181: Market share, market growth and market structure | F181: Quota di mercato, crescita e struttura del mercato | G181: contact info@2imanagement.ch
A182: =OFFSET($C182,0,$B$4-1) -> Markenname, Markenimage | C182: Markenname, Markenimage | D182: Nom de marque, image de marque | E182: Brand name, brand image | F182: Marchio, immagine di marca | G182: contact info@2imanagement.ch
A183: =OFFSET($C183,0,$B$4-1) -> Vertriebsorganisation | C183: Vertriebsorganisation | D183: Organisation de la distribution | E183: Sales organization | F183: Organizzazione della distribuzione | G183: contact info@2imanagement.ch
... A369: =OFFSET($C369,0,$B$4-1) -> Unsere Kunden sind sehr zufrieden | C369: Unsere Kunden sind sehr zufrieden | D369: Nos clients sont très satisfaits | E369: Our customer are satisfied | F369: I nostri clienti sono soddisfatti | G369: contact info@2imanagement.ch
G370: contact info@2imanagement.ch
A371: =OFFSET($C371,0,$B$4-1) -> Unsere Margen sind hoch | C371: Unsere Margen sind hoch | D371: Nos marges sont élevées | E371: We benefit from strong margins | F371: I nostri margini sono elevati | G371: contact info@2imanagement.ch
A372: =OFFSET($C372,0,$B$4-1) -> Unsere Erträge sind vorhersehbar | C372: Unsere Erträge sind vorhersehbar | D372: Nos revenus sont prévisibles | E372: Our revenues are predictable | F372: I nostri ricavi sono prevedibili | G372: contact info@2imanagement.ch
A373: =OFFSET($C373,0,$B$4-1) -> Wir haben wiederkehrende Einnahmen und häufige wiederholte Käufe | C373: Wir haben wiederkehrende Einnahmen und häufige wiederholte Käufe | D373: Nous avons des flux de revenus récurrents et des achats répétés fréquents | E373: We have recurring Revenue Streams and frequent repeat purchases | F373: Abbiamo entrate ricorrenti e frequenti acquisti ripetuti | G373: contact info@2imanagement.ch
A374: =OFFSET($C374,0,$B$4-1) -> Unsere Einnahmequellen sind diversifiziert | C374: Unsere Einnahmequellen sind diversifiziert | D374: Nos flux de revenus sont diversifiés | E374: Our Revenue Streams are diversified | F374: I nostri flussi di entrate sono diversificati | G374: contact info@2imanagement.ch
A375: =OFFSET($C375,0,$B$4-1) -> Unsere Einnahmequellen sind nachhaltig | C375: Unsere Einnahmequellen sind nachhaltig | D375: Nos flux de revenus sont durables | E375: Our Revenue Streams are sustainable | F375: I nostri flussi di entrate sono durevoli | G375: contact info@2imanagement.ch
A376: =OFFSET($C376,0,$B$4-1) -> Wir ziehen die Erträge ein bevor wir weitere Verpflichtungen eingehen | C376: Wir ziehen die Erträge ein bevor wir weitere Verpflichtungen eingehen | D376: Nous encaissons nos revenus avant d'engager nos dépenses | E376: We collect revenues before we incur expenses | F376: Incassiamo ciò che ci spetta prima di effettuare nuove spese | G376: contact info@2imanagement.ch
A377: =OFFSET($C377,0,$B$4-1) -> Die Höhe der Rechnungsbeträge entsprechen dem, was der Kunde bereit ist zu bezahlen | C377: Die Höhe der Rechnungsbeträge entsprechen dem, was der Kunde bereit ist zu bezahlen | D377: Nous facturons ce pour quoi les clients ont réellement envie de payer | E377: We charge for what customers are really willing to pay for | F377: L’importo delle nostre fatture corrisponde alla cifra che il cliente è disposto a pagare | G377: contact info@2imanagement.ch
A378: =OFFSET($C378,0,$B$4-1) -> Unsere Preisgestaltung entspricht dem, was der Kunde bereit ist zu bezahlen | C378: Unsere Preisgestaltung entspricht dem, was der Kunde bereit ist zu bezahlen | D378: Nos mécanismes de fixation des prix permettent de capter tout ce que le client est prêt à payer | E378: Our pricing mechanismes capture full willingness to pay | F378: I nostri prezzi sono strutturati in base a quanto il cliente è disposto a pagare | G378: contact info@2imanagement.ch
A379: =OFFSET($C379,0,$B$4-1) -> 0 | G379: contact info@2imanagement.ch
A380: =OFFSET($C380,0,$B$4-1) -> Unsere Kosten sind vorhersehbar | C380: Unsere Kosten sind vorhersehbar | D380: Nos coûts sont prévisibles | E380: Our costs are predictable | F380: I nostri costi sono prevedibili | G380: contact info@2imanagement.ch
A381: =OFFSET($C381,0,$B$4-1) -> Unsere Kostenstruktur ist richtig auf unser Geschäftsmodell abgestimmt | C381: Unsere Kostenstruktur ist richtig auf unser Geschäftsmodell abgestimmt | D381: Notre structure de coûts est correctement adaptée à notre modèle d'affaires | E381: Our Cost Structure is correctly matched to our business model | F381: La nostra struttura dei costi è perfettamente adattata al nostro modello di business | G381: contact info@2imanagement.ch
A382: =OFFSET($C382,0,$B$4-1) -> Unser Geschäft ist profitabel | C382: Unser Geschäft ist profitabel | D382: Nos activités sont rentables | E382: Our operations are cost-efficient | F382: Le nostre attività sono redditizie | G382: contact info@2imanagement.ch
A383: =OFFSET($C383,0,$B$4-1) -> Wir profitieren von Skaleneffekten | C383: Wir profitieren von Skaleneffekten | D383: Nous bénéficions d'économies d'échelle | E383: We benefit from economies of scale | F383: Beneficiamo di economie di scala | G383: contact info@2imanagement.ch
A384: =OFFSET($C384,0,$B$4-1) -> 0 | G384: contact info@2imanagement.ch
A385: =OFFSET($C385,0,$B$4-1) -> Die Fluktuationsrate der Kunden ist gering | C385: Die Fluktuationsrate der Kunden ist gering | D385: Le taux de roulement de la clientèle est faible | E385: Customer churn rates are low | F385: Il tasso di fluttuazione della clientela è basso | G385: contact info@2imanagement.ch
A386: =OFFSET($C386,0,$B$4-1) -> Die Kundensegmentierung ist gut | C386: Die Kundensegmentierung ist gut | D386: La clientèle est bien segmentée | E386: Customer base is well segmented | F386: La segmentazione della clientela è buona | G386: contact info@2imanagement.ch
A387: =OFFSET($C387,0,$B$4-1) -> Wir gewinnen regelmässig neue Kunden | C387: Wir gewinnen regelmässig neue Kunden | D387: Nous acquérons régulièrement de nouveaux clients | E387: We are continuously acquiring new customers | F387: Acquisiamo regolarmente nuovi clienti | G387: contact info@2imanagement.ch
A388: =OFFSET($C388,0,$B$4-1) -> 0 | G388: contact info@2imanagement.ch
A389: =OFFSET($C389,0,$B$4-1) -> Unsere Vertriebskanäle sind sehr effektiv | C389: Unsere Vertriebskanäle sind sehr effektiv | D389: Nos canaux de distribution sont très efficaces | E389: Our Channels are efficient | F389: I nostri canali di distribuzione sono molto efficaci | G389: contact info@2imanagement.ch
A390: =OFFSET($C390,0,$B$4-1) -> Unsere Vertriebskanäle sind profitabel | C390: Unsere Vertriebskanäle sind profitabel | D390: Nos canaux de distribution sont rentables | E390: Our Channels are effective | F390: I nostri canali di distribuzione sono redditizi | G390: contact info@2imanagement.ch
A391: =OFFSET($C391,0,$B$4-1) -> Die Penetration der Vertriebskanäle ist gut | C391: Die Penetration der Vertriebskanäle ist gut | D391: La pénétration des canaux est bonne | E391: Channel reach ist strong among customers | F391: La penetrazione dei canali di distribuzione è buona | G391: contact info@2imanagement.ch
A392: =OFFSET($C392,0,$B$4-1) -> Die Vertriebskanäle werden von unseren Kunden einfach identifiziert | C392: Die Vertriebskanäle werden von unseren Kunden einfach identifiziert | D392: Les clients repèrent facilement nos canaux de distribution | E392: Customers can easily see our Channels | F392: I nostri canali di distribuzione vengono facilmente identificati dai nostri clienti | G392: contact info@2imanagement.ch
A393: =OFFSET($C393,0,$B$4-1) -> Die Vertriebskanäle sind sehr stark integriert | C393: Die Vertriebskanäle sind sehr stark integriert | D393: Les canaux sont très intégrés | E393: Channels are strongly integrated | F393: I canali di distribuzione sono fortemente integrati | G393: contact info@2imanagement.ch
A394: =OFFSET($C394,0,$B$4-1) -> Mit den Vertriebskanäle können Synergien und Kostenvorteile realisiert werden (economies of scope) | C394: Mit den Vertriebskanäle können Synergien und Kostenvorteile realisiert werden (economies of scope) | D394: Les canaux sont sources d'économie d'envergure (economies of scope) | E394: Channels provide economies of scope | F394: I canali di distribuzione permettono di generare sinergie e di risparmiare sui costi (economies of scope) | G394: contact info@2imanagement.ch
A395: =OFFSET($C395,0,$B$4-1) -> Die Vertriebskanäle sind gut auf die Kundensegmente abgestimmt | C395: Die Vertriebskanäle sind gut auf die Kundensegmente abgestimmt | D395: Les canaux de distribution sont bien adaptés aux segments clients | E395: Channels are matched to Customer Segments | F395: I canali di distribuzione sono perfettamente adattati ai segmenti della clientela | G395: contact info@2imanagement.ch
A396: =OFFSET($C396,0,$B$4-1) -> 0 | G396: contact info@2imanagement.ch
A397: =OFFSET($C397,0,$B$4-1) -> Die Beziehungen zu den Kunden ist sehr solide | C397: Die Beziehungen zu den Kunden ist sehr solide | D397: Les relations avec les clients sont solides | E397: Strong Customer Relationships | F397: Le relazioni con i clienti sono molto solide | G397: contact info@2imanagement.ch
A398: =OFFSET($C398,0,$B$4-1) -> Die Qualität der Beziehung entspricht der Kundensegmentierung | C398: Die Qualität der Beziehung entspricht der Kundensegmentierung | D398: La qualité de la relation correspond bien à la segmentation de la clientèle | E398: Relationship quality matches Customers Segements | F398: La qualità della relazione corrisponde alla segmentazione della clientela | G398: contact info@2imanagement.ch
A399: =OFFSET($C399,0,$B$4-1) -> Die Kundenbeziehung ist so stark, dass ein Wechsel hohe Kosten für den Kunden bringt | C399: Die Kundenbeziehung ist so stark, dass ein Wechsel hohe Kosten für den Kunden bringt | D399: Les relations engagent les clients, avec des coûts de changement élevés | E399: Relationship bind customers through high switching costs | F399: Le relazioni con i clienti sono di natura tale da generare costi elevati in caso di cambiamento | G399: contact info@2imanagement.ch
A400: =OFFSET($C400,0,$B$4-1) -> Unsere Marke ist stark | C400: Unsere Marke ist stark | D400: Notre marque est forte | E400: Our brand is strong | F400: Il nostro marchio è forte | G400: contact info@2imanagement.ch
A401: =OFFSET($C401,0,$B$4-1) -> 0 | G401: contact info@2imanagement.ch
A402: =OFFSET($C402,0,$B$4-1) -> Unsere wichtigsten Ressourcen sind für Konkurrenten schwierig zu kopieren | C402: Unsere wichtigsten Ressourcen sind für Konkurrenten schwierig zu kopieren | D402: Nos ressources clés sont difficiles à reproduire pour nos concurrents | E402: Our Key Resources are difficulte for competitiors to replicate | F402: Le nostre risorse più importanti sono difficili da riprodurre per la concorrenza | G402: contact info@2imanagement.ch
A403: =OFFSET($C403,0,$B$4-1) -> Der Bedarf an Ressourcen ist vorhersehbar | C403: Der Bedarf an Ressourcen ist vorhersehbar | D403: Les besoins en ressources sont prévisibles | E403: Resource needs are predictable | F403: Il fabbisogno di risorse è prevedibile | G403: contact info@2imanagement.ch
A404: =OFFSET($C404,0,$B$4-1) -> Wir setzen die richtigen Ressourcen zum richtigen Zeitpunkt und in der richtigen Menge ein | C404: Wir setzen die richtigen Ressourcen zum richtigen Zeitpunkt und in der richtigen Menge ein | D404: Nous savons déployer les bonnes ressources au bon moment et dans les bonnes quantités | E404: We deploy Key Resources in the right amount at the right time | F404: Sappiamo mobilitare le risorse giuste al momento giusto e nella quantità giusta | G404: contact info@2imanagement.ch
A405: =OFFSET($C405,0,$B$4-1) -> 0 | G405: contact info@2imanagement.ch
A406: =OFFSET($C406,0,$B$4-1) -> Wir setzen unser Kerngeschäft effektiv um | C406: Wir setzen unser Kerngeschäft effektiv um | D406: Nous exécutons efficacement nos activités clés | E406: We efficiently execute Key Activities | F406: Svolgiamo le nostre attività chiave con efficacia | G406: contact info@2imanagement.ch
A407: =OFFSET($C407,0,$B$4-1) -> Unsere Kernaktivitäten sind schwierig zu kopieren | C407: Unsere Kernaktivitäten sind schwierig zu kopieren | D407: Nos activités clés sont difficilement copiables | E407: Our Key Activities are difficult to copy | F407: Le nostre attività chiave sono difficilmente copiabili | G407: contact info@2imanagement.ch
A408: =OFFSET($C408,0,$B$4-1) -> Die Ausführungsqualität ist hoch | C408: Die Ausführungsqualität ist hoch | D408: La qualité d'exécution est élevée | E408: Execution quality is high | F408: La qualità di attuazione è elevata | G408: contact info@2imanagement.ch
A409: =OFFSET($C409,0,$B$4-1) -> Die Balance zwischen internen und ausgelagerten Tätigkeiten ist ideal | C409: Die Balance zwischen internen und ausgelagerten Tätigkeiten ist ideal | D409: L'équilibre entre les exécutions internes et les activités sous-traitées est idéale | E409: Balance of in-house versus outsourced execution is ideal | F409: L’equilibrio tra attività interne e subappaltate è ideale | G409: contact info@2imanagement.ch
A410: =OFFSET($C410,0,$B$4-1) -> 0 | G410: contact info@2imanagement.ch
A411: =OFFSET($C411,0,$B$4-1) -> Wir sind Partnerorientiert und arbeiten falls notwendig mit ihnen zusammen. | C411: Wir sind Partnerorientiert und arbeiten falls notwendig mit ihnen zusammen. | D411: Nous sommes orientés partenaires et nous travaillons avec eux lorsque cela est nécessaire | E411: We are focused and work with partners when necessary | F411: Crediamo nel partenariato e se necessario collaboriamo con i nostri partner | G411: contact info@2imanagement.ch
A412: =OFFSET($C412,0,$B$4-1) -> Wir pflegen eine gute Zusammenarbeit mit unseren wichtigsten Partnern | C412: Wir pflegen eine gute Zusammenarbeit mit unseren wichtigsten Partnern | D412: Nous entretenons de bonnes relations de travail avec nos partenaires clés | E412: We enjoy good working relationships with Key Partners | F412: Collaboriamo con piacere con i nostri partner più importanti | G412: contact info@2imanagement.ch
A413: =OFFSET($C413,0,$B$4-1) -> Auswirkung (1 - 10) | C413: Auswirkung (1 - 10) | D413: Impact (1 - 10) | E413: Impact (1 - 10) | F413: Impatto (1 - 10) | G413: contact info@2imanagement.ch
A414: =OFFSET($C414,0,$B$4-1) -> Bemerkungen | C414: Bemerkungen | D414: Remarques | E414: Comments | F414: Osservazioni | G414: contact info@2imanagement.ch
A415: =OFFSET($C415,0,$B$4-1) -> Fragen: | C415: Fragen: | D415: Questions: | E415: Questions: | F415: Domande: | G415: contact info@2imanagement.ch
A416: =OFFSET($C416,0,$B$4-1) -> Auswirkung: | C416: Auswirkung: | D416: Impact: | E416: Impact: | F416: Impatto: | G416: contact info@2imanagement.ch
A417: =OFFSET($C417,0,$B$4-1) -> Total Punkte : | C417: Total Punkte : | D417: Total points : | E417: Total points : | F417: Totale punti: | G417: contact info@2imanagement.ch
A418: =OFFSET($C418,0,$B$4-1) -> von | C418: von | D418: de | E418: from | F418: di | G418: contact info@2imanagement.ch
A419: =OFFSET($C419,0,$B$4-1) -> Zusammenfassung | C419: Zusammenfassung | D419: Résumé | E419: Summary | F419: Riassunto | G419: contact info@2imanagement.ch
...

Sheet Menu Marketing
C1: =' '!A5 -> M A R K E T I N G - M A N A G E M E N T
C33: © iManagement • dr. s.imboden • www.2iManagement.ch | M33: V4.2.5

Sheet Stakeholder
B1: =' '!A53 -> S T A K E H O L D E R - A N A L Y S E
B4: =' '!A67 -> Nr. | C4: =' '!A68 -> Anspruchsgruppe | D4: =' '!A70 -> Stärke der Interessen | E4: =' '!A71 -> Höhe des Einflusses | F4: =' '!A69 -> Interessen, Erwartungen | G4: =' '!A75 -> Grösse der Gruppe | H4: =' '!A72 -> Chancen (+) und Gefahren (-) | I4: =' '!A73 -> Mögliche Massnahmen | J4: =' '!A74 -> Status
B5: s1 | C5: Gruppe 1 | D5: 8.1818182 | E5: 4 | G5: 1 | J5: 1 | K5: =IF(G5=3,3, IF(G5=2,2,1)) -> 1
B6: s2 | C6: Gruppe 2 | D6: 5 | E6: 6 | G6: 2 | J6: 2 | K6: =IF(G6=3,3, IF(G6=2,2,1)) -> 2
B7: s3 | J7: 3 | K7: =IF(G7=3,3, IF(G7=2,2,1)) -> 1
B8: s4 | K8: =IF(G8=3,3, IF(G8=2,2,1)) -> 1
B9: s5 | K9: =IF(G9=3,3, IF(G9=2,2,1)) -> 1
B10: s6 | K10: =IF(G10=3,3, IF(G10=2,2,1)) -> 1
B11: s7 | K11: =IF(G11=3,3, IF(G11=2,2,1)) -> 1
B12: s8 | K12: =IF(G12=3,3, IF(G12=2,2,1)) -> 1
B13: s9 | K13: =IF(G13=3,3, IF(G13=2,2,1)) -> 1
B14: s10 | K14: =IF(G14=3,3, IF(G14=2,2,1)) -> 1
B15: s11 | K15: =IF(G15=3,3, IF(G15=2,2,1)) -> 1
B16: s12 | K16: =IF(G16=3,3, IF(G16=2,2,1)) -> 1
B17: s13 | K17: =IF(G17=3,3, IF(G17=2,2,1)) -> 1
B18: s14 | K18: =IF(G18=3,3, IF(G18=2,2,1)) -> 1
B19: s15 | K19: =IF(G19=3,3, IF(G19=2,2,1)) -> 1
... B24: s20 | K24: =IF(G24=3,3, IF(G24=2,2,1)) -> 1
B25: © iManagement • dr. s.imboden • www.2iManagement.ch
H28: =IF(C5<>"",CONCATENATE(" ",B5," ",C5),"") -> s1 Gruppe 1
H29: =IF(C6<>"",CONCATENATE(" ",B6," ",C6),"") -> s2 Gruppe 2
H30: =IF(C7<>"",CONCATENATE(" ",B7," ",C7),"")
H31: =IF(C8<>"",CONCATENATE(" ",B8," ",C8),"")
H32: =IF(C9<>"",CONCATENATE(" ",B9," ",C9),"")
H33: =IF(C10<>"",CONCATENATE(" ",B10," ",C10),"")
H34: =IF(C11<>"",CONCATENATE(" ",B11," ",C11),"")
H35: =IF(C12<>"",CONCATENATE(" ",B12," ",C12),"")
H36: =IF(C13<>"",CONCATENATE(" ",B13," ",C13),"")
H37: =IF(C14<>"",CONCATENATE(" ",B14," ",C14),"")
H38: =IF(C15<>"",CONCATENATE(" ",B15," ",C15),"")
H39: =IF(C16<>"",CONCATENATE(" ",B16," ",C16),"")
... H47: =IF(C24<>"",CONCATENATE(" ",B24," ",C24),"")
H71: =' '!A660 -> Pfeil kopieren: ctrl und linke Maustaste
H72: =' '!A58 -> häufiger Kontakt
H73: =' '!A59 -> regelmässiger Kontakt
H74: =' '!A60 -> seltener Kontakt
B75: © iManagement • dr. s.imboden • www.2iManagement.ch

Sheet PESTLE
B1: =' '!A81 -> P E S T E L - A N A L Y S E
C5: =' '!A82 -> Politische Einflussfaktoren | D5: =IF(E27<>0,E27,0.1) -> 11
C6: =' '!A90 -> Ökonomische Einflussfaktoren | D6: =IF(E41<>0,E41,0.1) -> 4
C7: =' '!A91 -> Soziologische Einflussfaktoren | D7: =IF(E55<>0,E55,0.1) -> 7
C8: =' '!A92 -> Technologische Einflussfaktoren | D8: =IF(E69<>0,E69,0.1) -> 4
C9: =' '!A93 -> Ökologische Einflussfaktoren | D9: =IF(E83<>0,E83,0.1) -> 1
C10: =' '!A94 -> Rechtliche Einflussfaktoren | D10: =IF(E97<>0,E97,0.1) -> 10
C15: =' '!A82 -> Politische Einflussfaktoren
B16: =' '!A83 -> Nr. | C16: =' '!A84 -> Einflussfaktoren | D16: =' '!A85 -> Auswirkungen | E16: =' '!A86 -> Stärke der Auswirkung | F16: =' '!A87 -> Trend | G16: =' '!A88 -> Mögliche Massnahmen | H16: =' '!A89 -> Status | I16: =COUNTIF(H16:H26,1) -> 1
B17: 1 | E17: 3 | F17: 2 | H17: 1 | I17: =COUNTIF(H17:H26,2) -> 0
B18: =$B17+1 -> 2 | E18: 4 | I18: =COUNTIF(H18:H27,3) -> 0
B19: =$B18+1 -> 3 | E19: 4
B20: =$B19+1 -> 4
B21: =$B20+1 -> 5
B22: =$B21+1 -> 6
B23: =$B22+1 -> 7
B24: =$B23+1 -> 8
B25: =$B24+1 -> 9
B26: =$B25+1 -> 10
D27: =' '!$A$118 -> Summe | E27: =SUM(E17:E26) -> 11
C29: =' '!A90 -> Ökonomische Einflussfaktoren
B30: =B16 -> Nr. | C30: =C16 -> Einflussfaktoren | D30: =D16 -> Auswirkungen | E30: =E16 -> Stärke der Auswirkung | F30: =F16 -> Trend | G30: =G16 -> Mögliche Massnahmen | H30: =H16 -> Status | I30: =COUNTIF(H30:H40,1) -> 0
B31: 1 | E31: 4 | F31: 1 | H31: 3 | I31: =COUNTIF(H30:H40,2) -> 1
B32: =$B31+1 -> 2 | H32: 2 | I32: =COUNTIF(H30:H41,3) -> 1
B33: =$B32+1 -> 3
B34: =$B33+1 -> 4
B35: =$B34+1 -> 5
B36: =$B35+1 -> 6
B37: =$B36+1 -> 7
B38: =$B37+1 -> 8
B39: =$B38+1 -> 9
B40: =$B39+1 -> 10
D41: =' '!$A$118 -> Summe | E41: =SUM(E31:E40) -> 4
C43: =' '!A91 -> Soziologische Einflussfaktoren
B44: =B16 -> Nr. | C44: =C16 -> Einflussfaktoren | D44: =D16 -> Auswirkungen | E44: =E16 -> Stärke der Auswirkung | F44: =F16 -> Trend | G44: =G16 -> Mögliche Massnahmen | H44: =H16 -> Status | I44: =COUNTIF(H44:H54,1) -> 1
B45: 1 | E45: 3 | F45: 1 | H45: 1 | I45: =COUNTIF(H44:H54,2) -> 0
B46: =$B45+1 -> 2 | E46: 4 | I46: =COUNTIF(H44:H55,3) -> 0
B47: =$B46+1 -> 3
B48: =$B47+1 -> 4
B49: =$B48+1 -> 5
B50: =$B49+1 -> 6
B51: =$B50+1 -> 7
B52: =$B51+1 -> 8
B53: =$B52+1 -> 9
B54: =$B53+1 -> 10
D55: =' '!$A$118 -> Summe | E55: =SUM(E45:E54) -> 7
C57: =' '!A92 -> Technologische Einflussfaktoren
B58: =B16 -> Nr. | C58: =C16 -> Einflussfaktoren | D58: =D16 -> Auswirkungen | E58: =E16 -> Stärke der Auswirkung | F58: =F16 -> Trend | G58: =G16 -> Mögliche Massnahmen | H58: =H16 -> Status | I58: =COUNTIF(H58:H68,1) -> 1
B59: 1 | E59: 4 | F59: 1 | H59: 1 | I59: =COUNTIF(H58:H68,2) -> 0
B60: =$B59+1 -> 2 | I60: =COUNTIF(H58:H69,3) -> 0
B61: =$B60+1 -> 3
B62: =$B61+1 -> 4
B63: =$B62+1 -> 5
B64: =$B63+1 -> 6
B65: =$B64+1 -> 7
B66: =$B65+1 -> 8
B67: =$B66+1 -> 9
B68: =$B67+1 -> 10
D69: =' '!$A$118 -> Summe | E69: =SUM(E59:E68) -> 4
C71: =' '!A93 -> Ökologische Einflussfaktoren
B72: =B16 -> Nr. | C72: =C16 -> Einflussfaktoren | D72: =D16 -> Auswirkungen | E72: =E16 -> Stärke der Auswirkung | F72: =F16 -> Trend | G72: =G16 -> Mögliche Massnahmen | H72: =H16 -> Status | I72: =COUNTIF(H72:H82,1) -> 2
B73: 1 | E73: 1 | F73: 1 | H73: 1 | I73: =COUNTIF(H72:H82,2) -> 0
B74: =$B73+1 -> 2 | H74: 1 | I74: =COUNTIF(H72:H83,3) -> 0
B75: =$B74+1 -> 3
B76: =$B75+1 -> 4
B77: =$B76+1 -> 5
B78: =$B77+1 -> 6
B79: =$B78+1 -> 7
B80: =$B79+1 -> 8
B81: =$B80+1 -> 9
B82: =$B81+1 -> 10
D83: =' '!$A$118 -> Summe | E83: =SUM(E73:E82) -> 1
C85: =' '!A94 -> Rechtliche Einflussfaktoren
B86: =B16 -> Nr. | C86: =C16 -> Einflussfaktoren | D86: =D16 -> Auswirkungen | E86: =E16 -> Stärke der Auswirkung | F86: =F16 -> Trend | G86: =G16 -> Mögliche Massnahmen | H86: =H16 -> Status | I86: =COUNTIF(H86:H96,1) -> 0
B87: 1 | E87: 4 | F87: 1 | H87: 9 | I87: =COUNTIF(H86:H96,2) -> 0
B88: =$B87+1 -> 2 | E88: 3 | I88: =COUNTIF(H86:H98,3) -> 0
B89: =$B88+1 -> 3 | E89: 3
B90: =$B89+1 -> 4
B91: =$B90+1 -> 5
B92: =$B91+1 -> 6
B93: =$B92+1 -> 7
B94: =$B93+1 -> 8
B95: =$B94+1 -> 9
B96: =$B95+1 -> 10
B97: © iManagement • www.2iManagement.ch | D97: =' '!$A$118 -> Summe | E97: =SUM(E87:E96) -> 10
C118: Summe | D118: Somme | E118: Sum | F118: Somma

Sheet Branchenstruktur
B1: =' '!A99 -> 5 - K R Ä F T E - M O D E L L (P O R T E R)
F5: =' '!A100 -> Bedrohung neue Mitbewerber | G5: =IF(E34<>0,E34,0.1) -> 10
F6: =' '!A103 -> Bedrohung durch Ersatzprodukte | G6: =IF(E49<>0,E49,0.1) -> 5
F7: =' '!A101 -> Verhandlungs-stärke Lieferanten | G7: =IF(E64<>0,E64,0.1) -> 2
F8: =' '!A102 -> Verhandlungs-stärke Kunden | G8: =IF(E79<>0,E79,0.1) -> 5
F9: =' '!A104 -> Mitbewerber/ Rivalität | G9: =IF(E94<>0,E94,0.1) -> 11
C22: =' '!A105 -> Bedrohung durch neue Mitbewerber
B23: =' '!A110 -> Nr. | C23: =' '!A111 -> Bezeichnung | D23: =' '!A112 -> Auswirkungen | E23: =' '!A113 -> Gefahren-grad | F23: =' '!A115 -> Trend | G23: =' '!A116 -> Mögliche Massnahmen | H23: =' '!A117 -> Status | I23: =COUNTIF(H23:H33,1) -> 1
B24: 1 | C24: Concurrent 1 | E24: 4 | F24: 2 | H24: 1 | I24: =COUNTIF(H24:H33,2) -> 2
B25: =$B24+1 -> 2 | E25: 4 | F25: 3 | H25: 2 | I25: =COUNTIF(H24:H34,3) -> 0
B26: =$B25+1 -> 3 | E26: 2 | F26: 3 | H26: 2
B27: =$B26+1 -> 4
B28: =$B27+1 -> 5
B29: =$B28+1 -> 6
B30: =$B29+1 -> 7
B31: =$B30+1 -> 8
B32: =$B31+1 -> 9
B33: =$B32+1 -> 10
D34: =' '!$A$118 -> Summe | E34: =SUM(E24:E33) -> 10
C37: =' '!A107 -> Bedrohung durch Ersatzprodukte
B38: =B23 -> Nr. | C38: =C23 -> Bezeichnung | D38: =D23 -> Auswirkungen | E38: Gefahren- grad | F38: =F23 -> Trend | G38: =G23 -> Mögliche Massnahmen | H38: =H23 -> Status | I38: =COUNTIF(H38:H48,1) -> 1
B39: 1 | E39: 2 | F39: 3 | H39: 1 | I39: =COUNTIF(H38:H48,2) -> 1
B40: =$B39+1 -> 2 | E40: 3 | F40: 3 | H40: 2 | I40: =COUNTIF(H38:H50,3) -> 0
B41: =$B40+1 -> 3
B42: =$B41+1 -> 4
B43: =$B42+1 -> 5
B44: =$B43+1 -> 6
B45: =$B44+1 -> 7
B46: =$B45+1 -> 8
B47: =$B46+1 -> 9
B48: =$B47+1 -> 10
D49: =' '!$A$118 -> Summe | E49: =SUM(E39:E48) -> 5
C52: =' '!A106 -> Verhandlungsstärke der Lieferanten
B53: =B23 -> Nr. | C53: =C23 -> Bezeichnung | D53: =D23 -> Auswirkungen | E53: =E23 -> Gefahren-grad | F53: =F23 -> Trend | G53: =G23 -> Mögliche Massnahmen | H53: =H23 -> Status | I53: =COUNTIF(H53:H63,1) -> 0
B54: 1 | C54: Marché du travail (recrutement des prof.) | D54: Pas assez de personnes qualifiés | E54: 2 | F54: 2 | G54: Augmenter l'attractivité en tant qu'employeur | H54: 2 | I54: =COUNTIF(H53:H63,2) -> 1
B55: =$B54+1 -> 2 | I55: =COUNTIF(H53:H64,3) -> 0
B56: =$B55+1 -> 3
B57: =$B56+1 -> 4
B58: =$B57+1 -> 5
B59: =$B58+1 -> 6
B60: =$B59+1 -> 7
B61: =$B60+1 -> 8
B62: =$B61+1 -> 9
B63: =$B62+1 -> 10
D64: =' '!$A$118 -> Summe | E64: =SUM(E54:E63) -> 2
C67: =' '!A108 -> Verhandlungsstärke der Kunden
B68: =B23 -> Nr. | C68: =C23 -> Bezeichnung | D68: =D23 -> Auswirkungen | E68: =E23 -> Gefahren-grad | F68: =F23 -> Trend | G68: =G23 -> Mögliche Massnahmen | H68: =H23 -> Status | I68: =COUNTIF(H68:H78,1) -> 0
B69: 1 | E69: 3 | F69: 2 | H69: 2 | I69: =COUNTIF(H68:H78,2) -> 1
B70: =$B69+1 -> 2 | E70: 2 | I70: =COUNTIF(H68:H79,3) -> 0
B71: =$B70+1 -> 3
B72: =$B71+1 -> 4
B73: =$B72+1 -> 5
B74: =$B73+1 -> 6
B75: =$B74+1 -> 7
B76: =$B75+1 -> 8
B77: =$B76+1 -> 9
B78: =$B77+1 -> 10
D79: =' '!$A$118 -> Summe | E79: =SUM(E69:E78) -> 5
C82: =' '!A109 -> Mitbewerber/Rivalität
B83: =B23 -> Nr. | C83: =C23 -> Bezeichnung | D83: =D23 -> Auswirkungen | E83: =E23 -> Gefahren-grad | F83: =F23 -> Trend | G83: =G23 -> Mögliche Massnahmen | H83: =H23 -> Status | I83: =COUNTIF(H83:H93,1) -> 0
B84: 1 | E84: 3 | F84: 3 | H84: 3 | I84: =COUNTIF(H83:H93,2) -> 0
B85: =$B84+1 -> 2 | E85: 4 | I85: =COUNTIF(H83:H94,3) -> 1
B86: =$B85+1 -> 3 | E86: 4
B87: =$B86+1 -> 4
B88: =$B87+1 -> 5
B89: =$B88+1 -> 6
B90: =$B89+1 -> 7
B91: =$B90+1 -> 8
B92: =$B91+1 -> 9
B93: =$B92+1 -> 10
B94: © iManagement • www.2iManagement.ch | D94: =' '!$A$118 -> Summe | E94: =SUM(E84:E93) -> 11

Sheet Marke
B1: =' '!A669 -> M A R K E
B2: =' '!A670 -> Identitätsprisma (Kapferer)
B30: © iManagement • dr. s.imboden • www.2iManagement.ch

Sheet Kernaktivitäten
B1: =' '!A276 -> K E R N A K T I V I T Ä T E N
B11: =' '!A305 -> Führungsprozesse
B12: =' '!A156 -> Nr. | C12: =' '!A277 -> Kernprozesse | D12: =' '!A358 -> in % | E12: =' '!A160 -> Hauptstärken | F12: =' '!A161 -> Hauptschwächen | G12: =' '!A163 -> Mehrwert für Kunden | H12: =' '!A165 -> Mögliche Massnahmen | I12: =' '!A166 -> Status
B13: 1 | G13: 3 | I13: 1
B14: 2 | G14: 0
B15: 3
B16: 4
B17: 5
B18: 4
B19: 5
B20: 6
B21: 7
B22: 8
B23: 9
B24: 10
C25: TOTAL | D25: =SUM(D13:D24) -> 0
B30: =' '!A306 -> Kernprozesse
B31: =B12 -> Nr. | C31: =C12 -> Kernprozesse | D31: =D12 -> in % | E31: =E12 -> Hauptstärken | F31: =F12 -> Hauptschwächen | G31: =G12 -> Mehrwert für Kunden | H31: =H12 -> Mögliche Massnahmen | I31: =I12 -> Status
B32: 1 | G32: 0
B33: 2
B34: 3
B35: 4
B36: 5
B37: 6
B38: 7
B39: 8
B40: 9
B41: 10
B42: 11
B43: 12
C44: TOTAL | D44: =SUM(D40:D43) -> 0
B49: =' '!A307 -> Unterstützungsprozesse
B50: =B31 -> Nr. | C50: =C31 -> Kernprozesse | D50: =D31 -> in % | E50: =E31 -> Hauptstärken | F50: =F31 -> Hauptschwächen | G50: =G31 -> Mehrwert für Kunden | H50: =H31 -> Mögliche Massnahmen | I50: =I31 -> Status
B51: 1 | G51: 2
B52: 2 | G52: 0
B53: 3
B54: 4
B55: 5
B56: 4
B57: 5
B58: 6
B59: 7
B60: 8
B61: 9
B62: 10
C63: TOTAL | D63: =SUM(D51:D62) -> 0
B64: © iManagement • dr. s.imboden • www.2iManagement.ch

Sheet Kernkompetenzen
B1: =' '!A150 -> R E S S O U R C E N & K E R N K O M P E T E N Z E N
E4: =' '!A155 -> Strategische Wichtigkeit
B5: =' '!A156 -> Nr. | C5: =' '!A157 -> Kernressourcen | D5: =' '!A152 -> Kernkompetenzen | E5: =' '!A163 -> Mehrwert für Kunden | F5: =' '!A164 -> substituierbar | G5: =' '!A158 -> Hauptchancen | H5: =' '!A159 -> Hauptgefahren | I5: =' '!A165 -> Mögliche Massnahmen | J5: =' '!A166 -> Status
B6: R1 | C6: Ressource 1 | E6: 4 | F6: 2 | J6: 1
B7: R2 | C7: Ressource 2 | E7: 1 | F7: 4 | J7: 3
B8: R3
B9: R4
B10: R5
B11: R6
B12: R7
B13: R8
B14: R9
B15: R10
B16: R11
B17: R12
H33: =CONCATENATE(" ",B18," ",C18)
H34: =IF(C6<>"",CONCATENATE(" ",B6," ",C6),"") -> R1 Ressource 1
H35: =IF(C7<>"",CONCATENATE(" ",B7," ",C7),"") -> R2 Ressource 2
H36: =IF(C8<>"",CONCATENATE(" ",B8," ",C8),"")
H37: =IF(C9<>"",CONCATENATE(" ",B9," ",C9),"")
H38: =IF(C10<>"",CONCATENATE(" ",B10," ",C10),"")
H39: =IF(C11<>"",CONCATENATE(" ",B11," ",C11),"")
H40: =IF(C12<>"",CONCATENATE(" ",B12," ",C12),"")
H41: =IF(C13<>"",CONCATENATE(" ",B13," ",C13),"")
H42: =IF(C14<>"",CONCATENATE(" ",B14," ",C14),"")
H43: =IF(C15<>"",CONCATENATE(" ",B15," ",C15),"")
H44: =IF(C16<>"",CONCATENATE(" ",B16," ",C16),"")
H45: =IF(C17<>"",CONCATENATE(" ",B17," ",C17),"")
B51: © iManagement • dr. s.imboden • www.2iManagement.ch

Sheet Potenzial
B1: =' '!A172 -> P O T E N Z I A L A N A L Y S E
B3: x!A236 | D3: =' '!A173 -> Vorteil | F3: =' '!A175 -> Konkurrenz | H3: =' '!A174 -> Nachteil
C5: =' '!A176 -> Nr. | D5: =' '!A177 -> Schlüsselfaktor | H5: =' '!A178 -> Bemerkungen
B6: =' '!A209 -> Absatz | C6: 1 | D6: =' '!A179 -> Produkt, Sortiment | E6: 1
C7: 2 | D7: =' '!A180 -> Preise, Konditionen | E7: 0
C8: 3 | D8: =' '!A181 -> Marktanteil, Marktwachstum, Marktstruktur | E8: -2
C9: 4 | D9: =' '!A182 -> Markenname, Markenimage | E9: -1
C10: 5 | D10: =' '!A183 -> Vertriebsorganisation | E10: 0
C11: 6 | D11: =' '!A184 -> Kundendienst | E11: 0
C12: 7 | D12: =' '!A185 -> Lieferzeiten, Termintreue, Zuverlässigkeit | E12: 0
B13: =' '!A210 -> Produktion | C13: 8 | D13: =' '!A186 -> Qualität | E13: 1
C14: 9 | D14: =' '!A187 -> Kostenniveau | E14: 0
C15: 10 | D15: =' '!A188 -> Modernität der Anlagen | E15: 2
C16: 11 | D16: =' '!A189 -> Produktivität | E16: 1
C17: 12 | D17: =' '!A190 -> Umweltbelastung, Energieverbrauch | E17: 1
C18: 13 | D18: =' '!A191 -> Standort, Logistik | E18: -1
B19: =' '!A211 -> Beschaffung | C19: 14 | D19: =' '!A192 -> Versorgungsengpässe | E19: 0
C20: 15 | D20: =' '!A193 -> Preisabhängigkeit | E20: 0
C21: 16 | D21: =' '!A194 -> Wechselkursabhängigkeit | E21: 0
C22: 17 | D22: =' '!A195 -> Zulieferqualität | E22: 0
B23: =' '!A212 -> F&E | C23: 18 | D23: =' '!A196 -> Innovation, Patente | E23: 0
C24: 19 | D24: =' '!A197 -> Know-how | E24: 1
C25: 20 | D25: =' '!A198 -> Ausstattung | E25: 2
B26: =' '!A213 -> Personal | C26: 21 | D26: =' '!A199 -> Motivation und Engagement der MA | E26: 2
C27: 22 | D27: =' '!A200 -> Führungsinstrumente, Management | E27: -2
C28: 23 | D28: =' '!A201 -> Schlanke, flexible Organisation | E28: 0
C29: 24 | D29: =' '!A202 -> Ausbildung, Qualifikation der MA | E29: 0
C30: 25 | D30: =' '!A203 -> Altersstruktur | E30: 1
C31: 26 | D31: =' '!A204 -> Fluktuationsrate, Krankenstand | E31: 1
B32: =' '!A214 -> Verwaltung | C32: 27 | D32: =' '!A205 -> Finanzkraft, Liquidität | E32: 1
C33: 28 | D33: =' '!A206 -> Standort, Raumreserven | E33: 1
C34: 29 | D34: =' '!A207 -> Controlling | E34: 0
C35: 30 | D35: =' '!A208 -> Entscheidungswege | E35: 0
B36: © iManagement • dr. s.imboden • www.2iManagement.ch

Sheet Swot-Analyse
B1: =' '!A266 -> S W O T - A N A L Y S E
C5: =' '!A272 -> Stärken | E5: 5 | F5: 4 | G5: 3 | H5: 2 | I5: 1 | J5: -1 | K5: -2 | L5: -3 | M5: -4 | N5: -5 | P5: =' '!A273 -> Schwächen
B7: s1 | C7: Strength 1 | D7: 5 | E7: =IF(D7=5,"❺","") -> ❺ | F7: =IF(D7=4,"❹","") | G7: =IF(D7=3,"❸","") | H7: =IF(D7=2,"❷","") | I7: =IF(D7=1,"❶","") | J7: =IF(Q7=-1,"❶","") | K7: =IF(Q7=-2,"❷","") | L7: =IF(Q7=-3,"❸","") | M7: =IF(Q7=-4,"❹","") | N7: =IF(Q7=-5,"❺","") -> ❺ | O7: w1 | P7: Faiblesse 1 | Q7: -5
B8: s2 | D8: 3 | E8: =IF(D8=5,"❺","") | F8: =IF(D8=4,"❹","") | G8: =IF(D8=3,"❸","") -> ❸ | H8: =IF(D8=2,"❷","") | I8: =IF(D8=1,"❶","") | J8: =IF(Q8=-1,"❶","") | K8: =IF(Q8=-2,"❷","") | L8: =IF(Q8=-3,"❸","") | M8: =IF(Q8=-4,"❹","") -> ❹ | N8: =IF(Q8=-5,"❺","") | O8: w2 | Q8: -4
B9: s3 | E9: =IF(D9=5,"❺","") | F9: =IF(D9=4,"❹","") | G9: =IF(D9=3,"❸","") | H9: =IF(D9=2,"❷","") | I9: =IF(D9=1,"❶","") | J9: =IF(Q9=-1,"❶","") | K9: =IF(Q9=-2,"❷","") -> ❷ | L9: =IF(Q9=-3,"❸","") | M9: =IF(Q9=-4,"❹","") | N9: =IF(Q9=-5,"❺","") | O9: w3 | Q9: -2
B10: s4 | E10: =IF(D10=5,"❺","") | F10: =IF(D10=4,"❹","") | G10: =IF(D10=3,"❸","") | H10: =IF(D10=2,"❷","") | I10: =IF(D10=1,"❶","") | J10: =IF(Q10=-1,"❶","") | K10: =IF(Q10=-2,"❷","") | L10: =IF(Q10=-3,"❸","") | M10: =IF(Q10=-4,"❹","") | N10: =IF(Q10=-5,"❺","") | O10: w4
B11: s5 | E11: =IF(D11=5,"❺","") | F11: =IF(D11=4,"❹","") | G11: =IF(D11=3,"❸","") | H11: =IF(D11=2,"❷","") | I11: =IF(D11=1,"❶","") | J11: =IF(Q11=-1,"❶","") | K11: =IF(Q11=-2,"❷","") | L11: =IF(Q11=-3,"❸","") | M11: =IF(Q11=-4,"❹","") | N11: =IF(Q11=-5,"❺","") | O11: w5
B12: s6 | E12: =IF(D12=5,"❺","") | F12: =IF(D12=4,"❹","") | G12: =IF(D12=3,"❸","") | H12: =IF(D12=2,"❷","") | I12: =IF(D12=1,"❶","") | J12: =IF(Q12=-1,"❶","") | K12: =IF(Q12=-2,"❷","") | L12: =IF(Q12=-3,"❸","") | M12: =IF(Q12=-4,"❹","") | N12: =IF(Q12=-5,"❺","") | O12: w6
B13: s7 | E13: =IF(D13=5,"❺","") | F13: =IF(D13=4,"❹","") | G13: =IF(D13=3,"❸","") | H13: =IF(D13=2,"❷","") | I13: =IF(D13=1,"❶","") | J13: =IF(Q13=-1,"❶","") | K13: =IF(Q13=-2,"❷","") | L13: =IF(Q13=-3,"❸","") | M13: =IF(Q13=-4,"❹","") | N13: =IF(Q13=-5,"❺","") | O13: w7
B14: s8 | E14: =IF(D14=5,"❺","") | F14: =IF(D14=4,"❹","") | G14: =IF(D14=3,"❸","") | H14: =IF(D14=2,"❷","") | I14: =IF(D14=1,"❶","") | J14: =IF(Q14=-1,"❶","") | K14: =IF(Q14=-2,"❷","") | L14: =IF(Q14=-3,"❸","") | M14: =IF(Q14=-4,"❹","") | N14: =IF(Q14=-5,"❺","") | O14: w8
B15: s9 | E15: =IF(D15=5,"❺","") | F15: =IF(D15=4,"❹","") | G15: =IF(D15=3,"❸","") | H15: =IF(D15=2,"❷","") | I15: =IF(D15=1,"❶","") | J15: =IF(Q15=-1,"❶","") | K15: =IF(Q15=-2,"❷","") | L15: =IF(Q15=-3,"❸","") | M15: =IF(Q15=-4,"❹","") | N15: =IF(Q15=-5,"❺","") | O15: w9
B16: s10 | E16: =IF(D16=5,"❺","") | F16: =IF(D16=4,"❹","") | G16: =IF(D16=3,"❸","") | H16: =IF(D16=2,"❷","") | I16: =IF(D16=1,"❶","") | J16: =IF(Q16=-1,"❶","") | K16: =IF(Q16=-2,"❷","") | L16: =IF(Q16=-3,"❸","") | M16: =IF(Q16=-4,"❹","") | N16: =IF(Q16=-5,"❺","") | O16: w10
B17: s11 | E17: =IF(D17=5,"❺","") | F17: =IF(D17=4,"❹","") | G17: =IF(D17=3,"❸","") | H17: =IF(D17=2,"❷","") | I17: =IF(D17=1,"❶","") | J17: =IF(Q17=-1,"❶","") | K17: =IF(Q17=-2,"❷","") | L17: =IF(Q17=-3,"❸","") | M17: =IF(Q17=-4,"❹","") | N17: =IF(Q17=-5,"❺","") | O17: w11
B18: s12 | E18: =IF(D18=5,"❺","") | F18: =IF(D18=4,"❹","") | G18: =IF(D18=3,"❸","") | H18: =IF(D18=2,"❷","") | I18: =IF(D18=1,"❶","") | J18: =IF(Q18=-1,"❶","") | K18: =IF(Q18=-2,"❷","") | L18: =IF(Q18=-3,"❸","") | M18: =IF(Q18=-4,"❹","") | N18: =IF(Q18=-5,"❺","") | O18: w12
B19: s13 | E19: =IF(D19=5,"❺","") | F19: =IF(D19=4,"❹","") | G19: =IF(D19=3,"❸","") | H19: =IF(D19=2,"❷","") | I19: =IF(D19=1,"❶","") | J19: =IF(Q19=-1,"❶","") | K19: =IF(Q19=-2,"❷","") | L19: =IF(Q19=-3,"❸","") | M19: =IF(Q19=-4,"❹","") | N19: =IF(Q19=-5,"❺","") | O19: w13
B20: s14 | E20: =IF(D20=5,"❺","") | F20: =IF(D20=4,"❹","") | G20: =IF(D20=3,"❸","") | H20: =IF(D20=2,"❷","") | I20: =IF(D20=1,"❶","") | J20: =IF(Q20=-1,"❶","") | K20: =IF(Q20=-2,"❷","") | L20: =IF(Q20=-3,"❸","") | M20: =IF(Q20=-4,"❹","") | N20: =IF(Q20=-5,"❺","") | O20: w14
B21: s15 | E21: =IF(D21=5,"❺","") | F21: =IF(D21=4,"❹","") | G21: =IF(D21=3,"❸","") | H21: =IF(D21=2,"❷","") | I21: =IF(D21=1,"❶","") | J21: =IF(Q21=-1,"❶","") | K21: =IF(Q21=-2,"❷","") | L21: =IF(Q21=-3,"❸","") | M21: =IF(Q21=-4,"❹","") | N21: =IF(Q21=-5,"❺","") | O21: w15
... B26: s20 | E26: =IF(D26=5,"❺","") | F26: =IF(D26=4,"❹","") | G26: =IF(D26=3,"❸","") | H26: =IF(D26=2,"❷","") | I26: =IF(D26=1,"❶","") | J26: =IF(Q26=-1,"❶","") | K26: =IF(Q26=-2,"❷","") | L26: =IF(Q26=-3,"❸","") | M26: =IF(Q26=-4,"❹","") | N26: =IF(Q26=-5,"❺","") | O26: w20
C27: =' '!A274 -> Chancen | E27: 5 | F27: 4 | G27: 3 | H27: 2 | I27: 1 | J27: -1 | K27: -2 | L27: -3 | M27: -4 | N27: -5 | P27: =' '!A275 -> Gefahren
B28: o1 | C28: Opportunité 1 | D28: 5 | E28: =IF(D28=5,"❺","") -> ❺ | F28: =IF(D28=4,"❹","") | G28: =IF(D28=3,"❸","") | H28: =IF(D28=2,"❷","") | I28: =IF(D28=1,"❶","") | J28: =IF(Q28=-1,"❶","") | K28: =IF(Q28=-2,"❷","") -> ❷ | L28: =IF(Q28=-3,"❸","") | M28: =IF(Q28=-4,"❹","") | N28: =IF(Q28=-5,"❺","") | O28: t1 | P28: Danger 1 | Q28: -2
B29: o2 | D29: 3 | E29: =IF(D29=5,"❺","") | F29: =IF(D29=4,"❹","") | G29: =IF(D29=3,"❸","") -> ❸ | H29: =IF(D29=2,"❷","") | I29: =IF(D29=1,"❶","") | J29: =IF(Q29=-1,"❶","") | K29: =IF(Q29=-2,"❷","") -> ❷ | L29: =IF(Q29=-3,"❸","") | M29: =IF(Q29=-4,"❹","") | N29: =IF(Q29=-5,"❺","") | O29: t2 | Q29: -2
B30: o3 | D30: 4 | E30: =IF(D30=5,"❺","") | F30: =IF(D30=4,"❹","") -> ❹ | G30: =IF(D30=3,"❸","") | H30: =IF(D30=2,"❷","") | I30: =IF(D30=1,"❶","") | J30: =IF(Q30=-1,"❶","") | K30: =IF(Q30=-2,"❷","") | L30: =IF(Q30=-3,"❸","") | M30: =IF(Q30=-4,"❹","") | N30: =IF(Q30=-5,"❺","") | O30: t3
B31: o4 | E31: =IF(D31=5,"❺","") | F31: =IF(D31=4,"❹","") | G31: =IF(D31=3,"❸","") | H31: =IF(D31=2,"❷","") | I31: =IF(D31=1,"❶","") | J31: =IF(Q31=-1,"❶","") | K31: =IF(Q31=-2,"❷","") | L31: =IF(Q31=-3,"❸","") | M31: =IF(Q31=-4,"❹","") | N31: =IF(Q31=-5,"❺","") | O31: t4
B32: o5 | E32: =IF(D32=5,"❺","") | F32: =IF(D32=4,"❹","") | G32: =IF(D32=3,"❸","") | H32: =IF(D32=2,"❷","") | I32: =IF(D32=1,"❶","") | J32: =IF(Q32=-1,"❶","") | K32: =IF(Q32=-2,"❷","") | L32: =IF(Q32=-3,"❸","") | M32: =IF(Q32=-4,"❹","") | N32: =IF(Q32=-5,"❺","") | O32: t5
B33: o6 | E33: =IF(D33=5,"❺","") | F33: =IF(D33=4,"❹","") | G33: =IF(D33=3,"❸","") | H33: =IF(D33=2,"❷","") | I33: =IF(D33=1,"❶","") | J33: =IF(Q33=-1,"❶","") | K33: =IF(Q33=-2,"❷","") | L33: =IF(Q33=-3,"❸","") | M33: =IF(Q33=-4,"❹","") | N33: =IF(Q33=-5,"❺","") | O33: t6
B34: o7 | E34: =IF(D34=5,"❺","") | F34: =IF(D34=4,"❹","") | G34: =IF(D34=3,"❸","") | H34: =IF(D34=2,"❷","") | I34: =IF(D34=1,"❶","") | J34: =IF(Q34=-1,"❶","") | K34: =IF(Q34=-2,"❷","") | L34: =IF(Q34=-3,"❸","") | M34: =IF(Q34=-4,"❹","") | N34: =IF(Q34=-5,"❺","") | O34: t7
B35: o8 | E35: =IF(D35=5,"❺","") | F35: =IF(D35=4,"❹","") | G35: =IF(D35=3,"❸","") | H35: =IF(D35=2,"❷","") | I35: =IF(D35=1,"❶","") | J35: =IF(Q35=-1,"❶","") | K35: =IF(Q35=-2,"❷","") | L35: =IF(Q35=-3,"❸","") | M35: =IF(Q35=-4,"❹","") | N35: =IF(Q35=-5,"❺","") | O35: t8
B36: o9 | E36: =IF(D36=5,"❺","") | F36: =IF(D36=4,"❹","") | G36: =IF(D36=3,"❸","") | H36: =IF(D36=2,"❷","") | I36: =IF(D36=1,"❶","") | J36: =IF(Q36=-1,"❶","") | K36: =IF(Q36=-2,"❷","") | L36: =IF(Q36=-3,"❸","") | M36: =IF(Q36=-4,"❹","") | N36: =IF(Q36=-5,"❺","") | O36: t9
B37: o10 | E37: =IF(D37=5,"❺","") | F37: =IF(D37=4,"❹","") | G37: =IF(D37=3,"❸","") | H37: =IF(D37=2,"❷","") | I37: =IF(D37=1,"❶","") | J37: =IF(Q37=-1,"❶","") | K37: =IF(Q37=-2,"❷","") | L37: =IF(Q37=-3,"❸","") | M37: =IF(Q37=-4,"❹","") | N37: =IF(Q37=-5,"❺","") | O37: t10
B38: o11 | E38: =IF(D38=5,"❺","") | F38: =IF(D38=4,"❹","") | G38: =IF(D38=3,"❸","") | H38: =IF(D38=2,"❷","") | I38: =IF(D38=1,"❶","") | J38: =IF(Q38=-1,"❶","") | K38: =IF(Q38=-2,"❷","") | L38: =IF(Q38=-3,"❸","") | M38: =IF(Q38=-4,"❹","") | N38: =IF(Q38=-5,"❺","") | O38: t11
B39: o12 | E39: =IF(D39=5,"❺","") | F39: =IF(D39=4,"❹","") | G39: =IF(D39=3,"❸","") | H39: =IF(D39=2,"❷","") | I39: =IF(D39=1,"❶","") | J39: =IF(Q39=-1,"❶","") | K39: =IF(Q39=-2,"❷","") | L39: =IF(Q39=-3,"❸","") | M39: =IF(Q39=-4,"❹","") | N39: =IF(Q39=-5,"❺","") | O39: t12
B40: o13 | E40: =IF(D40=5,"❺","") | F40: =IF(D40=4,"❹","") | G40: =IF(D40=3,"❸","") | H40: =IF(D40=2,"❷","") | I40: =IF(D40=1,"❶","") | J40: =IF(Q40=-1,"❶","") | K40: =IF(Q40=-2,"❷","") | L40: =IF(Q40=-3,"❸","") | M40: =IF(Q40=-4,"❹","") | N40: =IF(Q40=-5,"❺","") | O40: t13
B41: o14 | E41: =IF(D41=5,"❺","") | F41: =IF(D41=4,"❹","") | G41: =IF(D41=3,"❸","") | H41: =IF(D41=2,"❷","") | I41: =IF(D41=1,"❶","") | J41: =IF(Q41=-1,"❶","") | K41: =IF(Q41=-2,"❷","") | L41: =IF(Q41=-3,"❸","") | M41: =IF(Q41=-4,"❹","") | N41: =IF(Q41=-5,"❺","") | O41: t14
B42: o15 | E42: =IF(D42=5,"❺","") | F42: =IF(D42=4,"❹","") | G42: =IF(D42=3,"❸","") | H42: =IF(D42=2,"❷","") | I42: =IF(D42=1,"❶","") | J42: =IF(Q42=-1,"❶","") | K42: =IF(Q42=-2,"❷","") | L42: =IF(Q42=-3,"❸","") | M42: =IF(Q42=-4,"❹","") | N42: =IF(Q42=-5,"❺","") | O42: t15
... B47: o20 | E47: =IF(D47=5,"❺","") | F47: =IF(D47=4,"❹","") | G47: =IF(D47=3,"❸","") | H47: =IF(D47=2,"❷","") | I47: =IF(D47=1,"❶","") | J47: =IF(Q47=-1,"❶","") | K47: =IF(Q47=-2,"❷","") | L47: =IF(Q47=-3,"❸","") | M47: =IF(Q47=-4,"❹","") | N47: =IF(Q47=-5,"❺","") | O47: t20
B48: © iManagement • dr. s.imboden • www.2iManagement.ch

Sheet Forces
B1: =' '!A360 -> S T Ä R K E N & S C H W Ä C H E N
E3: =(P10+P15+P24+P29+P33+P41+P46+P50+P55) -> 195 | H3: =' '!A365 -> trifft überhaupt nicht zu | J3: =' '!A364 -> trifft eher nicht zu | L3: =' '!A363 -> trifft teilweise zu | N3: =' '!A362 -> trifft eher zu | P3: =' '!A361 -> trifft voll zu | S3: =' '!A413 -> Auswirkung (1 - 10)
E4: =(N10+N15+N24+N29+N33+N41+N50+N55) -> 80
U6: =CONCATENATE(' '!A417," ",E4," / ",E3) -> Total Punkte : 80 / 195
H7: =(COUNTIF(B118:B164,1)/39) -> 0.051282051 | J7: =(COUNTIF(B118:B164,2)/39) -> 0.20512821 | L7: =(COUNTIF(B118:B164,3)/39) -> 0.23076923 | N7: =(COUNTIF(B118:B164,4)/39) -> 0.15384615 | P7: =(COUNTIF(B118:B164,5)/39) -> 0.076923077
B10: 1 | D10: CUSTOMER RELATIONSHIP | G10: =SUM(B118:B121) -> 13 | N10: =SUM(B118:B121) -> 13 | O10: / | P10: 20
B11: 1.1 | D11: =' '!A366 -> Unser generierte Mehrwert entspricht den Bedürfnissen der Kunden | S11: 9
B12: 1.2 | D12: =' '!A367 -> Unser generierte Mehrwert hat einen grossen Einfluss auf unser (Networking) | S12: 7
B13: 1.3 | D13: =' '!A368 -> Es bestehen grosse Synergien zwischen Produkte und Dienstleistungen | S13: 5
B14: 1.4 | D14: =' '!A369 -> Unsere Kunden sind sehr zufrieden | S14: 3
B15: 2 | D15: REVENUE STREAMS | N15: =SUM(B123:B130) -> 25 | O15: / | P15: 40
B16: 2.1 | D16: =' '!A371 -> Unsere Margen sind hoch | S16: 5
B17: 2.2 | D17: =' '!A372 -> Unsere Erträge sind vorhersehbar | S17: 4
B18: 2.3 | D18: =' '!A373 -> Wir haben wiederkehrende Einnahmen und häufige wiederholte Käufe | S18: 8
B19: 2.4 | D19: =' '!A374 -> Unsere Einnahmequellen sind diversifiziert | S19: 8
B20: 2.5 | D20: =' '!A375 -> Unsere Einnahmequellen sind nachhaltig | S20: 5
B21: 2.6 | D21: =' '!A376 -> Wir ziehen die Erträge ein bevor wir weitere Verpflichtungen eingehen | S21: 9
B22: 2.7 | D22: =' '!A377 -> Die Höhe der Rechnungsbeträge entsprechen dem, was der Kunde bereit ist zu bezahlen | S22: 5
B23: 2.8 | D23: =' '!A378 -> Unsere Preisgestaltung entspricht dem, was der Kunde bereit ist zu bezahlen | S23: 7
B24: 3 | D24: COST STRUCTURE | N24: =SUM(B132:B135) -> 13 | O24: / | P24: 20
B25: 3.1 | D25: =' '!A380 -> Unsere Kosten sind vorhersehbar | S25: 5
B26: 3.2 | D26: =' '!A381 -> Unsere Kostenstruktur ist richtig auf unser Geschäftsmodell abgestimmt | S26: 5
B27: 3.3 | D27: =' '!A382 -> Unser Geschäft ist profitabel | S27: 5
B28: 3.4 | D28: =' '!A383 -> Wir profitieren von Skaleneffekten | S28: 5
B29: 4 | D29: CUSTOMER SEGMENTS | N29: =SUM(B137:B139) -> 6 | O29: / | P29: 15
B30: 4.1 | D30: =' '!A385 -> Die Fluktuationsrate der Kunden ist gering | S30: 5
B31: 4.2 | D31: =' '!A386 -> Die Kundensegmentierung ist gut | S31: 5
B32: 4.3 | D32: =' '!A387 -> Wir gewinnen regelmässig neue Kunden | S32: 5
B33: 5 | D33: CHANNELS | N33: =SUM(B141:B147) -> 11 | O33: / | P33: 35
B34: 5.1 | D34: =' '!A389 -> Unsere Vertriebskanäle sind sehr effektiv | S34: 5
B35: 5.2 | D35: =' '!A390 -> Unsere Vertriebskanäle sind profitabel | S35: 5
B36: 5.3 | D36: =' '!A391 -> Die Penetration der Vertriebskanäle ist gut | S36: 5
B37: 5.4 | D37: =' '!A392 -> Die Vertriebskanäle werden von unseren Kunden einfach identifiziert | S37: 5
B38: 5.5 | D38: =' '!A393 -> Die Vertriebskanäle sind sehr stark integriert | S38: 5
B39: 5.6 | D39: =' '!A394 -> Mit den Vertriebskanäle können Synergien und Kostenvorteile realisiert werden (economies of scope) | S39: 5
B40: 5.7 | D40: =' '!A395 -> Die Vertriebskanäle sind gut auf die Kundensegmente abgestimmt | S40: 5
B41: 6 | D41: CUSTOMER RELATIONSHIP | N41: =SUM(B149:B152) -> 6 | O41: / | P41: 20
B42: 6.1 | D42: =' '!A397 -> Die Beziehungen zu den Kunden ist sehr solide | S42: 5
B43: 6.2 | D43: =' '!A398 -> Die Qualität der Beziehung entspricht der Kundensegmentierung | S43: 5
B44: 6.3 | D44: =' '!A399 -> Die Kundenbeziehung ist so stark, dass ein Wechsel hohe Kosten für den Kunden bringt | S44: 5
B45: 6.4 | D45: =' '!A400 -> Unsere Marke ist stark | S45: 5
B46: 7 | D46: KEY RESSOURCES | N46: =SUM(B154:B156) -> 4 | O46: / | P46: 15
B47: 7.1 | D47: =' '!A402 -> Unsere wichtigsten Ressourcen sind für Konkurrenten schwierig zu kopieren | S47: 5
B48: 7.2 | D48: =' '!A403 -> Der Bedarf an Ressourcen ist vorhersehbar | S48: 5
B49: 7.3 | D49: =' '!A404 -> Wir setzen die richtigen Ressourcen zum richtigen Zeitpunkt und in der richtigen Menge ein | S49: 5
B50: 8 | D50: KEY ACTIVITIES | N50: =SUM(B158:B161) -> 3 | O50: / | P50: 20
B51: 8.1 | D51: =' '!A406 -> Wir setzen unser Kerngeschäft effektiv um | S51: 5
B52: 8.2 | D52: =' '!A407 -> Unsere Kernaktivitäten sind schwierig zu kopieren | S52: 5
B53: 8.3 | D53: =' '!A408 -> Die Ausführungsqualität ist hoch | S53: 5
B54: 8.4 | D54: =' '!A409 -> Die Balance zwischen internen und ausgelagerten Tätigkeiten ist ideal | S54: 5
B55: 9 | D55: KEY PARTNERSHIP | N55: =SUM(B163:B164) -> 3 | O55: / | P55: 10
B56: 9.1 | D56: =' '!A411 -> Wir sind Partnerorientiert und arbeiten falls notwendig mit ihnen zusammen. | S56: 5
B57: 9.2 | D57: =' '!A412 -> Wir pflegen eine gute Zusammenarbeit mit unseren wichtigsten Partnern | S57: 5
B59: © iManagement • dr. s.imboden • www.2iManagement.ch
B62: =D10 -> CUSTOMER RELATIONSHIP | C62: =5/P10*N10 -> 3.25
B63: =D15 -> REVENUE STREAMS | C63: =5/P15*N15 -> 3.125
B64: =D24 -> COST STRUCTURE | C64: =5/P24*N24 -> 3.25
B65: =D29 -> CUSTOMER SEGMENTS | C65: =5/P29*N29 -> 2
B66: =D33 -> CHANNELS | C66: =5/P33*N33 -> 1.5714286
B67: =D41 -> CUSTOMER RELATIONSHIP | C67: =5/40*23 -> 2.875
B68: =D46 -> KEY RESSOURCES | C68: =5/P46*N46 -> 1.3333333
B69: =D50 -> KEY ACTIVITIES | C69: =5/P50*N50 -> 0.75
B70: =D55 -> KEY PARTNERSHIP | C70: =5/P55*N55 -> 1.5
D99: © iManagement • dr. s.imboden • www.2iManagement.ch
A115: =A117/390 -> 0.53846154 | B115: =(B117/195) -> 0.43076923 | C115: Kreisgrösse | D115: =(D117/1950) -> 0.24102564 | I115: Anzahl
H116: 1 | I116: =COUNTIF(B118:B164,1) -> 2
A117: =SUM(A118:A164) -> 210 | B117: =SUM(B118:B164) -> 84 | D117: =SUM(D118:D164) -> 470 | H117: 2 | I117: =COUNTIF(B118:B164,2) -> 8
A118: =S11 -> 9 | B118: 3 | C118: 1 | D118: =B118*S11 -> 27 | H118: 3 | I118: =COUNTIF(B118:B164,3) -> 9
A119: =S12 -> 7 | B119: 4 | C119: 1 | D119: =B119*S12 -> 28 | H119: 4 | I119: =COUNTIF(B118:B164,4) -> 6
A120: =S13 -> 5 | B120: 3 | C120: 1 | D120: =B120*S13 -> 15 | H120: 5 | I120: =COUNTIF(B118:B164,5) -> 3
A121: =S14 -> 3 | B121: 3 | C121: 1 | D121: =B121*S14 -> 9
A123: =S16 -> 5 | B123: 5 | C123: 1 | D123: =B123*S16 -> 25
A124: =S17 -> 4 | B124: 2 | C124: 1 | D124: =B124*S17 -> 8
A125: =S18 -> 8 | B125: 4 | C125: 1 | D125: =B125*S18 -> 32
A126: =S19 -> 8 | B126: 4 | C126: 1 | D126: =B126*S19 -> 32
A127: =S20 -> 5 | B127: 3 | C127: 1 | D127: =B127*S20 -> 15
A128: =S21 -> 9 | B128: 2 | C128: 1 | D128: =B128*S21 -> 18
A129: =S22 -> 5 | B129: 2 | C129: 1 | D129: =B129*S22 -> 10
A130: =S23 -> 7 | B130: 3 | C130: 1 | D130: =B130*S23 -> 21
A132: =S25 -> 5 | B132: 5 | C132: 1 | D132: =B132*S25 -> 25
A133: =S26 -> 5 | B133: 4 | C133: 1 | D133: =B133*S26 -> 20
A134: =S27 -> 5 | B134: 2 | C134: 1 | D134: =B134*S27 -> 10
... A144: =S37 -> 5 | B144: 2 | C144: 1 | D144: =B144*S37 -> 10
A145: =S38 -> 5 | C145: 1 | D145: =B145*S38 -> 0
A146: =S39 -> 5 | C146: 1 | D146: =B146*S39 -> 0
A147: =S40 -> 5 | C147: 1 | D147: =B147*S40 -> 0
A149: =S42 -> 5 | C149: 1 | D149: =B149*S42 -> 0
A150: =S43 -> 5 | B150: 4 | C150: 1 | D150: =B150*S43 -> 20
A151: =S44 -> 5 | B151: 2 | C151: 1 | D151: =B151*S44 -> 10
A152: =S45 -> 5 | C152: 1 | D152: =B152*S45 -> 0
A154: =S47 -> 5 | B154: 4 | C154: 1 | D154: =B154*S47 -> 20
A155: =S48 -> 5 | C155: 1 | D155: =B155*S48 -> 0
A156: =S49 -> 5 | C156: 1 | D156: =B156*S49 -> 0
A158: =S51 -> 5 | B158: 3 | C158: 1 | D158: =B158*S51 -> 15
A159: =S52 -> 5 | C159: 1 | D159: =B159*S52 -> 0
A160: =S53 -> 5 | C160: 1 | D160: =B160*S53 -> 0
A161: =S54 -> 5 | C161: 1 | D161: =B161*S54 -> 0
A163: =S56 -> 5 | C163: 1 | D163: =B163*S56 -> 0
A164: =S57 -> 5 | B164: 3 | C164: 1 | D164: =B164*S57 -> 15

Sheet Chances
B1: =' '!A422 -> C H A N C E N & G E F A H R E N
E3: =(N10+N18+N27+N31+N40+N48+N56+N63+N69) -> 183 | H3: =' '!A365 -> trifft überhaupt nicht zu | J3: =' '!A364 -> trifft eher nicht zu | L3: =' '!A363 -> trifft teilweise zu | N3: =' '!A362 -> trifft eher zu | P3: =' '!A361 -> trifft voll zu | S3: =' '!A413 -> Auswirkung (1 - 10)
E4: =(P10+P18+P27+P31+P40+P48+P56+P63+P69) -> 295
U6: =CONCATENATE(' '!A417," ",E3," / ",E4) -> Total Punkte : 183 / 295
H7: =(COUNTIF(B134:B200,1)/59) -> 0.084745763 | J7: =(COUNTIF(B134:B200,2)/59) -> 0.28813559 | L7: =(COUNTIF(B134:B200,3)/59) -> 0.25423729 | N7: =(COUNTIF(B134:B200,4)/59) -> 0.18644068 | P7: =(COUNTIF(B134:B200,5)/59) -> 0.18644068
B10: 1 | D10: CUSTOMER RELATIONSHIP | G10: =SUM(B134:B137) -> 13 | N10: =SUM(B134:B140) -> 23 | O10: / | P10: 35
B11: 1.1 | D11: =' '!A423 -> Wir können wiederkehrende Einnahmen generieren, indem wir von Produkte Dienstleistungen ableiten | S11: 9
B12: 1.2 | D12: =' '!A424 -> Wir können unsere Produkte und Dienstleistungen besser integrieren | S12: 8
B13: 1.3 | D13: =' '!A425 -> Wir können andere Kundenbedürfnisse befriedigen | S13: 7
B14: 1.4 | D14: =' '!A426 -> Es gibt Ergänzungen oder mögliche Erweiterungen die zusätzlichen Mehrwert schaffen | S14: 6
B15: 1.5 | D15: =' '!A427 -> Wir können andere Aufgaben unserer Kunden anbieten | S15: 4
B16: 1.6 | D16: =' '!A428 -> Es gibt Ersatzprodukte und -dienstleistungen | S16: 3
B17: 1.7 | D17: =' '!A429 -> Wettbewerber können den Kunden Mehrwert und tiefere Preise anbieten | S17: 3
B18: 2 | D18: REVENUE STREAMS | N18: =SUM(B142:B149) -> 22 | O18: / | P18: 40
B19: 2.1 | D19: =' '!A431 -> Wir können punktuell Transaktionsumsatz aus wiederkehrenden Einkommen generieren | S19: 10
B20: 2.2 | D20: =' '!A432 -> Unsere Kunden sind bereit für zusätzliche Produkte oder Dienstleistungen zu bezahlen | S20: 9
B21: 2.3 | D21: =' '!A433 -> Wir haben die Möglichkeit Querverkäufe intern oder mit Partner zu tätigen | S21: 8
B22: 2.4 | D22: =' '!A434 -> Wir können zusätzliche Einnahmequellen generieren oder neu entwickeln | S22: 7
B23: 2.5 | D23: =' '!A435 -> Wir können die Preise erhöhen | S23: 6
B24: 2.6 | D24: =' '!A436 -> Unsere Margen geraten durch Konkurrenten und/oder neuen Technologien unter Druck | S24: 5
B25: 2.7 | D25: =' '!A437 -> Wir sind von einem oder mehreren Einkommensquellen abhängig | S25: 4
B26: 2.8 | D26: =' '!A438 -> Wir haben Einnahmequellen, die bald versiegen werden | S26: 3
B27: 3 | D27: COST STRUCTURE | N27: =SUM(B151:B153) -> 9 | O27: / | P27: 15
B28: 3.1 | D28: =' '!A440 -> Wir können unsere Kosten senken | S28: 10
B29: 3.2 | D29: =' '!A441 -> Einige Kosten können unberechenbar werden | S29: 4
B30: 3.3 | D30: =' '!A442 -> Einige Kosten drohen schneller zu wachsen als die entsprechenden Einkünfte | S30: 10
B31: 4 | D31: CUSTOMER SEGMENTS | N31: =SUM(B155:B162) -> 24 | O31: / | P31: 40
B32: 4.1 | D32: =' '!A444 -> Wir können von einem wachsenden/expandierenden Markt profitieren | S32: 10
B33: 4.2 | D33: =' '!A445 -> Wir können neue Kundensegemente bedienen | S33: 9
B34: 4.3 | D34: =' '!A446 -> Aufgrund einer feineren Segmentierung, können wir unsere Kunden besser bedienen | S34: 8
B35: 4.4 | D35: =' '!A447 -> Es besteht die Gefahr, dass unser Markt bald gesättigt ist | S35: 7
B36: 4.5 | D36: =' '!A448 -> Unsere Konkurrenten bedrohen unseren Marktanteil | S36: 6
B37: 4.6 | D37: =' '!A449 -> Es besteht die Möglichkeit, dass wir Kunden verlieren | S37: 5
B38: 4.7 | D38: =' '!A450 -> Es besteht die Gefahr, dass unsere Kunden in Zahlungsverzug geraten | S38: 4
B39: 4.8 | D39: =' '!A451 -> Es besteht das Risiko, dass sich der Wettbewerb verschärft | S39: 3
B40: 5 | D40: CHANNELS | N40: =SUM(B164:B170) -> 20 | O40: / | P40: 35
B41: 5.1 | D41: =' '!A453 -> Wir können die Effizienz, die Effektivität und die Leistungsfähigkeit unserer Vertriebskanäle verbessern | S41: 1
B42: 5.2 | D42: =' '!A454 -> Wir können die Integration unserer Vertriebskanäle verbessern | S42: 2
B43: 5.3 | D43: =' '!A455 -> Wir können zusätzliche Vertriebskanäle finden | S43: 3
B44: 5.4 | D44: =' '!A456 -> Wir können unsere Margen steigern indem wir unsere Kunden direkt bedienen | S44: 4
B45: 5.5 | D45: =' '!A457 -> Wir können die Angemessenheit zwischen den Vertriebskanälen und den Kundensegmenten verbessern | S45: 5
B46: 5.6 | D46: =' '!A458 -> Unsere Konkurrenten bedrohen unsere Vertriebskanäle | S46: 6
B47: 5.7 | D47: =' '!A459 -> Unsere Vertriebswege sind möglicherweise nicht mehr relevant / geeignet für unsere Kunden | S47: 7
B48: 6 | D48: CUSTOMER RELATIONSHIP | N48: =SUM(B172:B178) -> 20 | O48: / | P48: 35
B49: 6.1 | D49: =' '!A461 -> Die Kundenbetreuung kann verbessert werden | S49: 8
B50: 6.2 | D50: =' '!A462 -> Wir können die Beziehungen zu unseren Kunden stärken | S50: 7
B51: 6.3 | D51: =' '!A463 -> Wir können den Personifizierung verbessern | S51: 6
B52: 6.4 | D52: =' '!A464 -> Wir können die Umstellungskosten erhöhen (switching costs) | S52: 5
B53: 6.5 | D53: =' '!A465 -> Wir haben die unrentablen Kunden identifiziert und "beseitigt" | S53: 4
B54: 6.6 | D54: =' '!A466 -> Wir haben gewisse Beziehungen automatisiert | S54: 3
B55: 6.7 | D55: =' '!A467 -> Es besteht das Risiko, dass sich die Beziehungen zu unseren Kunden verschlechtert | S55: 1
B56: 7 | D56: KEY RESSOURCES | N56: =SUM(B180:B185) -> 17 | O56: / | P56: 30
B57: 7.1 | D57: =' '!A469 -> Wir können billigere Ressourcen einsetzen um das gleiche Resultat zu erzielen | S57: 9
B58: 7.2 | D58: =' '!A470 -> Wir benötigen Kernressourcen, die besser von unseren Partnern bezogen werden könnten | S58: 8
B59: 7.3 | D59: =' '!A471 -> Wir besitzen Kernressourcen, die zu wenig genutzt werden | S59: 7
B60: 7.4 | D60: =' '!A472 -> Wir besitzen Patente oder andere ungenutzte Erfindungen, die für andere von Wert sein könnten | S60: 6
B61: 7.5 | D61: =' '!A473 -> Es besteht das Risiko, dass einige Ressourcen knapp werden könnten | S61: 5
B62: 7.6 | D62: =' '!A474 -> Die Qualität unserer Ressourcen sind in Gefahr | S62: 4
B63: 8 | D63: KEY ACTIVITIES | N63: =SUM(B187:B191) -> 15 | O63: / | P63: 25
B64: 8.1 | D64: =' '!A476 -> Wir können einige Kernaktivitäten standardisieren | S64: 8
B65: 8.2 | D65: =' '!A477 -> Wir können allgemein unsere Leistung verbessern | S65: 5
B66: 8.3 | D66: =' '!A478 -> Eine Informatikunterstützung könnte unsere Leistung steigern | S66: 2
B67: 8.4 | D67: =' '!A479 -> Kernaktivitäten könnten gestört werden | S67: 6
B68: 8.5 | D68: =' '!A480 -> Die Qualität unserer Aktivitäten ist in Gefahr | S68: 7
B69: 9 | D69: KEY PARTNERSHIP | N69: =SUM(B193:B200) -> 33 | O69: / | P69: 40
B70: 9.1 | D70: =' '!A482 -> Es bestehen Möglichkeiten zur Externalisierung | S70: 10
B71: 9.2 | D71: =' '!A483 -> Eine verstärkte Zusammenarbeit mit unseren Partnern würde helfen, uns auf unser Kerngeschäft zu konzentrieren | S71: 7
B72: 9.3 | D72: =' '!A484 -> Es bestehen Möglichkeiten Gegengeschäfte mit unseren Partnern zu tätigen | S72: 5
B73: 9.4 | D73: =' '!A485 -> Die Vertriebskanäle unserer Partner könnten uns helfen, zusätzliche Kunden zu erreichen | S73: 6
B74: 9.5 | D74: =' '!A486 -> Unsere Partner könnten unser Nutzenversprechen (value proposition) vervollständigen | S74: 9
B75: 9.6 | D75: =' '!A487 -> Wir riskieren, Partner zu verlieren | S75: 6
B76: 9.7 | D76: =' '!A488 -> Unser Partner könnten mit den Konkurrenten zusammenarbeiten | S76: 10
B77: 9.8 | D77: =' '!A489 -> Wir sind von einigen Partnern zu stark abhängig | S77: 10
B79: © iManagement • dr. s.imboden • www.2iManagement.ch
B82: =D10 -> CUSTOMER RELATIONSHIP | C82: =5/P10*N10 -> 3.2857143
B83: =D18 -> REVENUE STREAMS | C83: =5/P18*N18 -> 2.75
B84: =D27 -> COST STRUCTURE | C84: =5/P27*N27 -> 3
B85: =D31 -> CUSTOMER SEGMENTS | C85: =5/P31*N31 -> 3
B86: =D40 -> CHANNELS | C86: =5/P40*N40 -> 2.8571429
B87: =D48 -> CUSTOMER RELATIONSHIP | C87: =5/40*23 -> 2.875
B88: =D56 -> KEY RESSOURCES | C88: =5/P56*N56 -> 2.8333333
B89: =D63 -> KEY ACTIVITIES | C89: =5/P63*N63 -> 3
B90: =D69 -> KEY PARTNERSHIP | C90: =5/P69*N69 -> 4.125
A130: =A133/590 -> 0.61016949 | B130: =(B133/205) -> 0.6 | C130: Kreisgrösse | D130: =(D133/2950) -> 0.38677966
A133: =SUM(A134:A200) -> 360 | B133: =SUM(B134:B180) -> 123 | D133: =SUM(D134:D200) -> 1141 | F133: Anzahl
A134: =S11 -> 9 | B134: 2 | C134: 1 | D134: =B134*S11 -> 18 | E134: 1 | F134: =COUNTIF(B134:B200,1) -> 5
A135: =S12 -> 8 | B135: 3 | C135: 1 | D135: =B135*S12 -> 24 | E135: 2 | F135: =COUNTIF(B134:B200,2) -> 17
A136: =S13 -> 7 | B136: 4 | C136: 1 | D136: =B136*S13 -> 28 | E136: 3 | F136: =COUNTIF(B134:B200,3) -> 15
A137: =S14 -> 6 | B137: 4 | C137: 1 | D137: =B137*S14 -> 24 | E137: 4 | F137: =COUNTIF(B134:B200,4) -> 11
A138: =S15 -> 4 | B138: 3 | C138: 1 | D138: =B138*S15 -> 12 | E138: 5 | F138: =COUNTIF(B134:B200,5) -> 11
A139: =S16 -> 3 | B139: 2 | C139: 1 | D139: =B139*S16 -> 6
A140: =S17 -> 3 | B140: 5 | C140: 1 | D140: =B140*S17 -> 15
A142: =S19 -> 10 | B142: 1 | C142: 1 | D142: =B142*S19 -> 10
A143: =S20 -> 9 | B143: 2 | C143: 1 | D143: =B143*S20 -> 18
A144: =S21 -> 8 | B144: 3 | C144: 1 | D144: =B144*S21 -> 24
A145: =S22 -> 7 | B145: 2 | C145: 1 | D145: =B145*S22 -> 14
A146: =S23 -> 6 | B146: 5 | C146: 1 | D146: =B146*S23 -> 30
A147: =S24 -> 5 | B147: 4 | C147: 1 | D147: =B147*S24 -> 20
A148: =S25 -> 4 | B148: 3 | C148: 1 | D148: =B148*S25 -> 12
A149: =S26 -> 3 | B149: 2 | C149: 1 | D149: =B149*S26 -> 6
...

Sheet Normstrategien
B1: =' '!A662 -> N O R M S T R A T E G I E N
D4: =' '!A667 -> Interne Faktoren | G4: =' '!A272 -> Stärken | K4: =' '!A273 -> Schwächen
F5: s1 | G5: =IF('Swot-Analyse'!C7<>"",'Swot-Analyse'!C7,"") -> Strength 1 | H5: =IF('Swot-Analyse'!D7<>"",'Swot-Analyse'!D7,"") -> 5 | J5: w1 | K5: =IF('Swot-Analyse'!P7<>"",'Swot-Analyse'!P7,"") -> Faiblesse 1 | L5: =IF('Swot-Analyse'!Q7<>"",'Swot-Analyse'!Q7,"") -> -5
F6: s2 | G6: =IF('Swot-Analyse'!C8<>"",'Swot-Analyse'!C8,"") | H6: =IF('Swot-Analyse'!D8<>"",'Swot-Analyse'!D8,"") -> 3 | J6: w2 | K6: =IF('Swot-Analyse'!P8<>"",'Swot-Analyse'!P8,"") | L6: =IF('Swot-Analyse'!Q8<>"",'Swot-Analyse'!Q8,"") -> -4
F7: s3 | G7: =IF('Swot-Analyse'!C9<>"",'Swot-Analyse'!C9,"") | H7: =IF('Swot-Analyse'!D9<>"",'Swot-Analyse'!D9,"") | J7: w3 | K7: =IF('Swot-Analyse'!P9<>"",'Swot-Analyse'!P9,"") | L7: =IF('Swot-Analyse'!Q9<>"",'Swot-Analyse'!Q9,"") -> -2
F8: s4 | G8: =IF('Swot-Analyse'!C10<>"",'Swot-Analyse'!C10,"") | H8: =IF('Swot-Analyse'!D10<>"",'Swot-Analyse'!D10,"") | J8: w4 | K8: =IF('Swot-Analyse'!P10<>"",'Swot-Analyse'!P10,"") | L8: =IF('Swot-Analyse'!Q10<>"",'Swot-Analyse'!Q10,"")
F9: s5 | G9: =IF('Swot-Analyse'!C11<>"",'Swot-Analyse'!C11,"") | H9: =IF('Swot-Analyse'!D11<>"",'Swot-Analyse'!D11,"") | J9: w5 | K9: =IF('Swot-Analyse'!P11<>"",'Swot-Analyse'!P11,"") | L9: =IF('Swot-Analyse'!Q11<>"",'Swot-Analyse'!Q11,"")
F10: s6 | G10: =IF('Swot-Analyse'!C12<>"",'Swot-Analyse'!C12,"") | H10: =IF('Swot-Analyse'!D12<>"",'Swot-Analyse'!D12,"") | J10: w6 | K10: =IF('Swot-Analyse'!P12<>"",'Swot-Analyse'!P12,"") | L10: =IF('Swot-Analyse'!Q12<>"",'Swot-Analyse'!Q12,"")
F11: s7 | G11: =IF('Swot-Analyse'!C13<>"",'Swot-Analyse'!C13,"") | H11: =IF('Swot-Analyse'!D13<>"",'Swot-Analyse'!D13,"") | J11: w7 | K11: =IF('Swot-Analyse'!P13<>"",'Swot-Analyse'!P13,"") | L11: =IF('Swot-Analyse'!Q13<>"",'Swot-Analyse'!Q13,"")
F12: s8 | G12: =IF('Swot-Analyse'!C14<>"",'Swot-Analyse'!C14,"") | H12: =IF('Swot-Analyse'!D14<>"",'Swot-Analyse'!D14,"") | J12: w8 | K12: =IF('Swot-Analyse'!P14<>"",'Swot-Analyse'!P14,"") | L12: =IF('Swot-Analyse'!Q14<>"",'Swot-Analyse'!Q14,"")
F13: s9 | G13: =IF('Swot-Analyse'!C15<>"",'Swot-Analyse'!C15,"") | H13: =IF('Swot-Analyse'!D15<>"",'Swot-Analyse'!D15,"") | J13: w9 | K13: =IF('Swot-Analyse'!P15<>"",'Swot-Analyse'!P15,"") | L13: =IF('Swot-Analyse'!Q15<>"",'Swot-Analyse'!Q15,"")
F14: s10 | G14: =IF('Swot-Analyse'!C16<>"",'Swot-Analyse'!C16,"") | H14: =IF('Swot-Analyse'!D16<>"",'Swot-Analyse'!D16,"") | J14: w10 | K14: =IF('Swot-Analyse'!P16<>"",'Swot-Analyse'!P16,"") | L14: =IF('Swot-Analyse'!Q16<>"",'Swot-Analyse'!Q16,"")
F15: s11 | G15: =IF('Swot-Analyse'!C17<>"",'Swot-Analyse'!C17,"") | H15: =IF('Swot-Analyse'!D17<>"",'Swot-Analyse'!D17,"") | J15: w11 | K15: =IF('Swot-Analyse'!P17<>"",'Swot-Analyse'!P17,"") | L15: =IF('Swot-Analyse'!Q17<>"",'Swot-Analyse'!Q17,"")
F16: s12 | G16: =IF('Swot-Analyse'!C18<>"",'Swot-Analyse'!C18,"") | H16: =IF('Swot-Analyse'!D18<>"",'Swot-Analyse'!D18,"") | J16: w12 | K16: =IF('Swot-Analyse'!P18<>"",'Swot-Analyse'!P18,"") | L16: =IF('Swot-Analyse'!Q18<>"",'Swot-Analyse'!Q18,"")
... F21: s17 | G21: =IF('Swot-Analyse'!C23<>"",'Swot-Analyse'!C23,"") | H21: =IF('Swot-Analyse'!D23<>"",'Swot-Analyse'!D23,"") | J21: w17 | K21: =IF('Swot-Analyse'!P23<>"",'Swot-Analyse'!P23,"") | L21: =IF('Swot-Analyse'!Q23<>"",'Swot-Analyse'!Q23,"")
C22: =' '!A668 -> Externe Faktoren | F22: s18 | G22: =IF('Swot-Analyse'!C24<>"",'Swot-Analyse'!C24,"") | H22: =IF('Swot-Analyse'!D24<>"",'Swot-Analyse'!D24,"") | J22: w18 | K22: =IF('Swot-Analyse'!P24<>"",'Swot-Analyse'!P24,"") | L22: =IF('Swot-Analyse'!Q24<>"",'Swot-Analyse'!Q24,"")
C24: =' '!A274 -> Chancen | G24: =' '!A663 -> SO-Strategien | K24: =' '!A665 -> WO-Strategien
B25: o1 | C25: =IF('Swot-Analyse'!C28<>"",'Swot-Analyse'!C28,"") -> Opportunité 1 | D25: =IF('Swot-Analyse'!D28<>"",'Swot-Analyse'!D28,"") -> 5 | F25: 1 | J25: 9
B26: o2 | C26: =IF('Swot-Analyse'!C29<>"",'Swot-Analyse'!C29,"") | D26: =IF('Swot-Analyse'!D29<>"",'Swot-Analyse'!D29,"") -> 3 | F26: 2 | J26: 2
B27: o3 | C27: =IF('Swot-Analyse'!C30<>"",'Swot-Analyse'!C30,"") | D27: =IF('Swot-Analyse'!D30<>"",'Swot-Analyse'!D30,"") -> 4 | F27: 3 | J27: 3
B28: o4 | C28: =IF('Swot-Analyse'!C31<>"",'Swot-Analyse'!C31,"") | D28: =IF('Swot-Analyse'!D31<>"",'Swot-Analyse'!D31,"") | F28: 4 | J28: 4
B29: o5 | C29: =IF('Swot-Analyse'!C32<>"",'Swot-Analyse'!C32,"") | D29: =IF('Swot-Analyse'!D32<>"",'Swot-Analyse'!D32,"") | F29: 5 | J29: 5
B30: o6 | C30: =IF('Swot-Analyse'!C33<>"",'Swot-Analyse'!C33,"") | D30: =IF('Swot-Analyse'!D33<>"",'Swot-Analyse'!D33,"") | F30: 2 | J30: 10
B31: o7 | C31: =IF('Swot-Analyse'!C34<>"",'Swot-Analyse'!C34,"") | D31: =IF('Swot-Analyse'!D34<>"",'Swot-Analyse'!D34,"") | F31: 7 | J31: 7
B32: o8 | C32: =IF('Swot-Analyse'!C35<>"",'Swot-Analyse'!C35,"") | D32: =IF('Swot-Analyse'!D35<>"",'Swot-Analyse'!D35,"") | F32: 8 | J32: 8
B33: o9 | C33: =IF('Swot-Analyse'!C36<>"",'Swot-Analyse'!C36,"") | D33: =IF('Swot-Analyse'!D36<>"",'Swot-Analyse'!D36,"") | F33: 9 | J33: 9
B34: o10 | C34: =IF('Swot-Analyse'!C37<>"",'Swot-Analyse'!C37,"") | D34: =IF('Swot-Analyse'!D37<>"",'Swot-Analyse'!D37,"") | F34: 10 | J34: 10
B35: o11 | C35: =IF('Swot-Analyse'!C38<>"",'Swot-Analyse'!C38,"") | D35: =IF('Swot-Analyse'!D38<>"",'Swot-Analyse'!D38,"") | F35: 3 | J35: 11
B36: o12 | C36: =IF('Swot-Analyse'!C39<>"",'Swot-Analyse'!C39,"") | D36: =IF('Swot-Analyse'!D39<>"",'Swot-Analyse'!D39,"") | F36: 12 | J36: 12
... B42: o18 | C42: =IF('Swot-Analyse'!C45<>"",'Swot-Analyse'!C45,"") | D42: =IF('Swot-Analyse'!D45<>"",'Swot-Analyse'!D45,"") | F42: 18 | J42: 18
C44: =' '!A275 -> Gefahren | G44: =' '!A664 -> ST-Strategien | K44: =' '!A666 -> WT-Strategien
B45: t1 | C45: =IF('Swot-Analyse'!P28<>"",'Swot-Analyse'!P28,"") -> Danger 1 | D45: =IF('Swot-Analyse'!Q28<>"",'Swot-Analyse'!Q28,"") -> -2 | F45: 5 | J45: 13
B46: t2 | C46: =IF('Swot-Analyse'!P29<>"",'Swot-Analyse'!P29,"") | D46: =IF('Swot-Analyse'!Q29<>"",'Swot-Analyse'!Q29,"") -> -2 | F46: 2 | J46: 2
B47: t3 | C47: =IF('Swot-Analyse'!P30<>"",'Swot-Analyse'!P30,"") | D47: =IF('Swot-Analyse'!Q30<>"",'Swot-Analyse'!Q30,"") | F47: 3 | J47: 3
B48: t4 | C48: =IF('Swot-Analyse'!P31<>"",'Swot-Analyse'!P31,"") | D48: =IF('Swot-Analyse'!Q31<>"",'Swot-Analyse'!Q31,"") | F48: 4 | J48: 4
B49: t5 | C49: =IF('Swot-Analyse'!P32<>"",'Swot-Analyse'!P32,"") | D49: =IF('Swot-Analyse'!Q32<>"",'Swot-Analyse'!Q32,"") | F49: 5 | J49: 5
B50: t6 | C50: =IF('Swot-Analyse'!P33<>"",'Swot-Analyse'!P33,"") | D50: =IF('Swot-Analyse'!Q33<>"",'Swot-Analyse'!Q33,"") | F50: 6 | J50: 14
B51: t7 | C51: =IF('Swot-Analyse'!P34<>"",'Swot-Analyse'!P34,"") | D51: =IF('Swot-Analyse'!Q34<>"",'Swot-Analyse'!Q34,"") | F51: 7 | J51: 7
B52: t8 | C52: =IF('Swot-Analyse'!P35<>"",'Swot-Analyse'!P35,"") | D52: =IF('Swot-Analyse'!Q35<>"",'Swot-Analyse'!Q35,"") | F52: 8 | J52: 8
B53: t9 | C53: =IF('Swot-Analyse'!P36<>"",'Swot-Analyse'!P36,"") | D53: =IF('Swot-Analyse'!Q36<>"",'Swot-Analyse'!Q36,"") | F53: 9 | J53: 9
B54: t10 | C54: =IF('Swot-Analyse'!P37<>"",'Swot-Analyse'!P37,"") | D54: =IF('Swot-Analyse'!Q37<>"",'Swot-Analyse'!Q37,"") | F54: 10 | J54: 10
B55: t11 | C55: =IF('Swot-Analyse'!P38<>"",'Swot-Analyse'!P38,"") | D55: =IF('Swot-Analyse'!Q38<>"",'Swot-Analyse'!Q38,"") | F55: 7 | J55: 15
B56: t12 | C56: =IF('Swot-Analyse'!P39<>"",'Swot-Analyse'!P39,"") | D56: =IF('Swot-Analyse'!Q39<>"",'Swot-Analyse'!Q39,"") | F56: 12 | J56: 12
... B62: t18 | C62: =IF('Swot-Analyse'!P45<>"",'Swot-Analyse'!P45,"") | D62: =IF('Swot-Analyse'!Q45<>"",'Swot-Analyse'!Q45,"") | F62: 18 | J62: 18
B63: © iManagement • dr. s.imboden • www.2iManagement.ch

Sheet Kunden
B1: =' '!A319 -> K U N D E N
B4: =' '!A67 -> Nr. | C4: =' '!A326 -> Kunde | D4: =' '!A327 -> Loyalität | E4: =' '!A328 -> Profitabi-lität | F4: =' '!A329 -> ABC-Kunde | G4: =' '!A331 -> Merkmale (demografisch, sozioökonomisch etc.) | H4: =' '!A334 -> Kaufverhalten | I4: =' '!A339 -> Ewarteter Umsatz | J4: =' '!A74 -> Status
B5: C1 | C5: Client 1 | D5: 10 | E5: 9 | F5: A | K5: =IF(F5="A",3, IF(F5="B",2,1)) -> 3
B6: C2 | C6: Client 2 | D6: 8 | E6: 6 | F6: B | K6: =IF(F6="A",3, IF(F6="B",2,1)) -> 2
B7: C3 | C7: Client 3 | D7: 3 | E7: 4 | F7: C | K7: =IF(F7="A",3, IF(F7="B",2,1)) -> 1
B8: C4 | K8: =IF(F8="A",3, IF(F8="B",2,1)) -> 1
B9: C5 | K9: =IF(F9="A",3, IF(F9="B",2,1)) -> 1
B10: C6 | K10: =IF(F10="A",3, IF(F10="B",2,1)) -> 1
B11: C7 | K11: =IF(F11="A",3, IF(F11="B",2,1)) -> 1
B12: C8 | K12: =IF(F12="A",3, IF(F12="B",2,1)) -> 1
B13: C9 | K13: =IF(F13="A",3, IF(F13="B",2,1)) -> 1
B14: C10 | K14: =IF(F14="A",3, IF(F14="B",2,1)) -> 1
B15: C11 | K15: =IF(F15="A",3, IF(F15="B",2,1)) -> 1
B16: C12 | K16: =IF(F16="A",3, IF(F16="B",2,1)) -> 1
B17: C13 | K17: =IF(F17="A",3, IF(F17="B",2,1)) -> 1
B18: C14 | K18: =IF(F18="A",3, IF(F18="B",2,1)) -> 1
B19: C15 | K19: =IF(F19="A",3, IF(F19="B",2,1)) -> 1
... B24: C20 | K24: =IF(F24="A",3, IF(F24="B",2,1)) -> 1
B25: © iManagement • dr. s.imboden • www.2iManagement.ch | H25: =' '!A317 -> Total | I25: =SUM(I5:I24) -> 0
H39: =IF(C5<>"",CONCATENATE(B5," ",C5),"") -> C1 Client 1
H40: =IF(C6<>"",CONCATENATE(B6," ",C6),"") -> C2 Client 2
H41: =IF(C7<>"",CONCATENATE(B7," ",C7),"") -> C3 Client 3
H42: =IF(C8<>"",CONCATENATE(B8," ",C8),"")
H43: =IF(C9<>"",CONCATENATE(B9," ",C9),"")
H44: =IF(C10<>"",CONCATENATE(B10," ",C10),"")
H45: =IF(C11<>"",CONCATENATE(B11," ",C11),"")
H46: =IF(C12<>"",CONCATENATE(B12," ",C12),"")
H47: =IF(C13<>"",CONCATENATE(B13," ",C13),"")
H48: =IF(C14<>"",CONCATENATE(B14," ",C14),"")
H49: =IF(C15<>"",CONCATENATE(B15," ",C15),"")
H50: =IF(C16<>"",CONCATENATE(B16," ",C16),"")
... H58: =IF(C24<>"",CONCATENATE(B24," ",C24),"")

Sheet Empathy
B1: =' '!A633 -> C U S T O M E R E M P A T H Y M A P
B39: © iManagement • dr. s.imboden • www.2iManagement.ch

Sheet Markt
B1: =' '!A576 -> M A R K T
B6: =' '!A67 -> Nr. | C6: =' '!A577 -> Markt | D6: =' '!A581 -> Merkmale | E6: =' '!A582 -> Nachfrage-intensität | F6: =' '!A578 -> Potenzial | G6: =' '!A579 -> Erwarteter Wachstum | H6: =' '!A580 -> Markt-volumen | I6: =Logo!D12 -> CHF | J6: =' '!A588 -> Marktanteil [%] | K6: =Logo!D12 -> CHF
B7: M1 | C7: Markt 1 | E7: Zukunftsmarkt | F7: 10 | G7: 6 | H7: 2 | I7: 1000000 | J7: 0.1 | K7: =J7*I7 -> 100000 | L7: =100%-J7 -> 0.9 | M7: =IF(H7=3,3, IF(H7=2,2,1)) -> 2
B8: M2 | C8: Markt 2 | E8: Nischenmarkt | F8: 9 | G8: 10 | H8: 3 | I8: 500000 | J8: 0.2 | K8: =J8*I8 -> 100000 | L8: =100%-J8 -> 0.8 | M8: =IF(H8=3,3, IF(H8=2,2,1)) -> 3
B9: M3 | C9: Markt 3 | F9: 8 | G9: 1 | H9: 2 | J9: 0.3 | K9: =J9*I9 -> 0 | L9: =100%-J9 -> 0.7 | M9: =IF(H9=3,3, IF(H9=2,2,1)) -> 2
B10: M4 | C10: Markt 4 | F10: 7 | G10: 3 | H10: 1 | J10: 0.4 | K10: =J10*I10 -> 0 | L10: =100%-J10 -> 0.6 | M10: =IF(H10=3,3, IF(H10=2,2,1)) -> 1
B11: M5 | C11: Markt 5 | F11: 6 | G11: 2 | H11: 1 | J11: 0.5 | K11: =J11*I11 -> 0 | L11: =100%-J11 -> 0.5 | M11: =IF(H11=3,3, IF(H11=2,2,1)) -> 1
B12: M6 | C12: Markt 6 | F12: 5 | G12: 4 | H12: 1 | J12: 0.6 | K12: =J12*I12 -> 0 | L12: =100%-J12 -> 0.4 | M12: =IF(H12=3,3, IF(H12=2,2,1)) -> 1
B13: M7 | C13: Markt 7 | F13: 4 | G13: 5 | H13: 2 | J13: 0.7 | K13: =J13*I13 -> 0 | L13: =100%-J13 -> 0.3 | M13: =IF(H13=3,3, IF(H13=2,2,1)) -> 2
B14: M8 | C14: Markt 8 | F14: 3 | G14: 6 | H14: 1 | J14: 0.8 | K14: =J14*I14 -> 0 | L14: =100%-J14 -> 0.2 | M14: =IF(H14=3,3, IF(H14=2,2,1)) -> 1
B15: © iManagement • dr. s.imboden • www.2iManagement.ch | H15: =' '!A317 -> Total | I15: =SUM(I7:I14) -> 1500000 | K15: =SUM(K7:K14) -> 200000
I41: =IF(C7<>"",CONCATENATE(B7," ",C7),"") -> M1 Markt 1
I42: =IF(C8<>"",CONCATENATE(B8," ",C8),"") -> M2 Markt 2
I43: =IF(C9<>"",CONCATENATE(B9," ",C9),"") -> M3 Markt 3
I44: =IF(C10<>"",CONCATENATE(B10," ",C10),"") -> M4 Markt 4
I45: =IF(C11<>"",CONCATENATE(B11," ",C11),"") -> M5 Markt 5
I46: =IF(C12<>"",CONCATENATE(B12," ",C12),"") -> M6 Markt 6
I47: =IF(C13<>"",CONCATENATE(B13," ",C13),"") -> M7 Markt 7
I48: =IF(C14<>"",CONCATENATE(B14," ",C14),"") -> M8 Markt 8

Sheet Produkte
B1: =' '!A310 -> P R O D U K T E & D I E N S T L E I S T U N G E N
B4: =' '!A67 -> Nr. | C4: =' '!A311 -> Produkt/Dienstleistung | D4: =' '!A314 -> USP/UAP | E4: =' '!A315 -> Nachfrage | F4: =' '!A316 -> Umsatz | G4: =' '!A72 -> Chancen (+) und Gefahren (-) | H4: =' '!A318 -> Marketing Strategie | I4: =' '!A74 -> Status
B5: P1 | C5: Produit 1 | D5: 3 | E5: 8 | F5: 2 | J5: =IF(F5=3,3, IF(F5=2,2,1)) -> 2
B6: P2 | C6: Produit 2 | D6: 8 | E6: 6 | F6: 1 | J6: =IF(F6=3,3, IF(F6=2,2,1)) -> 1
B7: P3 | J7: =IF(F7=3,3, IF(F7=2,2,1)) -> 1
B8: P4 | J8: =IF(F8=3,3, IF(F8=2,2,1)) -> 1
B9: P5 | J9: =IF(F9=3,3, IF(F9=2,2,1)) -> 1
B10: P6 | J10: =IF(F10=3,3, IF(F10=2,2,1)) -> 1
B11: P7 | J11: =IF(F11=3,3, IF(F11=2,2,1)) -> 1
B12: P8 | J12: =IF(F12=3,3, IF(F12=2,2,1)) -> 1
B13: P9 | J13: =IF(F13=3,3, IF(F13=2,2,1)) -> 1
B14: P10 | J14: =IF(F14=3,3, IF(F14=2,2,1)) -> 1
B15: P11 | J15: =IF(F15=3,3, IF(F15=2,2,1)) -> 1
B16: P12 | J16: =IF(F16=3,3, IF(F16=2,2,1)) -> 1
B17: P13 | J17: =IF(F17=3,3, IF(F17=2,2,1)) -> 1
B18: P14 | J18: =IF(F18=3,3, IF(F18=2,2,1)) -> 1
... B24: P20 | J24: =IF(F24=3,3, IF(F24=2,2,1)) -> 1
B25: © iManagement • dr. s.imboden • www.2iManagement.ch
H36: =IF(C5<>"",CONCATENATE(" ",B5," ",C5),"") -> P1 Produit 1
H37: =IF(C6<>"",CONCATENATE(" ",B6," ",C6),"") -> P2 Produit 2
H38: =IF(C7<>"",CONCATENATE(" ",B7," ",C7),"")
H39: =IF(C8<>"",CONCATENATE(" ",B8," ",C8),"")
H40: =IF(C9<>"",CONCATENATE(" ",B9," ",C9),"")
H41: =IF(C10<>"",CONCATENATE(" ",B10," ",C10),"")
H42: =IF(C11<>"",CONCATENATE(" ",B11," ",C11),"")
H43: =IF(C12<>"",CONCATENATE(" ",B12," ",C12),"")
H44: =IF(C13<>"",CONCATENATE(" ",B13," ",C13),"")
H45: =IF(C14<>"",CONCATENATE(" ",B14," ",C14),"")
H46: =IF(C15<>"",CONCATENATE(" ",B15," ",C15),"")
H47: =IF(C16<>"",CONCATENATE(" ",B16," ",C16),"")
... H55: =IF(C24<>"",CONCATENATE(" ",B24," ",C24),"")

Sheet Packaging
B1: =' '!A681 -> P A C K A G I N G
C4: =' '!A682 -> Technische Funktion | G4: =' '!A683 -> Kommuniative Funktion
B6: t1 | C6: xy | D6: 5 | F6: c1 | G6: xy | H6: -5
B7: t2 | D7: 3 | F7: c2 | H7: -4
B8: t3 | F8: c3 | H8: -2
B9: t4 | F9: c4
B10: t5 | F10: c5
B11: t6 | F11: c6
B12: t7 | F12: c7
B13: t8 | F13: c8
B14: t9 | F14: c9
B15: t10 | F15: c10
B16: t11 | F16: c11
B17: t12 | F17: c12
B18: t13 | F18: c13
B19: t14 | F19: c14
B20: t15 | F20: c15
... B23: t18 | F23: c18
B24: © iManagement • dr. s.imboden • www.2iManagement.ch

Sheet Portfolio
B1: =' '!A119 -> B C G M A T R I X
B33: =' '!A67 -> Nr. | C33: =' '!A131 -> Produkt | D33: =' '!A122 -> Umsatz | E33: =' '!A123 -> Marktwachstum | F33: =' '!A121 -> Relativer Marktanteil | H33: =' '!A125 -> Bemerkungen
B34: 1 | C34: =IF(Produkte!$C$5="","",Produkte!$C$5) -> Produit 1 | D34: 1 | E34: 1 | F34: 1
B35: 2 | C35: =IF(Produkte!$C$6="","",Produkte!$C$6) -> Produit 2 | D35: 1 | E35: 3 | F35: 2
B36: 3 | C36: =IF(Produkte!$C$7="","",Produkte!$C$7)
B37: 4 | C37: =IF(Produkte!$C$8="","",Produkte!$C$8)
B38: 5 | C38: =IF(Produkte!$C$9="","",Produkte!$C$9)
B39: 6 | C39: =IF(Produkte!$C$10="","",Produkte!$C$10)
B40: 7 | C40: =IF(Produkte!$C$11="","",Produkte!$C$11)
B41: 8 | C41: =IF(Produkte!$C$12="","",Produkte!$C$12)
B42: 9 | C42: =IF(Produkte!$C$13="","",Produkte!$C$13)
B43: 10 | C43: =IF(Produkte!$C$14="","",Produkte!$C$14)
B44: © iManagement • dr. s.imboden • www.2iManagement.ch
B47: =' '!A134 -> M c K I N S E Y P O R T F O L I O
B50: =' '!A67 -> Nr. | C50: =' '!A131 -> Produkt | D50: =' '!A122 -> Umsatz | E50: =' '!A137 -> Wettbewerbs-position | F50: =' '!A135 -> Markt-attraktivität | H50: =' '!A125 -> Bemerkungen
B51: 1 | C51: =IF(Produkte!$C$5="","",Produkte!$C$5) -> Produit 1 | D51: 1 | E51: 3 | F51: 3
B52: 2 | C52: =IF(Produkte!$C$6="","",Produkte!$C$6) -> Produit 2 | D52: 1 | E52: 6 | F52: 4
B53: 3 | C53: =IF(Produkte!$C$7="","",Produkte!$C$7)
B54: 4 | C54: =IF(Produkte!$C$8="","",Produkte!$C$8)
B55: 5 | C55: =IF(Produkte!$C$9="","",Produkte!$C$9)
B56: 6 | C56: =IF(Produkte!$C$10="","",Produkte!$C$10)
B57: 7 | C57: =IF(Produkte!$C$11="","",Produkte!$C$11)
B58: 8 | C58: =IF(Produkte!$C$12="","",Produkte!$C$12)
B59: 9 | C59: =IF(Produkte!$C$13="","",Produkte!$C$13)
B60: 10 | C60: =IF(Produkte!$C$14="","",Produkte!$C$14)
B61: © iManagement • dr. s.imboden • www.2iManagement.ch

Sheet Lebenszyklus
B1: =' '!A519 -> P R O D U K T - L E B E N S Z Y K L U S
C34: © iManagement • dr. s.imboden • www.2iManagement.ch

Sheet Kommunikation
B1: =' '!A589 -> K O M M U N I K A T I O N
A4: x!A192
B7: =' '!A590 -> Werbung
B8: =' '!$A$156 -> Nr. | C8: =' '!A169 -> Bezeichnung | D8: =' '!$A$358 -> in % | E8: =' '!A160 -> Hauptstärken | F8: =' '!A161 -> Hauptschwächen | G8: =' '!A599 -> Impact | H8: =' '!A170 -> Bemerkungen | I8: =' '!$A$166 -> Status
B9: 1 | G9: 3 | I9: 2 | J9: =IF(G9=0,0.1,G9) -> 3
B10: 2 | G10: 4 | J10: =IF(G10=0,0.1,G10) -> 4
B11: 3 | G11: 3 | J11: =IF(G11=0,0.1,G11) -> 3
B12: 4 | J12: =IF(G12=0,0.1,G12) -> 0.1
B13: 5 | J13: =IF(G13=0,0.1,G13) -> 0.1
B14: 6 | J14: =IF(G14=0,0.1,G14) -> 0.1
B15: 7 | J15: =IF(G15=0,0.1,G15) -> 0.1
B16: 8 | J16: =IF(G16=0,0.1,G16) -> 0.1
B17: 9 | J17: =IF(G17=0,0.1,G17) -> 0.1
B18: 10 | J18: =IF(G18=0,0.1,G18) -> 0.1
C19: TOTAL | D19: =SUM(D9:D18) -> 0
B21: =' '!A598 -> Verkaufsförderung
B22: =' '!$A$156 -> Nr. | C22: =$C$8 -> Bezeichnung | D22: =' '!$A$358 -> in % | E22: =$E$8 -> Hauptstärken | F22: =$F$8 -> Hauptschwächen | G22: =$G$8 -> Impact | H22: =H8 -> Bemerkungen | I22: =' '!$A$166 -> Status
B23: 1 | D23: 0.8 | G23: 3 | I23: 2 | J23: =IF(G23=0,0.1,G23) -> 3
B24: 2 | D24: 0.01 | G24: 2 | J24: =IF(G24=0,0.1,G24) -> 2
B25: 3 | D25: 0.03 | G25: 4 | J25: =IF(G25=0,0.1,G25) -> 4
B26: 4 | D26: 0.02 | G26: 3 | J26: =IF(G26=0,0.1,G26) -> 3
B27: 5 | D27: 0.05 | G27: 2 | J27: =IF(G27=0,0.1,G27) -> 2
B28: 6 | D28: 0.05 | G28: 3 | J28: =IF(G28=0,0.1,G28) -> 3
B29: 7 | D29: 0.02 | G29: 3 | J29: =IF(G29=0,0.1,G29) -> 3
B30: 8 | D30: 0.02 | G30: 3 | J30: =IF(G30=0,0.1,G30) -> 3
B31: 9 | G31: 2 | J31: =IF(G31=0,0.1,G31) -> 2
B32: 10 | G32: 2 | J32: =IF(G32=0,0.1,G32) -> 2
C33: TOTAL | D33: =SUM(D23:D32) -> 1
B35: =' '!A592 -> Pers. Verkauf
B36: =' '!$A$156 -> Nr. | C36: =$C$8 -> Bezeichnung | D36: =' '!$A$358 -> in % | E36: =$E$8 -> Hauptstärken | F36: =$F$8 -> Hauptschwächen | G36: =$G$8 -> Impact | H36: =H22 -> Bemerkungen | I36: =' '!$A$166 -> Status
B37: 1 | G37: 3 | I37: 2 | J37: =IF(G37=0,0.1,G37) -> 3
B38: 2 | G38: 1 | J38: =IF(G38=0,0.1,G38) -> 1
B39: 3 | J39: =IF(G39=0,0.1,G39) -> 0.1
B40: 4 | J40: =IF(G40=0,0.1,G40) -> 0.1
B41: 5 | J41: =IF(G41=0,0.1,G41) -> 0.1
B42: 6 | J42: =IF(G42=0,0.1,G42) -> 0.1
B43: 7 | J43: =IF(G43=0,0.1,G43) -> 0.1
B44: 8 | J44: =IF(G44=0,0.1,G44) -> 0.1
B45: 9 | J45: =IF(G45=0,0.1,G45) -> 0.1
B46: 10 | J46: =IF(G46=0,0.1,G46) -> 0.1
C47: TOTAL | D47: =SUM(D37:D46) -> 0
B49: =' '!A593 -> Internet
B50: =' '!$A$156 -> Nr. | C50: =$C$8 -> Bezeichnung | D50: =' '!$A$358 -> in % | E50: =$E$8 -> Hauptstärken | F50: =$F$8 -> Hauptschwächen | G50: =$G$8 -> Impact | H50: =H36 -> Bemerkungen | I50: =' '!$A$166 -> Status
B51: 1 | G51: 3 | I51: 2 | J51: =IF(G51=0,0.1,G51) -> 3
B52: 2 | G52: 1 | J52: =IF(G52=0,0.1,G52) -> 1
B53: 3 | J53: =IF(G53=0,0.1,G53) -> 0.1
B54: 4 | J54: =IF(G54=0,0.1,G54) -> 0.1
B55: 5 | J55: =IF(G55=0,0.1,G55) -> 0.1
B56: 6 | J56: =IF(G56=0,0.1,G56) -> 0.1
B57: 7 | J57: =IF(G57=0,0.1,G57) -> 0.1
B58: 8 | J58: =IF(G58=0,0.1,G58) -> 0.1
B59: 9 | J59: =IF(G59=0,0.1,G59) -> 0.1
B60: 10 | J60: =IF(G60=0,0.1,G60) -> 0.1
C61: TOTAL | D61: =SUM(D51:D60) -> 0
B63: =' '!A594 -> Social Medias
B64: =' '!$A$156 -> Nr. | C64: =$C$8 -> Bezeichnung | D64: =' '!$A$358 -> in % | E64: =$E$8 -> Hauptstärken | F64: =$F$8 -> Hauptschwächen | G64: =$G$8 -> Impact | H64: =H50 -> Bemerkungen | I64: =' '!$A$166 -> Status
B65: 1 | G65: 4 | I65: 2 | J65: =IF(G65=0,0.1,G65) -> 4
B66: 2 | G66: 1 | J66: =IF(G66=0,0.1,G66) -> 1
B67: 3 | J67: =IF(G67=0,0.1,G67) -> 0.1
B68: 4 | J68: =IF(G68=0,0.1,G68) -> 0.1
B69: 5 | J69: =IF(G69=0,0.1,G69) -> 0.1
B70: 6 | J70: =IF(G70=0,0.1,G70) -> 0.1
B71: 7 | J71: =IF(G71=0,0.1,G71) -> 0.1
B72: 8 | J72: =IF(G72=0,0.1,G72) -> 0.1
B73: 9 | J73: =IF(G73=0,0.1,G73) -> 0.1
B74: 10 | J74: =IF(G74=0,0.1,G74) -> 0.1
C75: TOTAL | D75: =SUM(D65:D74) -> 0
B77: =' '!A595 -> Direct Marketing
B78: =' '!$A$156 -> Nr. | C78: =$C$8 -> Bezeichnung | D78: =' '!$A$358 -> in % | E78: =$E$8 -> Hauptstärken | F78: =$F$8 -> Hauptschwächen | G78: =$G$8 -> Impact | H78: =H64 -> Bemerkungen | I78: =' '!$A$166 -> Status
B79: 1 | G79: 3 | I79: 2 | J79: =IF(G79=0,0.1,G79) -> 3
B80: 2 | G80: 3 | J80: =IF(G80=0,0.1,G80) -> 3
B81: 3 | J81: =IF(G81=0,0.1,G81) -> 0.1
B82: 4 | J82: =IF(G82=0,0.1,G82) -> 0.1
B83: 5 | J83: =IF(G83=0,0.1,G83) -> 0.1
B84: 6 | J84: =IF(G84=0,0.1,G84) -> 0.1
B85: 7 | J85: =IF(G85=0,0.1,G85) -> 0.1
B86: 8 | J86: =IF(G86=0,0.1,G86) -> 0.1
B87: 9 | J87: =IF(G87=0,0.1,G87) -> 0.1
B88: 10 | J88: =IF(G88=0,0.1,G88) -> 0.1
C89: TOTAL | D89: =SUM(D79:D88) -> 0
B91: =' '!A596 -> Public Relations
B92: =' '!$A$156 -> Nr. | C92: =$C$8 -> Bezeichnung | D92: =' '!$A$358 -> in % | E92: =$E$8 -> Hauptstärken | F92: =$F$8 -> Hauptschwächen | G92: =$G$8 -> Impact | H92: =H78 -> Bemerkungen | I92: =' '!$A$166 -> Status
B93: 1 | G93: 3 | I93: 2 | J93: =IF(G93=0,0.1,G93) -> 3
B94: 2 | G94: 1 | J94: =IF(G94=0,0.1,G94) -> 1
B95: 3 | J95: =IF(G95=0,0.1,G95) -> 0.1
B96: 4 | J96: =IF(G96=0,0.1,G96) -> 0.1
B97: 5 | J97: =IF(G97=0,0.1,G97) -> 0.1
B98: 6 | J98: =IF(G98=0,0.1,G98) -> 0.1
B99: 7 | J99: =IF(G99=0,0.1,G99) -> 0.1
B100: 8 | J100: =IF(G100=0,0.1,G100) -> 0.1
B101: 9 | J101: =IF(G101=0,0.1,G101) -> 0.1
B102: 10 | J102: =IF(G102=0,0.1,G102) -> 0.1
C103: TOTAL | D103: =SUM(D93:D102) -> 0
B105: =' '!A597 -> Diverses
B106: =' '!$A$156 -> Nr. | C106: =$C$8 -> Bezeichnung | D106: =' '!$A$358 -> in % | E106: =$E$8 -> Hauptstärken | F106: =$F$8 -> Hauptschwächen | G106: =$G$8 -> Impact | H106: =H92 -> Bemerkungen | I106: =' '!$A$166 -> Status
B107: 1 | G107: 3 | I107: 2 | J107: =IF(G107=0,0.1,G107) -> 3
B108: 2 | G108: 4 | J108: =IF(G108=0,0.1,G108) -> 4
B109: 3 | G109: 1 | J109: =IF(G109=0,0.1,G109) -> 1
B110: 4 | J110: =IF(G110=0,0.1,G110) -> 0.1
B111: 5 | J111: =IF(G111=0,0.1,G111) -> 0.1
...

Sheet Matrix
B1: =' '!A626 -> V E R G L E I C H S - M A T R I X
D4: =E15 -> ? | E4: =G15 -> ? | F4: =I15 -> ? | G4: =K15 -> ? | H4: =M15 -> ? | I4: =O15 -> ?
C5: =IF(C24<>"",C24,"") -> Kriterium 8 | D5: =IF(C24<>"",F24,"") -> 20 | E5: =IF(C24<>"",H24,"") -> 20 | F5: =IF(C24<>"",J24,"") -> 20 | G5: =IF(C24<>"",L24,"") -> 20 | H5: =IF(C24<>"",N24,"") -> 20 | I5: =IF(C24<>"",P24,"") -> 50
C6: =IF(C23<>"",C23,"") -> Kriterium 7 | D6: =IF(C23<>"",F23,"") -> 56 | E6: =IF(C23<>"",H23,"") -> 21 | F6: =IF(C23<>"",J23,"") -> 21 | G6: =IF(C23<>"",L23,"") -> 21 | H6: =IF(C23<>"",N23,"") -> 21 | I6: =IF(C23<>"",P23,"") -> 63
C7: =IF(C22<>"",C22,"") -> Kriterium 6 | D7: =IF(C22<>"",F22,"") -> 35 | E7: =IF(C22<>"",H22,"") -> 30 | F7: =IF(C22<>"",J22,"") -> 35 | G7: =IF(C22<>"",L22,"") -> 30 | H7: =IF(C22<>"",N22,"") -> 30 | I7: =IF(C22<>"",P22,"") -> 30
C8: =IF(C21<>"",C21,"") -> Kriterium 5 | D8: =IF(C21<>"",F21,"") -> 16 | E8: =IF(C21<>"",H21,"") -> 16 | F8: =IF(C21<>"",J21,"") -> 16 | G8: =IF(C21<>"",L21,"") -> 16 | H8: =IF(C21<>"",N21,"") -> 16 | I8: =IF(C21<>"",P21,"") -> 16
C9: =IF(C20<>"",C20,"") -> Kriterium 4 | D9: =IF(C20<>"",F20,"") -> 81 | E9: =IF(C20<>"",H20,"") -> 81 | F9: =IF(C20<>"",J20,"") -> 54 | G9: =IF(C20<>"",L20,"") -> 36 | H9: =IF(C20<>"",N20,"") -> 9 | I9: =IF(C20<>"",P20,"") -> 18
C10: =IF(C19<>"",C19,"") -> Kriterium 3 | D10: =IF(C19<>"",F19,"") -> 25 | E10: =IF(C19<>"",H19,"") -> 25 | F10: =IF(C19<>"",J19,"") -> 25 | G10: =IF(C19<>"",L19,"") -> 25 | H10: =IF(C19<>"",N19,"") -> 25 | I10: =IF(C19<>"",P19,"") -> 25
A11: x!A192 | C11: =IF(C18<>"",C18,"") -> Kriterium 2 | D11: =IF(C18<>"",F18,"") -> 25 | E11: =IF(C18<>"",H18,"") -> 25 | F11: =IF(C18<>"",J18,"") -> 25 | G11: =IF(C18<>"",L18,"") -> 25 | H11: =IF(C18<>"",N18,"") -> 25 | I11: =IF(C18<>"",P18,"") -> 25
C12: =IF(C17<>"",C17,"") -> Kriterium 1 | D12: =IF(C17<>"",F17,"") -> 100 | E12: =IF(C17<>"",H17,"") -> 40 | F12: =IF(C17<>"",J17,"") -> 40 | G12: =IF(C17<>"",L17,"") -> 40 | H12: =IF(C17<>"",N17,"") -> 40 | I12: =IF(C17<>"",P17,"") -> 40
B15: =' '!$A$156 -> Nr. | D15: =' '!A629 -> Gewichtung | E15: ? | G15: ? | I15: ? | K15: ? | M15: ? | O15: ?
E16: =' '!A630 -> Bewertung | F16: =' '!A631 -> Total | G16: =E16 -> Bewertung | H16: =F16 -> Total | I16: =E16 -> Bewertung | J16: =F16 -> Total | K16: =E16 -> Bewertung | L16: =F16 -> Total | M16: =E16 -> Bewertung | N16: =F16 -> Total | O16: =E16 -> Bewertung | P16: =F16 -> Total
B17: 1 | C17: Kriterium 1 | D17: 10 | E17: 10 | F17: =E17*D17 -> 100 | G17: 4 | H17: =D17*G17 -> 40 | I17: 4 | J17: =D17*I17 -> 40 | K17: 4 | L17: =D17*K17 -> 40 | M17: 4 | N17: =D17*M17 -> 40 | O17: 4 | P17: =D17*O17 -> 40
B18: 2 | C18: Kriterium 2 | D18: 5 | E18: 5 | F18: =E18*D18 -> 25 | G18: 5 | H18: =D18*G18 -> 25 | I18: 5 | J18: =D18*I18 -> 25 | K18: 5 | L18: =D18*K18 -> 25 | M18: 5 | N18: =D18*M18 -> 25 | O18: 5 | P18: =D18*O18 -> 25
B19: 3 | C19: Kriterium 3 | D19: 5 | E19: 5 | F19: =E19*D19 -> 25 | G19: 5 | H19: =D19*G19 -> 25 | I19: 5 | J19: =D19*I19 -> 25 | K19: 5 | L19: =D19*K19 -> 25 | M19: 5 | N19: =D19*M19 -> 25 | O19: 5 | P19: =D19*O19 -> 25
B20: 4 | C20: Kriterium 4 | D20: 9 | E20: 9 | F20: =E20*D20 -> 81 | G20: 9 | H20: =D20*G20 -> 81 | I20: 6 | J20: =D20*I20 -> 54 | K20: 4 | L20: =D20*K20 -> 36 | M20: 1 | N20: =D20*M20 -> 9 | O20: 2 | P20: =D20*O20 -> 18
B21: 5 | C21: Kriterium 5 | D21: 4 | E21: 4 | F21: =E21*D21 -> 16 | G21: 4 | H21: =D21*G21 -> 16 | I21: 4 | J21: =D21*I21 -> 16 | K21: 4 | L21: =D21*K21 -> 16 | M21: 4 | N21: =D21*M21 -> 16 | O21: 4 | P21: =D21*O21 -> 16
B22: 6 | C22: Kriterium 6 | D22: 5 | E22: 7 | F22: =E22*D22 -> 35 | G22: 6 | H22: =D22*G22 -> 30 | I22: 7 | J22: =D22*I22 -> 35 | K22: 6 | L22: =D22*K22 -> 30 | M22: 6 | N22: =D22*M22 -> 30 | O22: 6 | P22: =D22*O22 -> 30
B23: 7 | C23: Kriterium 7 | D23: 7 | E23: 8 | F23: =E23*D23 -> 56 | G23: 3 | H23: =D23*G23 -> 21 | I23: 3 | J23: =D23*I23 -> 21 | K23: 3 | L23: =D23*K23 -> 21 | M23: 3 | N23: =D23*M23 -> 21 | O23: 9 | P23: =D23*O23 -> 63
B24: 8 | C24: Kriterium 8 | D24: 5 | E24: 4 | F24: =E24*D24 -> 20 | G24: 4 | H24: =D24*G24 -> 20 | I24: 4 | J24: =D24*I24 -> 20 | K24: 4 | L24: =D24*K24 -> 20 | M24: 4 | N24: =D24*M24 -> 20 | O24: 10 | P24: =D24*O24 -> 50
C25: =' '!A631 -> Total | F25: =SUM(F17:F24) -> 358 | H25: =SUM(H17:H24) -> 258 | J25: =SUM(J17:J24) -> 236 | L25: =SUM(L17:L24) -> 213 | N25: =SUM(N17:N24) -> 186 | P25: =SUM(P17:P24) -> 267
B26: © iManagement • dr. s.imboden • www.2iManagement.ch

Sheet Massnahmen
C1: =' '!A490 -> M A R K E T I N G Z I E L E & S T R A T E G I E N
B5: =' '!A495 -> Nr. | C5: =' '!A503 -> Marketing-Ziele | D5: =B5 -> Nr. | E5: =' '!A504 -> Indikatoren | G5: =' '!A498 -> IST | H5: =' '!A499 -> SOLL | I5: =' '!A500 -> erreicht | J5: =' '!A501 -> rot | K5: =' '!A502 -> gelb | M5: =B5 -> Nr. | N5: =' '!A496 -> Strategien | O5: =B5 -> Nr. | P5: =' '!A497 -> Strategische Indikatoren | R5: =G5 -> IST | S5: =H5 -> SOLL | T5: =I5 -> erreicht | U5: =J5 -> rot | V5: =K5 -> gelb | X5: Filter in Kolonne B
X6: =IF($C$7="","","drucken") -> drucken
A7: =IF($C$7="","","ok") -> ok | B7: 1 | C7: Ziel 1 | D7: i1 | E7: Indikator 1 | F7: =IF(E7<>"","?","") -> ? | G7: 50 | H7: 100 | I7: =IF(OR(G7="Ja",G7="JA",G7="ja",G7="Oui",G7="OUI",G7="oui"),100%, IF(OR(G7="Nein",G7="NEIN",G7="nein",G7="Oon",G7="NON",G7="non"),0%, IF(G7<>0, IF(H7>=G7,G7/H7, IF(H7<G7,H7/G7)), 0%))) -> 0.5 | J7: 0.7 | K7: 0.9 | L7: =IF(E7="","",IF(I7<=J7,3,IF(I7<=K7,2,1))) -> 3 | M7: s1 | N7: Strategie 1 | O7: o1 | P7: Indikator 1 | Q7: =IF(P7<>"","?","") -> ? | R7: 0.1 | S7: 1 | T7: =IF(OR(R7="Ja",R7="JA",R7="ja",R7="Oui",R7="OUI",R7="oui"),100%, IF(OR(R7="Nein",R7="NEIN",R7="nein",R7="Oon",R7="NON",R7="non"),0%, IF(R7<>0, IF(S7>=R7,R7/S7, IF(S7<R7,S7/R7)), 0%))) -> 0.1 | U7: 0.7 | V7: 0.9 | W7: =IF(P7="","",IF(T7<=U7,3,IF(T7<=V7,2,1))) -> 3 | X7: =IF($C$7="","","drucken") -> drucken
A8: =IF($C$7="","","ok") -> ok | B8: 1 | M8: s2 | O8: o2 | Q8: =IF(P8<>"","?","") | T8: =IF(OR(R8="Ja",R8="JA",R8="ja",R8="Oui",R8="OUI",R8="oui"),100%, IF(OR(R8="Nein",R8="NEIN",R8="nein",R8="Oon",R8="NON",R8="non"),0%, IF(R8<>0, IF(S8>=R8,R8/S8, IF(S8<R8,S8/R8)), 0%))) -> 0 | U8: 0.7 | V8: 0.9 | W8: =IF(P8="","",IF(T8<=U8,3,IF(T8<=V8,2,1))) | X8: =IF($C$7="","","drucken") -> drucken
A9: =IF($C$7="","","ok") -> ok | B9: 1 | D9: s2 | F9: =IF(E9<>"","?","") | I9: =IF(OR(G9="Ja",G9="JA",G9="ja",G9="Oui",G9="OUI",G9="oui"),100%, IF(OR(G9="Nein",G9="NEIN",G9="nein",G9="Oon",G9="NON",G9="non"),0%, IF(G9<>0, IF(H9>=G9,G9/H9, IF(H9<G9,H9/G9)), 0%))) -> 0 | J9: 0.7 | K9: 0.9 | L9: =IF(E9="","",IF(I9<=J9,3,IF(I9<=K9,2,1))) | M9: s3 | O9: o3 | Q9: =IF(P9<>"","?","") | T9: =IF(OR(R9="Ja",R9="JA",R9="ja",R9="Oui",R9="OUI",R9="oui"),100%, IF(OR(R9="Nein",R9="NEIN",R9="nein",R9="Oon",R9="NON",R9="non"),0%, IF(R9<>0, IF(S9>=R9,R9/S9, IF(S9<R9,S9/R9)), 0%))) -> 0 | U9: 0.7 | V9: 0.9 | W9: =IF(P9="","",IF(T9<=U9,3,IF(T9<=V9,2,1))) | X9: =IF($C$7="","","drucken") -> drucken
A10: =IF($C$7="","","ok") -> ok | B10: 1 | M10: s4 | O10: o4 | Q10: =IF(P10<>"","?","") | T10: =IF(OR(R10="Ja",R10="JA",R10="ja",R10="Oui",R10="OUI",R10="oui"),100%, IF(OR(R10="Nein",R10="NEIN",R10="nein",R10="Oon",R10="NON",R10="non"),0%, IF(R10<>0, IF(S10>=R10,R10/S10, IF(S10<R10,S10/R10)), 0%))) -> 0 | U10: 0.7 | V10: 0.9 | W10: =IF(P10="","",IF(T10<=U10,3,IF(T10<=V10,2,1))) | X10: =IF($C$7="","","drucken") -> drucken
A11: =IF($C$7="","","ok") -> ok | B11: 1 | D11: s3 | F11: =IF(E11<>"","?","") | I11: =IF(OR(G11="Ja",G11="JA",G11="ja",G11="Oui",G11="OUI",G11="oui"),100%, IF(OR(G11="Nein",G11="NEIN",G11="nein",G11="Oon",G11="NON",G11="non"),0%, IF(G11<>0, IF(H11>=G11,G11/H11, IF(H11<G11,H11/G11)), 0%))) -> 0 | J11: 0.7 | K11: 0.9 | L11: =IF(E11="","",IF(I11<=J11,3,IF(I11<=K11,2,1))) | M11: s5 | O11: o5 | Q11: =IF(P11<>"","?","") | T11: =IF(OR(R11="Ja",R11="JA",R11="ja",R11="Oui",R11="OUI",R11="oui"),100%, IF(OR(R11="Nein",R11="NEIN",R11="nein",R11="Oon",R11="NON",R11="non"),0%, IF(R11<>0, IF(S11>=R11,R11/S11, IF(S11<R11,S11/R11)), 0%))) -> 0 | U11: 0.7 | V11: 0.9 | W11: =IF(P11="","",IF(T11<=U11,3,IF(T11<=V11,2,1))) | X11: =IF($C$7="","","drucken") -> drucken
A12: =IF($C$7="","","ok") -> ok | B12: 1 | M12: s6 | O12: o6 | Q12: =IF(P12<>"","?","") | T12: =IF(OR(R12="Ja",R12="JA",R12="ja",R12="Oui",R12="OUI",R12="oui"),100%, IF(OR(R12="Nein",R12="NEIN",R12="nein",R12="Oon",R12="NON",R12="non"),0%, IF(R12<>0, IF(S12>=R12,R12/S12, IF(S12<R12,S12/R12)), 0%))) -> 0 | U12: 0.7 | V12: 0.9 | W12: =IF(P12="","",IF(T12<=U12,3,IF(T12<=V12,2,1))) | X12: =IF($C$7="","","drucken") -> drucken
A13: =IF($C$7="","","ok") -> ok | B13: 1 | D13: s4 | F13: =IF(E13<>"","?","") | I13: =IF(OR(G13="Ja",G13="JA",G13="ja",G13="Oui",G13="OUI",G13="oui"),100%, IF(OR(G13="Nein",G13="NEIN",G13="nein",G13="Oon",G13="NON",G13="non"),0%, IF(G13<>0, IF(H13>=G13,G13/H13, IF(H13<G13,H13/G13)), 0%))) -> 0 | J13: 0.7 | K13: 0.9 | L13: =IF(E13="","",IF(I13<=J13,3,IF(I13<=K13,2,1))) | M13: s7 | O13: o7 | Q13: =IF(P13<>"","?","") | T13: =IF(OR(R13="Ja",R13="JA",R13="ja",R13="Oui",R13="OUI",R13="oui"),100%, IF(OR(R13="Nein",R13="NEIN",R13="nein",R13="Oon",R13="NON",R13="non"),0%, IF(R13<>0, IF(S13>=R13,R13/S13, IF(S13<R13,S13/R13)), 0%))) -> 0 | U13: 0.7 | V13: 0.9 | W13: =IF(P13="","",IF(T13<=U13,3,IF(T13<=V13,2,1))) | X13: =IF($C$7="","","drucken") -> drucken
A14: =IF($C$7="","","ok") -> ok | B14: 1 | M14: s8 | O14: o8 | Q14: =IF(P14<>"","?","") | T14: =IF(OR(R14="Ja",R14="JA",R14="ja",R14="Oui",R14="OUI",R14="oui"),100%, IF(OR(R14="Nein",R14="NEIN",R14="nein",R14="Oon",R14="NON",R14="non"),0%, IF(R14<>0, IF(S14>=R14,R14/S14, IF(S14<R14,S14/R14)), 0%))) -> 0 | U14: 0.7 | V14: 0.9 | W14: =IF(P14="","",IF(T14<=U14,3,IF(T14<=V14,2,1))) | X14: =IF($C$7="","","drucken") -> drucken
A15: =IF($C$15="","","ok") -> ok | B15: 2 | C15: Ziel 2 | D15: s5 | F15: =IF(E15<>"","?","") | I15: =IF(OR(G15="Ja",G15="JA",G15="ja",G15="Oui",G15="OUI",G15="oui"),100%, IF(OR(G15="Nein",G15="NEIN",G15="nein",G15="Oon",G15="NON",G15="non"),0%, IF(G15<>0, IF(H15>=G15,G15/H15, IF(H15<G15,H15/G15)), 0%))) -> 0 | J15: 0.7 | K15: 0.9 | L15: =IF(E15="","",IF(I15<=J15,3,IF(I15<=K15,2,1))) | M15: s9 | O15: o9 | Q15: =IF(P15<>"","?","") | T15: =IF(OR(R15="Ja",R15="JA",R15="ja",R15="Oui",R15="OUI",R15="oui"),100%, IF(OR(R15="Nein",R15="NEIN",R15="nein",R15="Oon",R15="NON",R15="non"),0%, IF(R15<>0, IF(S15>=R15,R15/S15, IF(S15<R15,S15/R15)), 0%))) -> 0 | U15: 0.7 | V15: 0.9 | W15: =IF(P15="","",IF(T15<=U15,3,IF(T15<=V15,2,1))) | X15: =IF($C$15="","","drucken") -> drucken
A16: =IF($C$15="","","ok") -> ok | B16: 2 | M16: s10 | O16: o10 | Q16: =IF(P16<>"","?","") | T16: =IF(OR(R16="Ja",R16="JA",R16="ja",R16="Oui",R16="OUI",R16="oui"),100%, IF(OR(R16="Nein",R16="NEIN",R16="nein",R16="Oon",R16="NON",R16="non"),0%, IF(R16<>0, IF(S16>=R16,R16/S16, IF(S16<R16,S16/R16)), 0%))) -> 0 | U16: 0.7 | V16: 0.9 | W16: =IF(P16="","",IF(T16<=U16,3,IF(T16<=V16,2,1))) | X16: =IF($C$15="","","drucken") -> drucken
A17: =IF($C$15="","","ok") -> ok | B17: 2 | D17: s6 | F17: =IF(E17<>"","?","") | I17: =IF(OR(G17="Ja",G17="JA",G17="ja",G17="Oui",G17="OUI",G17="oui"),100%, IF(OR(G17="Nein",G17="NEIN",G17="nein",G17="Oon",G17="NON",G17="non"),0%, IF(G17<>0, IF(H17>=G17,G17/H17, IF(H17<G17,H17/G17)), 0%))) -> 0 | J17: 0.7 | K17: 0.9 | L17: =IF(E17="","",IF(I17<=J17,3,IF(I17<=K17,2,1))) | M17: s11 | O17: o11 | Q17: =IF(P17<>"","?","") | T17: =IF(OR(R17="Ja",R17="JA",R17="ja",R17="Oui",R17="OUI",R17="oui"),100%, IF(OR(R17="Nein",R17="NEIN",R17="nein",R17="Oon",R17="NON",R17="non"),0%, IF(R17<>0, IF(S17>=R17,R17/S17, IF(S17<R17,S17/R17)), 0%))) -> 0 | U17: 0.7 | V17: 0.9 | W17: =IF(P17="","",IF(T17<=U17,3,IF(T17<=V17,2,1))) | X17: =IF($C$15="","","drucken") -> drucken
A18: =IF($C$15="","","ok") -> ok | B18: 2 | M18: s12 | O18: o12 | Q18: =IF(P18<>"","?","") | T18: =IF(OR(R18="Ja",R18="JA",R18="ja",R18="Oui",R18="OUI",R18="oui"),100%, IF(OR(R18="Nein",R18="NEIN",R18="nein",R18="Oon",R18="NON",R18="non"),0%, IF(R18<>0, IF(S18>=R18,R18/S18, IF(S18<R18,S18/R18)), 0%))) -> 0 | U18: 0.7 | V18: 0.9 | W18: =IF(P18="","",IF(T18<=U18,3,IF(T18<=V18,2,1))) | X18: =IF($C$15="","","drucken") -> drucken
A19: =IF($C$15="","","ok") -> ok | B19: 2 | D19: s7 | F19: =IF(E19<>"","?","") | I19: =IF(OR(G19="Ja",G19="JA",G19="ja",G19="Oui",G19="OUI",G19="oui"),100%, IF(OR(G19="Nein",G19="NEIN",G19="nein",G19="Oon",G19="NON",G19="non"),0%, IF(G19<>0, IF(H19>=G19,G19/H19, IF(H19<G19,H19/G19)), 0%))) -> 0 | J19: 0.7 | K19: 0.9 | L19: =IF(E19="","",IF(I19<=J19,3,IF(I19<=K19,2,1))) | M19: s13 | O19: o13 | Q19: =IF(P19<>"","?","") | T19: =IF(OR(R19="Ja",R19="JA",R19="ja",R19="Oui",R19="OUI",R19="oui"),100%, IF(OR(R19="Nein",R19="NEIN",R19="nein",R19="Oon",R19="NON",R19="non"),0%, IF(R19<>0, IF(S19>=R19,R19/S19, IF(S19<R19,S19/R19)), 0%))) -> 0 | U19: 0.7 | V19: 0.9 | W19: =IF(P19="","",IF(T19<=U19,3,IF(T19<=V19,2,1))) | X19: =IF($C$15="","","drucken") -> drucken
A20: =IF($C$15="","","ok") -> ok | B20: 2 | M20: s14 | O20: o14 | Q20: =IF(P20<>"","?","") | T20: =IF(OR(R20="Ja",R20="JA",R20="ja",R20="Oui",R20="OUI",R20="oui"),100%, IF(OR(R20="Nein",R20="NEIN",R20="nein",R20="Oon",R20="NON",R20="non"),0%, IF(R20<>0, IF(S20>=R20,R20/S20, IF(S20<R20,S20/R20)), 0%))) -> 0 | U20: 0.7 | V20: 0.9 | W20: =IF(P20="","",IF(T20<=U20,3,IF(T20<=V20,2,1))) | X20: =IF($C$15="","","drucken") -> drucken
A21: =IF($C$15="","","ok") -> ok | B21: 2 | D21: s8 | F21: =IF(E21<>"","?","") | I21: =IF(OR(G21="Ja",G21="JA",G21="ja",G21="Oui",G21="OUI",G21="oui"),100%, IF(OR(G21="Nein",G21="NEIN",G21="nein",G21="Oon",G21="NON",G21="non"),0%, IF(G21<>0, IF(H21>=G21,G21/H21, IF(H21<G21,H21/G21)), 0%))) -> 0 | J21: 0.7 | K21: 0.9 | L21: =IF(E21="","",IF(I21<=J21,3,IF(I21<=K21,2,1))) | M21: s15 | O21: o15 | Q21: =IF(P21<>"","?","") | T21: =IF(OR(R21="Ja",R21="JA",R21="ja",R21="Oui",R21="OUI",R21="oui"),100%, IF(OR(R21="Nein",R21="NEIN",R21="nein",R21="Oon",R21="NON",R21="non"),0%, IF(R21<>0, IF(S21>=R21,R21/S21, IF(S21<R21,S21/R21)), 0%))) -> 0 | U21: 0.7 | V21: 0.9 | W21: =IF(P21="","",IF(T21<=U21,3,IF(T21<=V21,2,1))) | X21: =IF($C$15="","","drucken") -> drucken
A22: =IF($C$15="","","ok") -> ok | B22: 2 | M22: s16 | O22: o16 | Q22: =IF(P22<>"","?","") | T22: =IF(OR(R22="Ja",R22="JA",R22="ja",R22="Oui",R22="OUI",R22="oui"),100%, IF(OR(R22="Nein",R22="NEIN",R22="nein",R22="Oon",R22="NON",R22="non"),0%, IF(R22<>0, IF(S22>=R22,R22/S22, IF(S22<R22,S22/R22)), 0%))) -> 0 | U22: 0.7 | V22: 0.9 | W22: =IF(P22="","",IF(T22<=U22,3,IF(T22<=V22,2,1))) | X22: =IF($C$15="","","drucken") -> drucken
A23: =IF($C$23="","","ok") -> ok | B23: 3 | C23: Ziel 3 | D23: s9 | F23: =IF(E23<>"","?","") | I23: =IF(OR(G23="Ja",G23="JA",G23="ja",G23="Oui",G23="OUI",G23="oui"),100%, IF(OR(G23="Nein",G23="NEIN",G23="nein",G23="Oon",G23="NON",G23="non"),0%, IF(G23<>0, IF(H23>=G23,G23/H23, IF(H23<G23,H23/G23)), 0%))) -> 0 | J23: 0.7 | K23: 0.9 | L23: =IF(E23="","",IF(I23<=J23,3,IF(I23<=K23,2,1))) | M23: s17 | O23: o17 | Q23: =IF(P23<>"","?","") | T23: =IF(OR(R23="Ja",R23="JA",R23="ja",R23="Oui",R23="OUI",R23="oui"),100%, IF(OR(R23="Nein",R23="NEIN",R23="nein",R23="Oon",R23="NON",R23="non"),0%, IF(R23<>0, IF(S23>=R23,R23/S23, IF(S23<R23,S23/R23)), 0%))) -> 0 | U23: 0.7 | V23: 0.9 | W23: =IF(P23="","",IF(T23<=U23,3,IF(T23<=V23,2,1))) | X23: =IF($C$23="","","drucken") -> drucken
A24: =IF($C$23="","","ok") -> ok | B24: 3 | M24: s18 | O24: o18 | Q24: =IF(P24<>"","?","") | T24: =IF(OR(R24="Ja",R24="JA",R24="ja",R24="Oui",R24="OUI",R24="oui"),100%, IF(OR(R24="Nein",R24="NEIN",R24="nein",R24="Oon",R24="NON",R24="non"),0%, IF(R24<>0, IF(S24>=R24,R24/S24, IF(S24<R24,S24/R24)), 0%))) -> 0 | U24: 0.7 | V24: 0.9 | W24: =IF(P24="","",IF(T24<=U24,3,IF(T24<=V24,2,1))) | X24: =IF($C$23="","","drucken") -> drucken
A25: =IF($C$23="","","ok") -> ok | B25: 3 | D25: s10 | F25: =IF(E25<>"","?","") | I25: =IF(OR(G25="Ja",G25="JA",G25="ja",G25="Oui",G25="OUI",G25="oui"),100%, IF(OR(G25="Nein",G25="NEIN",G25="nein",G25="Oon",G25="NON",G25="non"),0%, IF(G25<>0, IF(H25>=G25,G25/H25, IF(H25<G25,H25/G25)), 0%))) -> 0 | J25: 0.7 | K25: 0.9 | L25: =IF(E25="","",IF(I25<=J25,3,IF(I25<=K25,2,1))) | M25: s19 | O25: o19 | Q25: =IF(P25<>"","?","") | T25: =IF(OR(R25="Ja",R25="JA",R25="ja",R25="Oui",R25="OUI",R25="oui"),100%, IF(OR(R25="Nein",R25="NEIN",R25="nein",R25="Oon",R25="NON",R25="non"),0%, IF(R25<>0, IF(S25>=R25,R25/S25, IF(S25<R25,S25/R25)), 0%))) -> 0 | U25: 0.7 | V25: 0.9 | W25: =IF(P25="","",IF(T25<=U25,3,IF(T25<=V25,2,1))) | X25: =IF($C$23="","","drucken") -> drucken
A26: =IF($C$23="","","ok") -> ok | B26: 3 | M26: s20 | O26: o20 | Q26: =IF(P26<>"","?","") | T26: =IF(OR(R26="Ja",R26="JA",R26="ja",R26="Oui",R26="OUI",R26="oui"),100%, IF(OR(R26="Nein",R26="NEIN",R26="nein",R26="Oon",R26="NON",R26="non"),0%, IF(R26<>0, IF(S26>=R26,R26/S26, IF(S26<R26,S26/R26)), 0%))) -> 0 | U26: 0.7 | V26: 0.9 | W26: =IF(P26="","",IF(T26<=U26,3,IF(T26<=V26,2,1))) | X26: =IF($C$23="","","drucken") -> drucken
A27: =IF($C$23="","","ok") -> ok | B27: 3 | D27: s11 | F27: =IF(E27<>"","?","") | I27: =IF(OR(G27="Ja",G27="JA",G27="ja",G27="Oui",G27="OUI",G27="oui"),100%, IF(OR(G27="Nein",G27="NEIN",G27="nein",G27="Oon",G27="NON",G27="non"),0%, IF(G27<>0, IF(H27>=G27,G27/H27, IF(H27<G27,H27/G27)), 0%))) -> 0 | J27: 0.7 | K27: 0.9 | L27: =IF(E27="","",IF(I27<=J27,3,IF(I27<=K27,2,1))) | M27: s21 | O27: o21 | Q27: =IF(P27<>"","?","") | T27: =IF(OR(R27="Ja",R27="JA",R27="ja",R27="Oui",R27="OUI",R27="oui"),100%, IF(OR(R27="Nein",R27="NEIN",R27="nein",R27="Oon",R27="NON",R27="non"),0%, IF(R27<>0, IF(S27>=R27,R27/S27, IF(S27<R27,S27/R27)), 0%))) -> 0 | U27: 0.7 | V27: 0.9 | W27: =IF(P27="","",IF(T27<=U27,3,IF(T27<=V27,2,1))) | X27: =IF($C$23="","","drucken") -> drucken
A28: =IF($C$23="","","ok") -> ok | B28: 3 | M28: s22 | O28: o22 | Q28: =IF(P28<>"","?","") | T28: =IF(OR(R28="Ja",R28="JA",R28="ja",R28="Oui",R28="OUI",R28="oui"),100%, IF(OR(R28="Nein",R28="NEIN",R28="nein",R28="Oon",R28="NON",R28="non"),0%, IF(R28<>0, IF(S28>=R28,R28/S28, IF(S28<R28,S28/R28)), 0%))) -> 0 | U28: 0.7 | V28: 0.9 | W28: =IF(P28="","",IF(T28<=U28,3,IF(T28<=V28,2,1))) | X28: =IF($C$23="","","drucken") -> drucken
A29: =IF($C$23="","","ok") -> ok | B29: 3 | D29: s12 | F29: =IF(E29<>"","?","") | I29: =IF(OR(G29="Ja",G29="JA",G29="ja",G29="Oui",G29="OUI",G29="oui"),100%, IF(OR(G29="Nein",G29="NEIN",G29="nein",G29="Oon",G29="NON",G29="non"),0%, IF(G29<>0, IF(H29>=G29,G29/H29, IF(H29<G29,H29/G29)), 0%))) -> 0 | J29: 0.7 | K29: 0.9 | L29: =IF(E29="","",IF(I29<=J29,3,IF(I29<=K29,2,1))) | M29: s23 | O29: o23 | Q29: =IF(P29<>"","?","") | T29: =IF(OR(R29="Ja",R29="JA",R29="ja",R29="Oui",R29="OUI",R29="oui"),100%, IF(OR(R29="Nein",R29="NEIN",R29="nein",R29="Oon",R29="NON",R29="non"),0%, IF(R29<>0, IF(S29>=R29,R29/S29, IF(S29<R29,S29/R29)), 0%))) -> 0 | U29: 0.7 | V29: 0.9 | W29: =IF(P29="","",IF(T29<=U29,3,IF(T29<=V29,2,1))) | X29: =IF($C$23="","","drucken") -> drucken
A30: =IF($C$23="","","ok") -> ok | B30: 3 | M30: s24 | O30: o24 | Q30: =IF(P30<>"","?","") | T30: =IF(OR(R30="Ja",R30="JA",R30="ja",R30="Oui",R30="OUI",R30="oui"),100%, IF(OR(R30="Nein",R30="NEIN",R30="nein",R30="Oon",R30="NON",R30="non"),0%, IF(R30<>0, IF(S30>=R30,R30/S30, IF(S30<R30,S30/R30)), 0%))) -> 0 | U30: 0.7 | V30: 0.9 | W30: =IF(P30="","",IF(T30<=U30,3,IF(T30<=V30,2,1))) | X30: =IF($C$23="","","drucken") -> drucken
A31: =IF($C$31="","","ok") | B31: 4 | D31: s13 | F31: =IF(E31<>"","?","") | I31: =IF(OR(G31="Ja",G31="JA",G31="ja",G31="Oui",G31="OUI",G31="oui"),100%, IF(OR(G31="Nein",G31="NEIN",G31="nein",G31="Oon",G31="NON",G31="non"),0%, IF(G31<>0, IF(H31>=G31,G31/H31, IF(H31<G31,H31/G31)), 0%))) -> 0 | J31: 0.7 | K31: 0.9 | L31: =IF(E31="","",IF(I31<=J31,3,IF(I31<=K31,2,1))) | M31: s25 | O31: o25 | Q31: =IF(P31<>"","?","") | T31: =IF(OR(R31="Ja",R31="JA",R31="ja",R31="Oui",R31="OUI",R31="oui"),100%, IF(OR(R31="Nein",R31="NEIN",R31="nein",R31="Oon",R31="NON",R31="non"),0%, IF(R31<>0, IF(S31>=R31,R31/S31, IF(S31<R31,S31/R31)), 0%))) -> 0 | U31: 0.7 | V31: 0.9 | W31: =IF(P31="","",IF(T31<=U31,3,IF(T31<=V31,2,1))) | X31: =IF($C$31="","","drucken")
A32: =IF($C$31="","","ok") | B32: 4 | M32: s26 | O32: o26 | Q32: =IF(P32<>"","?","") | T32: =IF(OR(R32="Ja",R32="JA",R32="ja",R32="Oui",R32="OUI",R32="oui"),100%, IF(OR(R32="Nein",R32="NEIN",R32="nein",R32="Oon",R32="NON",R32="non"),0%, IF(R32<>0, IF(S32>=R32,R32/S32, IF(S32<R32,S32/R32)), 0%))) -> 0 | U32: 0.7 | V32: 0.9 | W32: =IF(P32="","",IF(T32<=U32,3,IF(T32<=V32,2,1))) | X32: =IF($C$31="","","drucken")
A33: =IF($C$31="","","ok") | B33: 4 | D33: s14 | F33: =IF(E33<>"","?","") | I33: =IF(OR(G33="Ja",G33="JA",G33="ja",G33="Oui",G33="OUI",G33="oui"),100%, IF(OR(G33="Nein",G33="NEIN",G33="nein",G33="Oon",G33="NON",G33="non"),0%, IF(G33<>0, IF(H33>=G33,G33/H33, IF(H33<G33,H33/G33)), 0%))) -> 0 | J33: 0.7 | K33: 0.9 | L33: =IF(E33="","",IF(I33<=J33,3,IF(I33<=K33,2,1))) | M33: s27 | O33: o27 | Q33: =IF(P33<>"","?","") | T33: =IF(OR(R33="Ja",R33="JA",R33="ja",R33="Oui",R33="OUI",R33="oui"),100%, IF(OR(R33="Nein",R33="NEIN",R33="nein",R33="Oon",R33="NON",R33="non"),0%, IF(R33<>0, IF(S33>=R33,R33/S33, IF(S33<R33,S33/R33)), 0%))) -> 0 | U33: 0.7 | V33: 0.9 | W33: =IF(P33="","",IF(T33<=U33,3,IF(T33<=V33,2,1))) | X33: =IF($C$31="","","drucken")
A34: =IF($C$31="","","ok") | B34: 4 | M34: s28 | O34: o28 | Q34: =IF(P34<>"","?","") | T34: =IF(OR(R34="Ja",R34="JA",R34="ja",R34="Oui",R34="OUI",R34="oui"),100%, IF(OR(R34="Nein",R34="NEIN",R34="nein",R34="Oon",R34="NON",R34="non"),0%, IF(R34<>0, IF(S34>=R34,R34/S34, IF(S34<R34,S34/R34)), 0%))) -> 0 | U34: 0.7 | V34: 0.9 | W34: =IF(P34="","",IF(T34<=U34,3,IF(T34<=V34,2,1))) | X34: =IF($C$31="","","drucken")
A35: =IF($C$31="","","ok") | B35: 4 | D35: s15 | F35: =IF(E35<>"","?","") | I35: =IF(OR(G35="Ja",G35="JA",G35="ja",G35="Oui",G35="OUI",G35="oui"),100%, IF(OR(G35="Nein",G35="NEIN",G35="nein",G35="Oon",G35="NON",G35="non"),0%, IF(G35<>0, IF(H35>=G35,G35/H35, IF(H35<G35,H35/G35)), 0%))) -> 0 | J35: 0.7 | K35: 0.9 | L35: =IF(E35="","",IF(I35<=J35,3,IF(I35<=K35,2,1))) | M35: s29 | O35: o29 | Q35: =IF(P35<>"","?","") | T35: =IF(OR(R35="Ja",R35="JA",R35="ja",R35="Oui",R35="OUI",R35="oui"),100%, IF(OR(R35="Nein",R35="NEIN",R35="nein",R35="Oon",R35="NON",R35="non"),0%, IF(R35<>0, IF(S35>=R35,R35/S35, IF(S35<R35,S35/R35)), 0%))) -> 0 | U35: 0.7 | V35: 0.9 | W35: =IF(P35="","",IF(T35<=U35,3,IF(T35<=V35,2,1))) | X35: =IF($C$31="","","drucken")
A36: =IF($C$31="","","ok") | B36: 4 | M36: s30 | O36: o30 | Q36: =IF(P36<>"","?","") | T36: =IF(OR(R36="Ja",R36="JA",R36="ja",R36="Oui",R36="OUI",R36="oui"),100%, IF(OR(R36="Nein",R36="NEIN",R36="nein",R36="Oon",R36="NON",R36="non"),0%, IF(R36<>0, IF(S36>=R36,R36/S36, IF(S36<R36,S36/R36)), 0%))) -> 0 | U36: 0.7 | V36: 0.9 | W36: =IF(P36="","",IF(T36<=U36,3,IF(T36<=V36,2,1))) | X36: =IF($C$31="","","drucken")
A37: =IF($C$31="","","ok") | B37: 4 | D37: s16 | F37: =IF(E37<>"","?","") | I37: =IF(OR(G37="Ja",G37="JA",G37="ja",G37="Oui",G37="OUI",G37="oui"),100%, IF(OR(G37="Nein",G37="NEIN",G37="nein",G37="Oon",G37="NON",G37="non"),0%, IF(G37<>0, IF(H37>=G37,G37/H37, IF(H37<G37,H37/G37)), 0%))) -> 0 | J37: 0.7 | K37: 0.9 | L37: =IF(E37="","",IF(I37<=J37,3,IF(I37<=K37,2,1))) | M37: s31 | O37: o31 | Q37: =IF(P37<>"","?","") | T37: =IF(OR(R37="Ja",R37="JA",R37="ja",R37="Oui",R37="OUI",R37="oui"),100%, IF(OR(R37="Nein",R37="NEIN",R37="nein",R37="Oon",R37="NON",R37="non"),0%, IF(R37<>0, IF(S37>=R37,R37/S37, IF(S37<R37,S37/R37)), 0%))) -> 0 | U37: 0.7 | V37: 0.9 | W37: =IF(P37="","",IF(T37<=U37,3,IF(T37<=V37,2,1))) | X37: =IF($C$31="","","drucken")
A38: =IF($C$31="","","ok") | B38: 4 | M38: s32 | O38: o32 | Q38: =IF(P38<>"","?","") | T38: =IF(OR(R38="Ja",R38="JA",R38="ja",R38="Oui",R38="OUI",R38="oui"),100%, IF(OR(R38="Nein",R38="NEIN",R38="nein",R38="Oon",R38="NON",R38="non"),0%, IF(R38<>0, IF(S38>=R38,R38/S38, IF(S38<R38,S38/R38)), 0%))) -> 0 | U38: 0.7 | V38: 0.9 | W38: =IF(P38="","",IF(T38<=U38,3,IF(T38<=V38,2,1))) | X38: =IF($C$31="","","drucken")
A39: =IF($C$39="","","ok") | B39: 5 | D39: s17 | F39: =IF(E39<>"","?","") | I39: =IF(OR(G39="Ja",G39="JA",G39="ja",G39="Oui",G39="OUI",G39="oui"),100%, IF(OR(G39="Nein",G39="NEIN",G39="nein",G39="Oon",G39="NON",G39="non"),0%, IF(G39<>0, IF(H39>=G39,G39/H39, IF(H39<G39,H39/G39)), 0%))) -> 0 | J39: 0.7 | K39: 0.9 | L39: =IF(E39="","",IF(I39<=J39,3,IF(I39<=K39,2,1))) | M39: s33 | O39: o33 | Q39: =IF(P39<>"","?","") | T39: =IF(OR(R39="Ja",R39="JA",R39="ja",R39="Oui",R39="OUI",R39="oui"),100%, IF(OR(R39="Nein",R39="NEIN",R39="nein",R39="Oon",R39="NON",R39="non"),0%, IF(R39<>0, IF(S39>=R39,R39/S39, IF(S39<R39,S39/R39)), 0%))) -> 0 | U39: 0.7 | V39: 0.9 | W39: =IF(P39="","",IF(T39<=U39,3,IF(T39<=V39,2,1))) | X39: =IF($C$39="","","drucken")
A40: =IF($C$39="","","ok") | B40: 5 | M40: s34 | O40: o34 | Q40: =IF(P40<>"","?","") | T40: =IF(OR(R40="Ja",R40="JA",R40="ja",R40="Oui",R40="OUI",R40="oui"),100%, IF(OR(R40="Nein",R40="NEIN",R40="nein",R40="Oon",R40="NON",R40="non"),0%, IF(R40<>0, IF(S40>=R40,R40/S40, IF(S40<R40,S40/R40)), 0%))) -> 0 | U40: 0.7 | V40: 0.9 | W40: =IF(P40="","",IF(T40<=U40,3,IF(T40<=V40,2,1))) | X40: =IF($C$39="","","drucken")
A41: =IF($C$39="","","ok") | B41: 5 | D41: s18 | F41: =IF(E41<>"","?","") | I41: =IF(OR(G41="Ja",G41="JA",G41="ja",G41="Oui",G41="OUI",G41="oui"),100%, IF(OR(G41="Nein",G41="NEIN",G41="nein",G41="Oon",G41="NON",G41="non"),0%, IF(G41<>0, IF(H41>=G41,G41/H41, IF(H41<G41,H41/G41)), 0%))) -> 0 | J41: 0.7 | K41: 0.9 | L41: =IF(E41="","",IF(I41<=J41,3,IF(I41<=K41,2,1))) | M41: s35 | O41: o35 | Q41: =IF(P41<>"","?","") | T41: =IF(OR(R41="Ja",R41="JA",R41="ja",R41="Oui",R41="OUI",R41="oui"),100%, IF(OR(R41="Nein",R41="NEIN",R41="nein",R41="Oon",R41="NON",R41="non"),0%, IF(R41<>0, IF(S41>=R41,R41/S41, IF(S41<R41,S41/R41)), 0%))) -> 0 | U41: 0.7 | V41: 0.9 | W41: =IF(P41="","",IF(T41<=U41,3,IF(T41<=V41,2,1))) | X41: =IF($C$39="","","drucken")
A42: =IF($C$39="","","ok") | B42: 5 | M42: s36 | O42: o36 | Q42: =IF(P42<>"","?","") | T42: =IF(OR(R42="Ja",R42="JA",R42="ja",R42="Oui",R42="OUI",R42="oui"),100%, IF(OR(R42="Nein",R42="NEIN",R42="nein",R42="Oon",R42="NON",R42="non"),0%, IF(R42<>0, IF(S42>=R42,R42/S42, IF(S42<R42,S42/R42)), 0%))) -> 0 | U42: 0.7 | V42: 0.9 | W42: =IF(P42="","",IF(T42<=U42,3,IF(T42<=V42,2,1))) | X42: =IF($C$39="","","drucken")
A43: =IF($C$39="","","ok") | B43: 5 | D43: s19 | F43: =IF(E43<>"","?","") | I43: =IF(OR(G43="Ja",G43="JA",G43="ja",G43="Oui",G43="OUI",G43="oui"),100%, IF(OR(G43="Nein",G43="NEIN",G43="nein",G43="Oon",G43="NON",G43="non"),0%, IF(G43<>0, IF(H43>=G43,G43/H43, IF(H43<G43,H43/G43)), 0%))) -> 0 | J43: 0.7 | K43: 0.9 | L43: =IF(E43="","",IF(I43<=J43,3,IF(I43<=K43,2,1))) | M43: s37 | O43: o37 | Q43: =IF(P43<>"","?","") | T43: =IF(OR(R43="Ja",R43="JA",R43="ja",R43="Oui",R43="OUI",R43="oui"),100%, IF(OR(R43="Nein",R43="NEIN",R43="nein",R43="Oon",R43="NON",R43="non"),0%, IF(R43<>0, IF(S43>=R43,R43/S43, IF(S43<R43,S43/R43)), 0%))) -> 0 | U43: 0.7 | V43: 0.9 | W43: =IF(P43="","",IF(T43<=U43,3,IF(T43<=V43,2,1))) | X43: =IF($C$39="","","drucken")
A44: =IF($C$39="","","ok") | B44: 5 | M44: s38 | O44: o38 | Q44: =IF(P44<>"","?","") | T44: =IF(OR(R44="Ja",R44="JA",R44="ja",R44="Oui",R44="OUI",R44="oui"),100%, IF(OR(R44="Nein",R44="NEIN",R44="nein",R44="Oon",R44="NON",R44="non"),0%, IF(R44<>0, IF(S44>=R44,R44/S44, IF(S44<R44,S44/R44)), 0%))) -> 0 | U44: 0.7 | V44: 0.9 | W44: =IF(P44="","",IF(T44<=U44,3,IF(T44<=V44,2,1))) | X44: =IF($C$39="","","drucken")
A45: =IF($C$39="","","ok") | B45: 5 | D45: s20 | F45: =IF(E45<>"","?","") | I45: =IF(OR(G45="Ja",G45="JA",G45="ja",G45="Oui",G45="OUI",G45="oui"),100%, IF(OR(G45="Nein",G45="NEIN",G45="nein",G45="Oon",G45="NON",G45="non"),0%, IF(G45<>0, IF(H45>=G45,G45/H45, IF(H45<G45,H45/G45)), 0%))) -> 0 | J45: 0.7 | K45: 0.9 | L45: =IF(E45="","",IF(I45<=J45,3,IF(I45<=K45,2,1))) | M45: s39 | O45: o39 | Q45: =IF(P45<>"","?","") | T45: =IF(OR(R45="Ja",R45="JA",R45="ja",R45="Oui",R45="OUI",R45="oui"),100%, IF(OR(R45="Nein",R45="NEIN",R45="nein",R45="Oon",R45="NON",R45="non"),0%, IF(R45<>0, IF(S45>=R45,R45/S45, IF(S45<R45,S45/R45)), 0%))) -> 0 | U45: 0.7 | V45: 0.9 | W45: =IF(P45="","",IF(T45<=U45,3,IF(T45<=V45,2,1))) | X45: =IF($C$39="","","drucken")
A46: =IF($C$39="","","ok") | B46: 5 | M46: s40 | O46: o40 | Q46: =IF(P46<>"","?","") | T46: =IF(OR(R46="Ja",R46="JA",R46="ja",R46="Oui",R46="OUI",R46="oui"),100%, IF(OR(R46="Nein",R46="NEIN",R46="nein",R46="Oon",R46="NON",R46="non"),0%, IF(R46<>0, IF(S46>=R46,R46/S46, IF(S46<R46,S46/R46)), 0%))) -> 0 | U46: 0.7 | V46: 0.9 | W46: =IF(P46="","",IF(T46<=U46,3,IF(T46<=V46,2,1))) | X46: =IF($C$39="","","drucken")
A47: =IF($C$47="","","ok") | B47: 6 | D47: s21 | F47: =IF(E47<>"","?","") | I47: =IF(OR(G47="Ja",G47="JA",G47="ja",G47="Oui",G47="OUI",G47="oui"),100%, IF(OR(G47="Nein",G47="NEIN",G47="nein",G47="Oon",G47="NON",G47="non"),0%, IF(G47<>0, IF(H47>=G47,G47/H47, IF(H47<G47,H47/G47)), 0%))) -> 0 | J47: 0.7 | K47: 0.9 | L47: =IF(E47="","",IF(I47<=J47,3,IF(I47<=K47,2,1))) | M47: s41 | O47: o41 | Q47: =IF(P47<>"","?","") | T47: =IF(OR(R47="Ja",R47="JA",R47="ja",R47="Oui",R47="OUI",R47="oui"),100%, IF(OR(R47="Nein",R47="NEIN",R47="nein",R47="Oon",R47="NON",R47="non"),0%, IF(R47<>0, IF(S47>=R47,R47/S47, IF(S47<R47,S47/R47)), 0%))) -> 0 | U47: 0.7 | V47: 0.9 | W47: =IF(P47="","",IF(T47<=U47,3,IF(T47<=V47,2,1))) | X47: =IF($C$47="","","drucken")
A48: =IF($C$47="","","ok") | B48: 6 | M48: s42 | O48: o42 | Q48: =IF(P48<>"","?","") | T48: =IF(OR(R48="Ja",R48="JA",R48="ja",R48="Oui",R48="OUI",R48="oui"),100%, IF(OR(R48="Nein",R48="NEIN",R48="nein",R48="Oon",R48="NON",R48="non"),0%, IF(R48<>0, IF(S48>=R48,R48/S48, IF(S48<R48,S48/R48)), 0%))) -> 0 | U48: 0.7 | V48: 0.9 | W48: =IF(P48="","",IF(T48<=U48,3,IF(T48<=V48,2,1))) | X48: =IF($C$47="","","drucken")
A49: =IF($C$47="","","ok") | B49: 6 | D49: s22 | F49: =IF(E49<>"","?","") | I49: =IF(OR(G49="Ja",G49="JA",G49="ja",G49="Oui",G49="OUI",G49="oui"),100%, IF(OR(G49="Nein",G49="NEIN",G49="nein",G49="Oon",G49="NON",G49="non"),0%, IF(G49<>0, IF(H49>=G49,G49/H49, IF(H49<G49,H49/G49)), 0%))) -> 0 | J49: 0.7 | K49: 0.9 | L49: =IF(E49="","",IF(I49<=J49,3,IF(I49<=K49,2,1))) | M49: s43 | O49: o43 | Q49: =IF(P49<>"","?","") | T49: =IF(OR(R49="Ja",R49="JA",R49="ja",R49="Oui",R49="OUI",R49="oui"),100%, IF(OR(R49="Nein",R49="NEIN",R49="nein",R49="Oon",R49="NON",R49="non"),0%, IF(R49<>0, IF(S49>=R49,R49/S49, IF(S49<R49,S49/R49)), 0%))) -> 0 | U49: 0.7 | V49: 0.9 | W49: =IF(P49="","",IF(T49<=U49,3,IF(T49<=V49,2,1))) | X49: =IF($C$47="","","drucken")
A50: =IF($C$47="","","ok") | B50: 6 | M50: s44 | O50: o44 | Q50: =IF(P50<>"","?","") | T50: =IF(OR(R50="Ja",R50="JA",R50="ja",R50="Oui",R50="OUI",R50="oui"),100%, IF(OR(R50="Nein",R50="NEIN",R50="nein",R50="Oon",R50="NON",R50="non"),0%, IF(R50<>0, IF(S50>=R50,R50/S50, IF(S50<R50,S50/R50)), 0%))) -> 0 | U50: 0.7 | V50: 0.9 | W50: =IF(P50="","",IF(T50<=U50,3,IF(T50<=V50,2,1))) | X50: =IF($C$47="","","drucken")
A51: =IF($C$47="","","ok") | B51: 6 | D51: s23 | F51: =IF(E51<>"","?","") | I51: =IF(OR(G51="Ja",G51="JA",G51="ja",G51="Oui",G51="OUI",G51="oui"),100%, IF(OR(G51="Nein",G51="NEIN",G51="nein",G51="Oon",G51="NON",G51="non"),0%, IF(G51<>0, IF(H51>=G51,G51/H51, IF(H51<G51,H51/G51)), 0%))) -> 0 | J51: 0.7 | K51: 0.9 | L51: =IF(E51="","",IF(I51<=J51,3,IF(I51<=K51,2,1))) | M51: s45 | O51: o45 | Q51: =IF(P51<>"","?","") | T51: =IF(OR(R51="Ja",R51="JA",R51="ja",R51="Oui",R51="OUI",R51="oui"),100%, IF(OR(R51="Nein",R51="NEIN",R51="nein",R51="Oon",R51="NON",R51="non"),0%, IF(R51<>0, IF(S51>=R51,R51/S51, IF(S51<R51,S51/R51)), 0%))) -> 0 | U51: 0.7 | V51: 0.9 | W51: =IF(P51="","",IF(T51<=U51,3,IF(T51<=V51,2,1))) | X51: =IF($C$47="","","drucken")
A52: =IF($C$47="","","ok") | B52: 6 | M52: s46 | O52: o46 | Q52: =IF(P52<>"","?","") | T52: =IF(OR(R52="Ja",R52="JA",R52="ja",R52="Oui",R52="OUI",R52="oui"),100%, IF(OR(R52="Nein",R52="NEIN",R52="nein",R52="Oon",R52="NON",R52="non"),0%, IF(R52<>0, IF(S52>=R52,R52/S52, IF(S52<R52,S52/R52)), 0%))) -> 0 | U52: 0.7 | V52: 0.9 | W52: =IF(P52="","",IF(T52<=U52,3,IF(T52<=V52,2,1))) | X52: =IF($C$47="","","drucken")
A53: =IF($C$47="","","ok") | B53: 6 | D53: s24 | F53: =IF(E53<>"","?","") | I53: =IF(OR(G53="Ja",G53="JA",G53="ja",G53="Oui",G53="OUI",G53="oui"),100%, IF(OR(G53="Nein",G53="NEIN",G53="nein",G53="Oon",G53="NON",G53="non"),0%, IF(G53<>0, IF(H53>=G53,G53/H53, IF(H53<G53,H53/G53)), 0%))) -> 0 | J53: 0.7 | K53: 0.9 | L53: =IF(E53="","",IF(I53<=J53,3,IF(I53<=K53,2,1))) | M53: s47 | O53: o47 | Q53: =IF(P53<>"","?","") | T53: =IF(OR(R53="Ja",R53="JA",R53="ja",R53="Oui",R53="OUI",R53="oui"),100%, IF(OR(R53="Nein",R53="NEIN",R53="nein",R53="Oon",R53="NON",R53="non"),0%, IF(R53<>0, IF(S53>=R53,R53/S53, IF(S53<R53,S53/R53)), 0%))) -> 0 | U53: 0.7 | V53: 0.9 | W53: =IF(P53="","",IF(T53<=U53,3,IF(T53<=V53,2,1))) | X53: =IF($C$47="","","drucken")
A54: =IF($C$47="","","ok") | B54: 6 | M54: s48 | O54: o48 | Q54: =IF(P54<>"","?","") | T54: =IF(OR(R54="Ja",R54="JA",R54="ja",R54="Oui",R54="OUI",R54="oui"),100%, IF(OR(R54="Nein",R54="NEIN",R54="nein",R54="Oon",R54="NON",R54="non"),0%, IF(R54<>0, IF(S54>=R54,R54/S54, IF(S54<R54,S54/R54)), 0%))) -> 0 | U54: 0.7 | V54: 0.9 | W54: =IF(P54="","",IF(T54<=U54,3,IF(T54<=V54,2,1))) | X54: =IF($C$47="","","drucken")
A55: =IF($C$55="","","ok") | B55: 7 | D55: s25 | F55: =IF(E55<>"","?","") | I55: =IF(OR(G55="Ja",G55="JA",G55="ja",G55="Oui",G55="OUI",G55="oui"),100%, IF(OR(G55="Nein",G55="NEIN",G55="nein",G55="Oon",G55="NON",G55="non"),0%, IF(G55<>0, IF(H55>=G55,G55/H55, IF(H55<G55,H55/G55)), 0%))) -> 0 | J55: 0.7 | K55: 0.9 | L55: =IF(E55="","",IF(I55<=J55,3,IF(I55<=K55,2,1))) | M55: s49 | O55: o49 | Q55: =IF(P55<>"","?","") | T55: =IF(OR(R55="Ja",R55="JA",R55="ja",R55="Oui",R55="OUI",R55="oui"),100%, IF(OR(R55="Nein",R55="NEIN",R55="nein",R55="Oon",R55="NON",R55="non"),0%, IF(R55<>0, IF(S55>=R55,R55/S55, IF(S55<R55,S55/R55)), 0%))) -> 0 | U55: 0.7 | V55: 0.9 | W55: =IF(P55="","",IF(T55<=U55,3,IF(T55<=V55,2,1))) | X55: =IF($C$55="","","drucken")
A56: =IF($C$55="","","ok") | B56: 7 | M56: s50 | O56: o50 | Q56: =IF(P56<>"","?","") | T56: =IF(OR(R56="Ja",R56="JA",R56="ja",R56="Oui",R56="OUI",R56="oui"),100%, IF(OR(R56="Nein",R56="NEIN",R56="nein",R56="Oon",R56="NON",R56="non"),0%, IF(R56<>0, IF(S56>=R56,R56/S56, IF(S56<R56,S56/R56)), 0%))) -> 0 | U56: 0.7 | V56: 0.9 | W56: =IF(P56="","",IF(T56<=U56,3,IF(T56<=V56,2,1))) | X56: =IF($C$55="","","drucken")
A57: =IF($C$55="","","ok") | B57: 7 | D57: s26 | F57: =IF(E57<>"","?","") | I57: =IF(OR(G57="Ja",G57="JA",G57="ja",G57="Oui",G57="OUI",G57="oui"),100%, IF(OR(G57="Nein",G57="NEIN",G57="nein",G57="Oon",G57="NON",G57="non"),0%, IF(G57<>0, IF(H57>=G57,G57/H57, IF(H57<G57,H57/G57)), 0%))) -> 0 | J57: 0.7 | K57: 0.9 | L57: =IF(E57="","",IF(I57<=J57,3,IF(I57<=K57,2,1))) | M57: s51 | O57: o51 | Q57: =IF(P57<>"","?","") | T57: =IF(OR(R57="Ja",R57="JA",R57="ja",R57="Oui",R57="OUI",R57="oui"),100%, IF(OR(R57="Nein",R57="NEIN",R57="nein",R57="Oon",R57="NON",R57="non"),0%, IF(R57<>0, IF(S57>=R57,R57/S57, IF(S57<R57,S57/R57)), 0%))) -> 0 | U57: 0.7 | V57: 0.9 | W57: =IF(P57="","",IF(T57<=U57,3,IF(T57<=V57,2,1))) | X57: =IF($C$55="","","drucken")
A58: =IF($C$55="","","ok") | B58: 7 | M58: s52 | O58: o52 | Q58: =IF(P58<>"","?","") | T58: =IF(OR(R58="Ja",R58="JA",R58="ja",R58="Oui",R58="OUI",R58="oui"),100%, IF(OR(R58="Nein",R58="NEIN",R58="nein",R58="Oon",R58="NON",R58="non"),0%, IF(R58<>0, IF(S58>=R58,R58/S58, IF(S58<R58,S58/R58)), 0%))) -> 0 | U58: 0.7 | V58: 0.9 | W58: =IF(P58="","",IF(T58<=U58,3,IF(T58<=V58,2,1))) | X58: =IF($C$55="","","drucken")
A59: =IF($C$55="","","ok") | B59: 7 | D59: s27 | F59: =IF(E59<>"","?","") | I59: =IF(OR(G59="Ja",G59="JA",G59="ja",G59="Oui",G59="OUI",G59="oui"),100%, IF(OR(G59="Nein",G59="NEIN",G59="nein",G59="Oon",G59="NON",G59="non"),0%, IF(G59<>0, IF(H59>=G59,G59/H59, IF(H59<G59,H59/G59)), 0%))) -> 0 | J59: 0.7 | K59: 0.9 | L59: =IF(E59="","",IF(I59<=J59,3,IF(I59<=K59,2,1))) | M59: s53 | O59: o53 | Q59: =IF(P59<>"","?","") | T59: =IF(OR(R59="Ja",R59="JA",R59="ja",R59="Oui",R59="OUI",R59="oui"),100%, IF(OR(R59="Nein",R59="NEIN",R59="nein",R59="Oon",R59="NON",R59="non"),0%, IF(R59<>0, IF(S59>=R59,R59/S59, IF(S59<R59,S59/R59)), 0%))) -> 0 | U59: 0.7 | V59: 0.9 | W59: =IF(P59="","",IF(T59<=U59,3,IF(T59<=V59,2,1))) | X59: =IF($C$55="","","drucken")
A60: =IF($C$55="","","ok") | B60: 7 | M60: s54 | O60: o54 | Q60: =IF(P60<>"","?","") | T60: =IF(OR(R60="Ja",R60="JA",R60="ja",R60="Oui",R60="OUI",R60="oui"),100%, IF(OR(R60="Nein",R60="NEIN",R60="nein",R60="Oon",R60="NON",R60="non"),0%, IF(R60<>0, IF(S60>=R60,R60/S60, IF(S60<R60,S60/R60)), 0%))) -> 0 | U60: 0.7 | V60: 0.9 | W60: =IF(P60="","",IF(T60<=U60,3,IF(T60<=V60,2,1))) | X60: =IF($C$55="","","drucken")
A61: =IF($C$55="","","ok") | B61: 7 | D61: s28 | F61: =IF(E61<>"","?","") | I61: =IF(OR(G61="Ja",G61="JA",G61="ja",G61="Oui",G61="OUI",G61="oui"),100%, IF(OR(G61="Nein",G61="NEIN",G61="nein",G61="Oon",G61="NON",G61="non"),0%, IF(G61<>0, IF(H61>=G61,G61/H61, IF(H61<G61,H61/G61)), 0%))) -> 0 | J61: 0.7 | K61: 0.9 | L61: =IF(E61="","",IF(I61<=J61,3,IF(I61<=K61,2,1))) | M61: s55 | O61: o55 | Q61: =IF(P61<>"","?","") | T61: =IF(OR(R61="Ja",R61="JA",R61="ja",R61="Oui",R61="OUI",R61="oui"),100%, IF(OR(R61="Nein",R61="NEIN",R61="nein",R61="Oon",R61="NON",R61="non"),0%, IF(R61<>0, IF(S61>=R61,R61/S61, IF(S61<R61,S61/R61)), 0%))) -> 0 | U61: 0.7 | V61: 0.9 | W61: =IF(P61="","",IF(T61<=U61,3,IF(T61<=V61,2,1))) | X61: =IF($C$55="","","drucken")
A62: =IF($C$55="","","ok") | B62: 7 | M62: s56 | O62: o56 | Q62: =IF(P62<>"","?","") | T62: =IF(OR(R62="Ja",R62="JA",R62="ja",R62="Oui",R62="OUI",R62="oui"),100%, IF(OR(R62="Nein",R62="NEIN",R62="nein",R62="Oon",R62="NON",R62="non"),0%, IF(R62<>0, IF(S62>=R62,R62/S62, IF(S62<R62,S62/R62)), 0%))) -> 0 | U62: 0.7 | V62: 0.9 | W62: =IF(P62="","",IF(T62<=U62,3,IF(T62<=V62,2,1))) | X62: =IF($C$55="","","drucken")
A63: =IF($C$63="","","ok") | B63: 8 | D63: s29 | F63: =IF(E63<>"","?","") | I63: =IF(OR(G63="Ja",G63="JA",G63="ja",G63="Oui",G63="OUI",G63="oui"),100%, IF(OR(G63="Nein",G63="NEIN",G63="nein",G63="Oon",G63="NON",G63="non"),0%, IF(G63<>0, IF(H63>=G63,G63/H63, IF(H63<G63,H63/G63)), 0%))) -> 0 | J63: 0.7 | K63: 0.9 | L63: =IF(E63="","",IF(I63<=J63,3,IF(I63<=K63,2,1))) | M63: s57 | O63: o57 | Q63: =IF(P63<>"","?","") | T63: =IF(OR(R63="Ja",R63="JA",R63="ja",R63="Oui",R63="OUI",R63="oui"),100%, IF(OR(R63="Nein",R63="NEIN",R63="nein",R63="Oon",R63="NON",R63="non"),0%, IF(R63<>0, IF(S63>=R63,R63/S63, IF(S63<R63,S63/R63)), 0%))) -> 0 | U63: 0.7 | V63: 0.9 | W63: =IF(P63="","",IF(T63<=U63,3,IF(T63<=V63,2,1))) | X63: =IF($C$63="","","drucken")
A64: =IF($C$63="","","ok") | B64: 8 | M64: s58 | O64: o58 | Q64: =IF(P64<>"","?","") | T64: =IF(OR(R64="Ja",R64="JA",R64="ja",R64="Oui",R64="OUI",R64="oui"),100%, IF(OR(R64="Nein",R64="NEIN",R64="nein",R64="Oon",R64="NON",R64="non"),0%, IF(R64<>0, IF(S64>=R64,R64/S64, IF(S64<R64,S64/R64)), 0%))) -> 0 | U64: 0.7 | V64: 0.9 | W64: =IF(P64="","",IF(T64<=U64,3,IF(T64<=V64,2,1))) | X64: =IF($C$63="","","drucken")
A65: =IF($C$63="","","ok") | B65: 8 | D65: s30 | F65: =IF(E65<>"","?","") | I65: =IF(OR(G65="Ja",G65="JA",G65="ja",G65="Oui",G65="OUI",G65="oui"),100%, IF(OR(G65="Nein",G65="NEIN",G65="nein",G65="Oon",G65="NON",G65="non"),0%, IF(G65<>0, IF(H65>=G65,G65/H65, IF(H65<G65,H65/G65)), 0%))) -> 0 | J65: 0.7 | K65: 0.9 | L65: =IF(E65="","",IF(I65<=J65,3,IF(I65<=K65,2,1))) | M65: s59 | O65: o59 | Q65: =IF(P65<>"","?","") | T65: =IF(OR(R65="Ja",R65="JA",R65="ja",R65="Oui",R65="OUI",R65="oui"),100%, IF(OR(R65="Nein",R65="NEIN",R65="nein",R65="Oon",R65="NON",R65="non"),0%, IF(R65<>0, IF(S65>=R65,R65/S65, IF(S65<R65,S65/R65)), 0%))) -> 0 | U65: 0.7 | V65: 0.9 | W65: =IF(P65="","",IF(T65<=U65,3,IF(T65<=V65,2,1))) | X65: =IF($C$63="","","drucken")
A66: =IF($C$63="","","ok") | B66: 8 | M66: s60 | O66: o60 | Q66: =IF(P66<>"","?","") | T66: =IF(OR(R66="Ja",R66="JA",R66="ja",R66="Oui",R66="OUI",R66="oui"),100%, IF(OR(R66="Nein",R66="NEIN",R66="nein",R66="Oon",R66="NON",R66="non"),0%, IF(R66<>0, IF(S66>=R66,R66/S66, IF(S66<R66,S66/R66)), 0%))) -> 0 | U66: 0.7 | V66: 0.9 | W66: =IF(P66="","",IF(T66<=U66,3,IF(T66<=V66,2,1))) | X66: =IF($C$63="","","drucken")
A67: =IF($C$63="","","ok") | B67: 8 | D67: s31 | F67: =IF(E67<>"","?","") | I67: =IF(OR(G67="Ja",G67="JA",G67="ja",G67="Oui",G67="OUI",G67="oui"),100%, IF(OR(G67="Nein",G67="NEIN",G67="nein",G67="Oon",G67="NON",G67="non"),0%, IF(G67<>0, IF(H67>=G67,G67/H67, IF(H67<G67,H67/G67)), 0%))) -> 0 | J67: 0.7 | K67: 0.9 | L67: =IF(E67="","",IF(I67<=J67,3,IF(I67<=K67,2,1))) | M67: s61 | O67: o61 | Q67: =IF(P67<>"","?","") | T67: =IF(OR(R67="Ja",R67="JA",R67="ja",R67="Oui",R67="OUI",R67="oui"),100%, IF(OR(R67="Nein",R67="NEIN",R67="nein",R67="Oon",R67="NON",R67="non"),0%, IF(R67<>0, IF(S67>=R67,R67/S67, IF(S67<R67,S67/R67)), 0%))) -> 0 | U67: 0.7 | V67: 0.9 | W67: =IF(P67="","",IF(T67<=U67,3,IF(T67<=V67,2,1))) | X67: =IF($C$63="","","drucken")
A68: =IF($C$63="","","ok") | B68: 8 | M68: s62 | O68: o62 | Q68: =IF(P68<>"","?","") | T68: =IF(OR(R68="Ja",R68="JA",R68="ja",R68="Oui",R68="OUI",R68="oui"),100%, IF(OR(R68="Nein",R68="NEIN",R68="nein",R68="Oon",R68="NON",R68="non"),0%, IF(R68<>0, IF(S68>=R68,R68/S68, IF(S68<R68,S68/R68)), 0%))) -> 0 | U68: 0.7 | V68: 0.9 | W68: =IF(P68="","",IF(T68<=U68,3,IF(T68<=V68,2,1))) | X68: =IF($C$63="","","drucken")
A69: =IF($C$63="","","ok") | B69: 8 | D69: s32 | F69: =IF(E69<>"","?","") | I69: =IF(OR(G69="Ja",G69="JA",G69="ja",G69="Oui",G69="OUI",G69="oui"),100%, IF(OR(G69="Nein",G69="NEIN",G69="nein",G69="Oon",G69="NON",G69="non"),0%, IF(G69<>0, IF(H69>=G69,G69/H69, IF(H69<G69,H69/G69)), 0%))) -> 0 | J69: 0.7 | K69: 0.9 | L69: =IF(E69="","",IF(I69<=J69,3,IF(I69<=K69,2,1))) | M69: s63 | O69: o63 | Q69: =IF(P69<>"","?","") | T69: =IF(OR(R69="Ja",R69="JA",R69="ja",R69="Oui",R69="OUI",R69="oui"),100%, IF(OR(R69="Nein",R69="NEIN",R69="nein",R69="Oon",R69="NON",R69="non"),0%, IF(R69<>0, IF(S69>=R69,R69/S69, IF(S69<R69,S69/R69)), 0%))) -> 0 | U69: 0.7 | V69: 0.9 | W69: =IF(P69="","",IF(T69<=U69,3,IF(T69<=V69,2,1))) | X69: =IF($C$63="","","drucken")
A70: =IF($C$63="","","ok") | B70: 8 | M70: s64 | O70: o64 | Q70: =IF(P70<>"","?","") | T70: =IF(OR(R70="Ja",R70="JA",R70="ja",R70="Oui",R70="OUI",R70="oui"),100%, IF(OR(R70="Nein",R70="NEIN",R70="nein",R70="Oon",R70="NON",R70="non"),0%, IF(R70<>0, IF(S70>=R70,R70/S70, IF(S70<R70,S70/R70)), 0%))) -> 0 | U70: 0.7 | V70: 0.9 | W70: =IF(P70="","",IF(T70<=U70,3,IF(T70<=V70,2,1))) | X70: =IF($C$63="","","drucken")
A71: =IF($C$71="","","ok") | B71: 9 | D71: s33 | F71: =IF(E71<>"","?","") | I71: =IF(OR(G71="Ja",G71="JA",G71="ja",G71="Oui",G71="OUI",G71="oui"),100%, IF(OR(G71="Nein",G71="NEIN",G71="nein",G71="Oon",G71="NON",G71="non"),0%, IF(G71<>0, IF(H71>=G71,G71/H71, IF(H71<G71,H71/G71)), 0%))) -> 0 | J71: 0.7 | K71: 0.9 | L71: =IF(E71="","",IF(I71<=J71,3,IF(I71<=K71,2,1))) | M71: s65 | O71: o65 | Q71: =IF(P71<>"","?","") | T71: =IF(OR(R71="Ja",R71="JA",R71="ja",R71="Oui",R71="OUI",R71="oui"),100%, IF(OR(R71="Nein",R71="NEIN",R71="nein",R71="Oon",R71="NON",R71="non"),0%, IF(R71<>0, IF(S71>=R71,R71/S71, IF(S71<R71,S71/R71)), 0%))) -> 0 | U71: 0.7 | V71: 0.9 | W71: =IF(P71="","",IF(T71<=U71,3,IF(T71<=V71,2,1))) | X71: =IF($C$71="","","drucken")
A72: =IF($C$71="","","ok") | B72: 9 | M72: s66 | O72: o66 | Q72: =IF(P72<>"","?","") | T72: =IF(OR(R72="Ja",R72="JA",R72="ja",R72="Oui",R72="OUI",R72="oui"),100%, IF(OR(R72="Nein",R72="NEIN",R72="nein",R72="Oon",R72="NON",R72="non"),0%, IF(R72<>0, IF(S72>=R72,R72/S72, IF(S72<R72,S72/R72)), 0%))) -> 0 | U72: 0.7 | V72: 0.9 | W72: =IF(P72="","",IF(T72<=U72,3,IF(T72<=V72,2,1))) | X72: =IF($C$71="","","drucken")
A73: =IF($C$71="","","ok") | B73: 9 | D73: s34 | F73: =IF(E73<>"","?","") | I73: =IF(OR(G73="Ja",G73="JA",G73="ja",G73="Oui",G73="OUI",G73="oui"),100%, IF(OR(G73="Nein",G73="NEIN",G73="nein",G73="Oon",G73="NON",G73="non"),0%, IF(G73<>0, IF(H73>=G73,G73/H73, IF(H73<G73,H73/G73)), 0%))) -> 0 | J73: 0.7 | K73: 0.9 | L73: =IF(E73="","",IF(I73<=J73,3,IF(I73<=K73,2,1))) | M73: s67 | O73: o67 | Q73: =IF(P73<>"","?","") | T73: =IF(OR(R73="Ja",R73="JA",R73="ja",R73="Oui",R73="OUI",R73="oui"),100%, IF(OR(R73="Nein",R73="NEIN",R73="nein",R73="Oon",R73="NON",R73="non"),0%, IF(R73<>0, IF(S73>=R73,R73/S73, IF(S73<R73,S73/R73)), 0%))) -> 0 | U73: 0.7 | V73: 0.9 | W73: =IF(P73="","",IF(T73<=U73,3,IF(T73<=V73,2,1))) | X73: =IF($C$71="","","drucken")
A74: =IF($C$71="","","ok") | B74: 9 | M74: s68 | O74: o68 | Q74: =IF(P74<>"","?","") | T74: =IF(OR(R74="Ja",R74="JA",R74="ja",R74="Oui",R74="OUI",R74="oui"),100%, IF(OR(R74="Nein",R74="NEIN",R74="nein",R74="Oon",R74="NON",R74="non"),0%, IF(R74<>0, IF(S74>=R74,R74/S74, IF(S74<R74,S74/R74)), 0%))) -> 0 | U74: 0.7 | V74: 0.9 | W74: =IF(P74="","",IF(T74<=U74,3,IF(T74<=V74,2,1))) | X74: =IF($C$71="","","drucken")
A75: =IF($C$71="","","ok") | B75: 9 | D75: s35 | F75: =IF(E75<>"","?","") | I75: =IF(OR(G75="Ja",G75="JA",G75="ja",G75="Oui",G75="OUI",G75="oui"),100%, IF(OR(G75="Nein",G75="NEIN",G75="nein",G75="Oon",G75="NON",G75="non"),0%, IF(G75<>0, IF(H75>=G75,G75/H75, IF(H75<G75,H75/G75)), 0%))) -> 0 | J75: 0.7 | K75: 0.9 | L75: =IF(E75="","",IF(I75<=J75,3,IF(I75<=K75,2,1))) | M75: s69 | O75: o69 | Q75: =IF(P75<>"","?","") | T75: =IF(OR(R75="Ja",R75="JA",R75="ja",R75="Oui",R75="OUI",R75="oui"),100%, IF(OR(R75="Nein",R75="NEIN",R75="nein",R75="Oon",R75="NON",R75="non"),0%, IF(R75<>0, IF(S75>=R75,R75/S75, IF(S75<R75,S75/R75)), 0%))) -> 0 | U75: 0.7 | V75: 0.9 | W75: =IF(P75="","",IF(T75<=U75,3,IF(T75<=V75,2,1))) | X75: =IF($C$71="","","drucken")
A76: =IF($C$71="","","ok") | B76: 9 | M76: s70 | O76: o70 | Q76: =IF(P76<>"","?","") | T76: =IF(OR(R76="Ja",R76="JA",R76="ja",R76="Oui",R76="OUI",R76="oui"),100%, IF(OR(R76="Nein",R76="NEIN",R76="nein",R76="Oon",R76="NON",R76="non"),0%, IF(R76<>0, IF(S76>=R76,R76/S76, IF(S76<R76,S76/R76)), 0%))) -> 0 | U76: 0.7 | V76: 0.9 | W76: =IF(P76="","",IF(T76<=U76,3,IF(T76<=V76,2,1))) | X76: =IF($C$71="","","drucken")
A77: =IF($C$71="","","ok") | B77: 9 | D77: s36 | F77: =IF(E77<>"","?","") | I77: =IF(OR(G77="Ja",G77="JA",G77="ja",G77="Oui",G77="OUI",G77="oui"),100%, IF(OR(G77="Nein",G77="NEIN",G77="nein",G77="Oon",G77="NON",G77="non"),0%, IF(G77<>0, IF(H77>=G77,G77/H77, IF(H77<G77,H77/G77)), 0%))) -> 0 | J77: 0.7 | K77: 0.9 | L77: =IF(E77="","",IF(I77<=J77,3,IF(I77<=K77,2,1))) | M77: s71 | O77: o71 | Q77: =IF(P77<>"","?","") | T77: =IF(OR(R77="Ja",R77="JA",R77="ja",R77="Oui",R77="OUI",R77="oui"),100%, IF(OR(R77="Nein",R77="NEIN",R77="nein",R77="Oon",R77="NON",R77="non"),0%, IF(R77<>0, IF(S77>=R77,R77/S77, IF(S77<R77,S77/R77)), 0%))) -> 0 | U77: 0.7 | V77: 0.9 | W77: =IF(P77="","",IF(T77<=U77,3,IF(T77<=V77,2,1))) | X77: =IF($C$71="","","drucken")
A78: =IF($C$71="","","ok") | B78: 9 | M78: s72 | O78: o72 | Q78: =IF(P78<>"","?","") | T78: =IF(OR(R78="Ja",R78="JA",R78="ja",R78="Oui",R78="OUI",R78="oui"),100%, IF(OR(R78="Nein",R78="NEIN",R78="nein",R78="Oon",R78="NON",R78="non"),0%, IF(R78<>0, IF(S78>=R78,R78/S78, IF(S78<R78,S78/R78)), 0%))) -> 0 | U78: 0.7 | V78: 0.9 | W78: =IF(P78="","",IF(T78<=U78,3,IF(T78<=V78,2,1))) | X78: =IF($C$71="","","drucken")
A79: =IF($C$79="","","ok") | B79: 10 | D79: s37 | F79: =IF(E79<>"","?","") | I79: =IF(OR(G79="Ja",G79="JA",G79="ja",G79="Oui",G79="OUI",G79="oui"),100%, IF(OR(G79="Nein",G79="NEIN",G79="nein",G79="Oon",G79="NON",G79="non"),0%, IF(G79<>0, IF(H79>=G79,G79/H79, IF(H79<G79,H79/G79)), 0%))) -> 0 | J79: 0.7 | K79: 0.9 | L79: =IF(E79="","",IF(I79<=J79,3,IF(I79<=K79,2,1))) | M79: s73 | O79: o73 | Q79: =IF(P79<>"","?","") | T79: =IF(OR(R79="Ja",R79="JA",R79="ja",R79="Oui",R79="OUI",R79="oui"),100%, IF(OR(R79="Nein",R79="NEIN",R79="nein",R79="Oon",R79="NON",R79="non"),0%, IF(R79<>0, IF(S79>=R79,R79/S79, IF(S79<R79,S79/R79)), 0%))) -> 0 | U79: 0.7 | V79: 0.9 | W79: =IF(P79="","",IF(T79<=U79,3,IF(T79<=V79,2,1))) | X79: =IF($C$79="","","drucken")
A80: =IF($C$79="","","ok") | B80: 10 | M80: s74 | O80: o74 | Q80: =IF(P80<>"","?","") | T80: =IF(OR(R80="Ja",R80="JA",R80="ja",R80="Oui",R80="OUI",R80="oui"),100%, IF(OR(R80="Nein",R80="NEIN",R80="nein",R80="Oon",R80="NON",R80="non"),0%, IF(R80<>0, IF(S80>=R80,R80/S80, IF(S80<R80,S80/R80)), 0%))) -> 0 | U80: 0.7 | V80: 0.9 | W80: =IF(P80="","",IF(T80<=U80,3,IF(T80<=V80,2,1))) | X80: =IF($C$79="","","drucken")
A81: =IF($C$79="","","ok") | B81: 10 | D81: s38 | F81: =IF(E81<>"","?","") | I81: =IF(OR(G81="Ja",G81="JA",G81="ja",G81="Oui",G81="OUI",G81="oui"),100%, IF(OR(G81="Nein",G81="NEIN",G81="nein",G81="Oon",G81="NON",G81="non"),0%, IF(G81<>0, IF(H81>=G81,G81/H81, IF(H81<G81,H81/G81)), 0%))) -> 0 | J81: 0.7 | K81: 0.9 | L81: =IF(E81="","",IF(I81<=J81,3,IF(I81<=K81,2,1))) | M81: s75 | O81: o75 | Q81: =IF(P81<>"","?","") | T81: =IF(OR(R81="Ja",R81="JA",R81="ja",R81="Oui",R81="OUI",R81="oui"),100%, IF(OR(R81="Nein",R81="NEIN",R81="nein",R81="Oon",R81="NON",R81="non"),0%, IF(R81<>0, IF(S81>=R81,R81/S81, IF(S81<R81,S81/R81)), 0%))) -> 0 | U81: 0.7 | V81: 0.9 | W81: =IF(P81="","",IF(T81<=U81,3,IF(T81<=V81,2,1))) | X81: =IF($C$79="","","drucken")
A82: =IF($C$79="","","ok") | B82: 10 | M82: s76 | O82: o76 | Q82: =IF(P82<>"","?","") | T82: =IF(OR(R82="Ja",R82="JA",R82="ja",R82="Oui",R82="OUI",R82="oui"),100%, IF(OR(R82="Nein",R82="NEIN",R82="nein",R82="Oon",R82="NON",R82="non"),0%, IF(R82<>0, IF(S82>=R82,R82/S82, IF(S82<R82,S82/R82)), 0%))) -> 0 | U82: 0.7 | V82: 0.9 | W82: =IF(P82="","",IF(T82<=U82,3,IF(T82<=V82,2,1))) | X82: =IF($C$79="","","drucken")
A83: =IF($C$79="","","ok") | B83: 10 | D83: s39 | F83: =IF(E83<>"","?","") | I83: =IF(OR(G83="Ja",G83="JA",G83="ja",G83="Oui",G83="OUI",G83="oui"),100%, IF(OR(G83="Nein",G83="NEIN",G83="nein",G83="Oon",G83="NON",G83="non"),0%, IF(G83<>0, IF(H83>=G83,G83/H83, IF(H83<G83,H83/G83)), 0%))) -> 0 | J83: 0.7 | K83: 0.9 | L83: =IF(E83="","",IF(I83<=J83,3,IF(I83<=K83,2,1))) | M83: s77 | O83: o77 | Q83: =IF(P83<>"","?","") | T83: =IF(OR(R83="Ja",R83="JA",R83="ja",R83="Oui",R83="OUI",R83="oui"),100%, IF(OR(R83="Nein",R83="NEIN",R83="nein",R83="Oon",R83="NON",R83="non"),0%, IF(R83<>0, IF(S83>=R83,R83/S83, IF(S83<R83,S83/R83)), 0%))) -> 0 | U83: 0.7 | V83: 0.9 | W83: =IF(P83="","",IF(T83<=U83,3,IF(T83<=V83,2,1))) | X83: =IF($C$79="","","drucken")
A84: =IF($C$79="","","ok") | B84: 10 | M84: s78 | O84: o78 | Q84: =IF(P84<>"","?","") | T84: =IF(OR(R84="Ja",R84="JA",R84="ja",R84="Oui",R84="OUI",R84="oui"),100%, IF(OR(R84="Nein",R84="NEIN",R84="nein",R84="Oon",R84="NON",R84="non"),0%, IF(R84<>0, IF(S84>=R84,R84/S84, IF(S84<R84,S84/R84)), 0%))) -> 0 | U84: 0.7 | V84: 0.9 | W84: =IF(P84="","",IF(T84<=U84,3,IF(T84<=V84,2,1))) | X84: =IF($C$79="","","drucken")
A85: =IF($C$79="","","ok") | B85: 10 | D85: s40 | F85: =IF(E85<>"","?","") | I85: =IF(OR(G85="Ja",G85="JA",G85="ja",G85="Oui",G85="OUI",G85="oui"),100%, IF(OR(G85="Nein",G85="NEIN",G85="nein",G85="Oon",G85="NON",G85="non"),0%, IF(G85<>0, IF(H85>=G85,G85/H85, IF(H85<G85,H85/G85)), 0%))) -> 0 | J85: 0.7 | K85: 0.9 | L85: =IF(E85="","",IF(I85<=J85,3,IF(I85<=K85,2,1))) | M85: s79 | O85: o79 | Q85: =IF(P85<>"","?","") | T85: =IF(OR(R85="Ja",R85="JA",R85="ja",R85="Oui",R85="OUI",R85="oui"),100%, IF(OR(R85="Nein",R85="NEIN",R85="nein",R85="Oon",R85="NON",R85="non"),0%, IF(R85<>0, IF(S85>=R85,R85/S85, IF(S85<R85,S85/R85)), 0%))) -> 0 | U85: 0.7 | V85: 0.9 | W85: =IF(P85="","",IF(T85<=U85,3,IF(T85<=V85,2,1))) | X85: =IF($C$79="","","drucken")
A86: =IF($C$79="","","ok") | B86: 10 | M86: s80 | O86: o80 | Q86: =IF(P86<>"","?","") | T86: =IF(OR(R86="Ja",R86="JA",R86="ja",R86="Oui",R86="OUI",R86="oui"),100%, IF(OR(R86="Nein",R86="NEIN",R86="nein",R86="Oon",R86="NON",R86="non"),0%, IF(R86<>0, IF(S86>=R86,R86/S86, IF(S86<R86,S86/R86)), 0%))) -> 0 | U86: 0.7 | V86: 0.9 | W86: =IF(P86="","",IF(T86<=U86,3,IF(T86<=V86,2,1))) | X86: =IF($C$79="","","drucken")
A87: =IF($C$87="","","ok") -> ok | C87: © iManagement • dr. s.imboden • www.2iManagement.ch | X87: =IF($C$79="","","drucken")

Sheet Kundenbeziehung
B1: =' '!A340 -> K U N D E N B E Z I E H U N G
B5: =' '!A67 -> Nr. | C5: =' '!A284 -> Kunden | E5: =' '!A332 -> Wie soll der Kunde erreicht werden? | F5: =' '!A125 -> Bemerkungen | G5: =' '!A74 -> Status
B7: 1 | C7: =IF(Kunden!C5<>"",Kunden!C5,"") -> Client 1 | E7: Publicité | G7: 3
B8: 2 | C8: =IF(Kunden!C6<>"",Kunden!C6,"") -> Client 2 | E8: Contacts personnalisé | G8: 3
B9: 3 | C9: =IF(Kunden!C7<>"",Kunden!C7,"") -> Client 3
B10: 4 | C10: =IF(Kunden!C8<>"",Kunden!C8,"")
B11: 5 | C11: =IF(Kunden!C9<>"",Kunden!C9,"")
B12: 6 | C12: =IF(Kunden!C10<>"",Kunden!C10,"")
B13: 7 | C13: =IF(Kunden!C11<>"",Kunden!C11,"")
B14: 8 | C14: =IF(Kunden!C12<>"",Kunden!C12,"")
B15: 9 | C15: =IF(Kunden!C13<>"",Kunden!C13,"")
B16: 10 | C16: =IF(Kunden!C14<>"",Kunden!C14,"")
B17: 11 | C17: =IF(Kunden!C15<>"",Kunden!C15,"")
B18: 12 | C18: =IF(Kunden!C16<>"",Kunden!C16,"")
B19: 13 | C19: =IF(Kunden!C17<>"",Kunden!C17,"")
B20: 14 | C20: =IF(Kunden!C18<>"",Kunden!C18,"")
... B26: 20 | C26: =IF(Kunden!C24<>"",Kunden!C24,"")
B28: © iManagement • dr. s.imboden • www.2iManagement.ch | G28: =' '!A660 -> Pfeil kopieren: ctrl und linke Maustaste

Sheet Segmente
B1: =' '!A343 -> M A R K T S E G M E N T I E R U N G
B5: =' '!A344 -> Teilmarkt | C5: =' '!A346 -> Kunden: Zielgruppen - Zielpersonen
B7: ??
B8: ??
B9: ??
C11: =' '!A660 -> Pfeil kopieren: ctrl und linke Maustaste
B13: © iManagement • dr. s.imboden • www.2iManagement.ch

Sheet Distribution
B1: =' '!A341 -> D I S T R I B U T I O N S K A N Ä L E
B5: =' '!A67 -> Nr. | C5: =' '!A345 -> Produkte/Dienstleistungen | E5: =' '!A333 -> Distributionskanäle | F5: =' '!A125 -> Bemerkungen | G5: =' '!A74 -> Status
B7: 1 | C7: =IF(Produkte!C5<>"",Produkte!C5,"") -> Produit 1 | E7: Médias | G7: 2
B8: 2 | C8: =IF(Produkte!C6<>"",Produkte!C6,"") -> Produit 2 | E8: Ecoles Sec I & Sec II | G8: 3
B9: 3 | C9: =IF(Produkte!C7<>"",Produkte!C7,"") | E9: Internet / Edition / E-books
B10: 4 | C10: =IF(Produkte!C8<>"",Produkte!C8,"") | E10: Associations professionnel
B11: 5 | C11: =IF(Produkte!C9<>"",Produkte!C9,"") | E11: Cours
B12: 6 | C12: =IF(Produkte!C10<>"",Produkte!C10,"") | E12: Cyberlearn / e-learning
B13: 7 | C13: =IF(Produkte!C11<>"",Produkte!C11,"")
B14: 8 | C14: =IF(Produkte!C12<>"",Produkte!C12,"")
B15: 9 | C15: =IF(Produkte!C13<>"",Produkte!C13,"")
B16: 10 | C16: =IF(Produkte!C14<>"",Produkte!C14,"")
B17: 11 | C17: =IF(Produkte!C15<>"",Produkte!C15,"")
B18: 12 | C18: =IF(Produkte!C16<>"",Produkte!C16,"")
B19: 13 | C19: =IF(Produkte!C17<>"",Produkte!C17,"")
B20: 14 | C20: =IF(Produkte!C18<>"",Produkte!C18,"")
B21: 15 | C21: =IF(Produkte!C19<>"",Produkte!C19,"")
B22: 16 | C22: =IF(Produkte!C20<>"",Produkte!C20,"")
B23: 17 | C23: =IF(Produkte!C21<>"",Produkte!C21,"")
B24: 18 | C24: =IF(Produkte!C22<>"",Produkte!C22,"")
... B26: 20 | C26: =IF(Produkte!C24<>"",Produkte!C24,"")
B28: © iManagement • dr. s.imboden • www.2iManagement.ch | G28: =' '!A660 -> Pfeil kopieren: ctrl und linke Maustaste

Sheet MatrixLieferanten
B1: =' '!A649 -> V E R G L E I C H S - M A T R I X L I E F E R A N T E N
D4: =E15 -> Lieferant 1 | E4: =G15 -> Lieferant 2 | F4: =I15 -> Lieferant 3 | G4: =K15 -> Lieferant 4 | H4: =M15 -> Lieferant 5 | I4: =O15 -> ?
C5: =IF(C24<>"",C24,"") -> Kriterium 8 | D5: =IF(C24<>"",F24,"") -> 20 | E5: =IF(C24<>"",H24,"") -> 25 | F5: =IF(C24<>"",J24,"") -> 20 | G5: =IF(C24<>"",L24,"") -> 20 | H5: =IF(C24<>"",N24,"") -> 20 | I5: =IF(C24<>"",P24,"") -> 50
C6: =IF(C23<>"",C23,"") -> Kriterium 7 | D6: =IF(C23<>"",F23,"") -> 9 | E6: =IF(C23<>"",H23,"") -> 12 | F6: =IF(C23<>"",J23,"") -> 9 | G6: =IF(C23<>"",L23,"") -> 9 | H6: =IF(C23<>"",N23,"") -> 9 | I6: =IF(C23<>"",P23,"") -> 27
C7: =IF(C22<>"",C22,"") -> Kriterium 6 | D7: =IF(C22<>"",F22,"") -> 35 | E7: =IF(C22<>"",H22,"") -> 30 | F7: =IF(C22<>"",J22,"") -> 35 | G7: =IF(C22<>"",L22,"") -> 30 | H7: =IF(C22<>"",N22,"") -> 30 | I7: =IF(C22<>"",P22,"") -> 30
C8: =IF(C21<>"",C21,"") -> Kriterium 5 | D8: =IF(C21<>"",F21,"") -> 16 | E8: =IF(C21<>"",H21,"") -> 16 | F8: =IF(C21<>"",J21,"") -> 16 | G8: =IF(C21<>"",L21,"") -> 16 | H8: =IF(C21<>"",N21,"") -> 16 | I8: =IF(C21<>"",P21,"") -> 16
C9: =IF(C20<>"",C20,"") -> Kriterium 4 | D9: =IF(C20<>"",F20,"") -> 81 | E9: =IF(C20<>"",H20,"") -> 63 | F9: =IF(C20<>"",J20,"") -> 54 | G9: =IF(C20<>"",L20,"") -> 36 | H9: =IF(C20<>"",N20,"") -> 9 | I9: =IF(C20<>"",P20,"") -> 18
C10: =IF(C19<>"",C19,"") -> Kriterium 3 | D10: =IF(C19<>"",F19,"") -> 25 | E10: =IF(C19<>"",H19,"") -> 25 | F10: =IF(C19<>"",J19,"") -> 25 | G10: =IF(C19<>"",L19,"") -> 25 | H10: =IF(C19<>"",N19,"") -> 25 | I10: =IF(C19<>"",P19,"") -> 25
A11: x!A192 | C11: =IF(C18<>"",C18,"") -> Geschwindikgeit | D11: =IF(C18<>"",F18,"") -> 50 | E11: =IF(C18<>"",H18,"") -> 50 | F11: =IF(C18<>"",J18,"") -> 50 | G11: =IF(C18<>"",L18,"") -> 50 | H11: =IF(C18<>"",N18,"") -> 50 | I11: =IF(C18<>"",P18,"") -> 50
C12: =IF(C17<>"",C17,"") -> Preis | D12: =IF(C17<>"",F17,"") -> 25 | E12: =IF(C17<>"",H17,"") -> 20 | F12: =IF(C17<>"",J17,"") -> 20 | G12: =IF(C17<>"",L17,"") -> 20 | H12: =IF(C17<>"",N17,"") -> 20 | I12: =IF(C17<>"",P17,"") -> 20
B15: =' '!$A$156 -> Nr. | D15: =' '!A629 -> Gewichtung | E15: Lieferant 1 | G15: Lieferant 2 | I15: Lieferant 3 | K15: Lieferant 4 | M15: Lieferant 5 | O15: ?
E16: =' '!A630 -> Bewertung | F16: =' '!A631 -> Total | G16: =E16 -> Bewertung | H16: =F16 -> Total | I16: =E16 -> Bewertung | J16: =F16 -> Total | K16: =E16 -> Bewertung | L16: =F16 -> Total | M16: =E16 -> Bewertung | N16: =F16 -> Total | O16: =E16 -> Bewertung | P16: =F16 -> Total
B17: 1 | C17: Preis | D17: 5 | E17: 5 | F17: =E17*D17 -> 25 | G17: 4 | H17: =D17*G17 -> 20 | I17: 4 | J17: =D17*I17 -> 20 | K17: 4 | L17: =D17*K17 -> 20 | M17: 4 | N17: =D17*M17 -> 20 | O17: 4 | P17: =D17*O17 -> 20
B18: 2 | C18: Geschwindikgeit | D18: 10 | E18: 5 | F18: =E18*D18 -> 50 | G18: 5 | H18: =D18*G18 -> 50 | I18: 5 | J18: =D18*I18 -> 50 | K18: 5 | L18: =D18*K18 -> 50 | M18: 5 | N18: =D18*M18 -> 50 | O18: 5 | P18: =D18*O18 -> 50
B19: 3 | C19: Kriterium 3 | D19: 5 | E19: 5 | F19: =E19*D19 -> 25 | G19: 5 | H19: =D19*G19 -> 25 | I19: 5 | J19: =D19*I19 -> 25 | K19: 5 | L19: =D19*K19 -> 25 | M19: 5 | N19: =D19*M19 -> 25 | O19: 5 | P19: =D19*O19 -> 25
B20: 4 | C20: Kriterium 4 | D20: 9 | E20: 9 | F20: =E20*D20 -> 81 | G20: 7 | H20: =D20*G20 -> 63 | I20: 6 | J20: =D20*I20 -> 54 | K20: 4 | L20: =D20*K20 -> 36 | M20: 1 | N20: =D20*M20 -> 9 | O20: 2 | P20: =D20*O20 -> 18
B21: 5 | C21: Kriterium 5 | D21: 4 | E21: 4 | F21: =E21*D21 -> 16 | G21: 4 | H21: =D21*G21 -> 16 | I21: 4 | J21: =D21*I21 -> 16 | K21: 4 | L21: =D21*K21 -> 16 | M21: 4 | N21: =D21*M21 -> 16 | O21: 4 | P21: =D21*O21 -> 16
B22: 6 | C22: Kriterium 6 | D22: 5 | E22: 7 | F22: =E22*D22 -> 35 | G22: 6 | H22: =D22*G22 -> 30 | I22: 7 | J22: =D22*I22 -> 35 | K22: 6 | L22: =D22*K22 -> 30 | M22: 6 | N22: =D22*M22 -> 30 | O22: 6 | P22: =D22*O22 -> 30
B23: 7 | C23: Kriterium 7 | D23: 3 | E23: 3 | F23: =E23*D23 -> 9 | G23: 4 | H23: =D23*G23 -> 12 | I23: 3 | J23: =D23*I23 -> 9 | K23: 3 | L23: =D23*K23 -> 9 | M23: 3 | N23: =D23*M23 -> 9 | O23: 9 | P23: =D23*O23 -> 27
B24: 8 | C24: Kriterium 8 | D24: 5 | E24: 4 | F24: =E24*D24 -> 20 | G24: 5 | H24: =D24*G24 -> 25 | I24: 4 | J24: =D24*I24 -> 20 | K24: 4 | L24: =D24*K24 -> 20 | M24: 4 | N24: =D24*M24 -> 20 | O24: 10 | P24: =D24*O24 -> 50
C25: =' '!A631 -> Total | F25: =SUM(F17:F24) -> 261 | H25: =SUM(H17:H24) -> 241 | J25: =SUM(J17:J24) -> 229 | L25: =SUM(L17:L24) -> 206 | N25: =SUM(N17:N24) -> 179 | P25: =SUM(P17:P24) -> 236
B26: © iManagement • dr. s.imboden • www.2iManagement.ch

Sheet SinusMilieu
B1: =' '!A614 -> S I N U S - M I L I E U S
C34: © S. Imboden
B62: © iManagement • dr. s.imboden • www.2iManagement.ch

Sheet Marketingmix
B1: =' '!A600 -> M A R K E T I N G - M I X
B5: =' '!A67 -> Nr. | C5: =' '!A601 -> Produktepolitik | G5: =B5 -> Nr. | H5: =' '!A602 -> Preispolitik
B7: 1 | E7: =' '!A605 -> Welche Eigenschaften muss das Produkt/ die Dienstleistung haben? | G7: 1
B8: 2 | G8: 2
B9: 3 | G9: 3
B10: 4 | G10: 4
B11: 5 | G11: 5
B12: 6 | G12: 6
B13: 7 | G13: 7
B14: 8 | E14: =' '!A606 -> Welchen Preis sind meine Kunden bereit zu zahlen? | G14: 8
B15: 9 | G15: 9
B16: 10 | G16: 10
B19: =B5 -> Nr. | C19: =' '!A603 -> Distributionspolitik | G19: =B5 -> Nr. | H19: =' '!A604 -> Kommunikationspolitik
B21: 1 | E21: =' '!A607 -> Wie vertreibe ich das Produkt/ Dienstleistung am besten? | G21: 1
B22: 2 | E22: =' '!C607 -> Wie vertreibe ich das Produkt/ Dienstleistung am besten? | G22: 2
B23: 3 | G23: 3
B24: 4 | G24: 4
B25: 5 | G25: 5
B26: 6 | G26: 6
B27: 7 | G27: 7
B28: 8 | E28: =' '!A608 -> Wie kommuniziere ich am besten mit meinen Kunden? | G28: 8
B29: 9 | G29: 9
B30: 10 | G30: 10
B33: =B5 -> Nr. | C33: =' '!A610 -> Personalpolitik | G33: =B5 -> Nr. | H33: ??
B35: 1 | E35: =' '!A611 -> Wie wird unser Personal entwickelt und motiviert? | G35: 1
B36: 2 | G36: 2
B37: 3 | G37: 3
B38: 4 | G38: 4
B39: 5 | G39: 5
B40: 6 | G40: 6
B41: 7 | G41: 7
B42: 8 | G42: 8
B43: 9 | G43: 9
B44: 10 | G44: 10
B46: © iManagement • dr. s.imboden • www.2iManagement.ch

Sheet Einnahmen
B1: =' '!A353 -> E I N N A H M E Q U E L L E N
B24: =' '!A67 -> Nr. | C24: =' '!A354 -> Einnahmequelle | D24: =' '!A358 -> in % | E24: =' '!A359 -> Beinfluss-barkeit? | F24: =' '!A72 -> Chancen (+) und Gefahren (-) | G24: =' '!A73 -> Mögliche Massnahmen | H24: =' '!A74 -> Status
B25: 1 | C25: Revenu 1 | D25: 0.8 | E25: 3 | F25: Diminution ?
B26: 2 | C26: Revenu 2 | D26: 0.05 | E26: 1
B27: 3
B28: 4
B29: 5
B30: 6
B31: 7
B32: 8
B33: 9
B34: 10
B35: 11
B36: 12
B37: 13
B38: 14
B39: 15
C40: TOTAL | D40: =SUM(D25:D39) -> 0.85
B41: © iManagement • dr. s.imboden • www.2iManagement.ch

Sheet Kosten
B1: =' '!A356 -> K O S T E N S T R U K T U R
B24: =' '!A67 -> Nr. | C24: =' '!A357 -> Kostenträger | D24: =' '!A358 -> in % | E24: =' '!A359 -> Beinfluss-barkeit? | F24: =' '!A72 -> Chancen (+) und Gefahren (-) | G24: =' '!A73 -> Mögliche Massnahmen | H24: =' '!A74 -> Status
B25: 1 | C25: Coût 1 | D25: 0.8 | E25: 1
B26: 2 | C26: Coût 2 | D26: 0.1 | E26: 2
B27: 3
B28: 4
B29: 5
B30: 6
B31: 7
B32: 8
B33: 9
B34: 10
B35: 11
B36: 12
B37: 13
B38: 14
B39: 15
C40: TOTAL | D40: =SUM(D25:D39) -> 0.9
B41: © iManagement • dr. s.imboden • www.2iManagement.ch

Sheet Marketingplan
C1: =' '!A531 -> M A R K E T I N G - P L A N
C4: =' '!A575 -> Inhaltsverzeichnis
C5: 1 | D5: =D18 -> Management Summary
C6: 2 | D6: =D28 -> Analyse der aktuellen Marketingsituation
C7: 3 | D7: =D36 -> SWOT-Analyse
C8: 4 | D8: =D44 -> Planziele
C9: 5 | D9: =D50 -> Marketing-Strategien
C10: 6 | D10: =D53 -> Massnahmenplan
C11: 7 | D11: =D59 -> Ergebnisprognose
C12: 8 | D12: =D62 -> Fazit
C13: 9 | D13: =D66 -> Anhang
C16: =' '!A715 -> Fügen Sie hier den Link zum Dokument mit der rechten Maustaste ein
C18: 1 | D18: =' '!A532 -> Management Summary
D19: =' '!A533 -> Das wichtigste auf max. einer Seite zusammenfassen:
D20: =' '!A534 -> Ausgangslage und Problemstellung?
D21: =' '!A535 -> Projektziele?
D22: =' '!A536 -> Meilensteine
D23: =' '!A537 -> Vorgehen?
D24: =' '!A538 -> Befunde/Lösungen?
D25: =' '!A539 -> Was soll vom Auftraggeber aufgrund dieses Konzepts entschieden werden (z.B. Go/No Go)?
D26: =' '!A540 -> Fazit?
C28: 2 | D28: =' '!A541 -> Analyse der aktuellen Marketingsituation
D29: =' '!A542 -> Wichtige Hintergrunddaten über:
D30: =' '!A543 -> Markt
D31: =' '!A544 -> Produkt
D32: =' '!A545 -> Konkurrenz
D33: =' '!A546 -> Distribution
D34: =' '!A547 -> Makroumfeld
C36: 3 | D36: =' '!A548 -> SWOT-Analyse
D37: =' '!A549 -> Zusammenfassende Darstellung der wichtigsten:
D38: =' '!A550 -> Chancen
D39: =' '!A551 -> Gerfahren
D40: =' '!A552 -> Stärken
D41: =' '!A553 -> Schwächen
D42: =' '!A554 -> Problemfragen für das Produkt, die im Plan zu berücksichtigen sind.
C44: 4 | D44: =' '!A555 -> Planziele
D45: =' '!A556 -> Definition der Planziele für:
D46: =' '!A557 -> Umsatz
D47: =' '!A558 -> Marktanteil
D48: =' '!A559 -> Gewinn
C50: 5 | D50: =' '!A560 -> Marketing-Strategien
D51: =' '!A561 -> Strategien zur Erreichung der Planziele
C53: 6 | D53: =' '!A562 -> Massnahmenplan
D54: =' '!A563 -> Für jede Massnahme:
D55: =' '!A564 -> Projektauftrag
D56: =' '!A565 -> Projektleitung
D57: =' '!A566 -> Budget
C59: 7 | D59: =' '!A568 -> Ergebnisprognose
D60: =' '!A569 -> Zusammenfassende Darstellung des voraussichtlichen Ertrags und wie er sich zusammensetzt.
C62: 8 | D62: =' '!A570 -> Fazit
D63: =' '!A571 -> Welche Schlüsse können gezogen werden?
D64: =' '!A572 -> Evt. persönliche Anmerkungen?
C66: 9 | D66: =' '!A573 -> Anhang
B69: © iManagement • dr. s.imboden • www.2iManagement.ch

Sheet Erfolgsrechnung
C1: =' '!A686 -> PLAN ERFOLGSRECHUNG
F5: =YEAR(TODAY()) -> 2026 | G5: =F5+1 -> 2027 | H5: =G5+1 -> 2028 | I5: =H5+1 -> 2029 | J5: =I5+1 -> 2030
C7: 1 | D7: =' '!A687 -> Betriebsertrag aus Lieferungen und Leistungen (Umsatz)
C8: 2 | D8: =' '!A689 -> - Aufwand für Material, Waren und Drittleistungen
C9: 3 | D9: =' '!A690 -> Bruttoergebnis (Bruttogewinn) | F9: =F7-F8 -> 0 | G9: =G7-G8 -> 0 | H9: =H7-H8 -> 0 | I9: =I7-I8 -> 0 | J9: =J7-J8 -> 0
C10: 4 | D10: =' '!A691 -> - Personalaufwand
C11: 5 | D11: =' '!A692 -> - Raumaufwand (z.B. Miete)
C12: 6 | D12: =' '!A693 -> - Unterhalt, Reparaturen, Ersatz, Leasing
C13: 7 | D13: =' '!A694 -> - Verwaltungs- und Informatikaufwand
C14: 8 | D14: =' '!A695 -> - Fahrzeug- und Transportaufwand
C15: 9 | D15: =' '!A696 -> - Sachversicherungen, Abgaben, Gebühren, Bewilligungen
C16: 10 | D16: =' '!A697 -> - Energie- und Entsorgungsaufwand
C17: 11 | D17: =' '!A698 -> - Büroaufwand
C18: 12 | D18: =' '!A699 -> - Werbe- & Marketingaufwand
C19: 13 | D19: =' '!A700 -> - Repräsentationsauslagen
C20: 14 | D20: =' '!A701 -> - Bücher
C21: 15 | D21: =' '!A702 -> - Übriger Betriebsaufwand
C22: 16 | D22: =' '!A703 -> EBITDA | F22: =F9-(SUM(F10:F21)) -> 0 | G22: =G9-(SUM(G10:G21)) -> 0 | H22: =H9-(SUM(H10:H21)) -> 0 | I22: =I9-(SUM(I10:I21)) -> 0 | J22: =J9-(SUM(J10:J21)) -> 0
C23: 17 | D23: =' '!A704 -> - Abschreibungen
C24: 18 | D24: =' '!A705 -> EBIT | F24: =F22-F23 -> 0 | G24: =G22-G23 -> 0 | H24: =H22-H23 -> 0 | I24: =I22-I23 -> 0 | J24: =J22-J23 -> 0
C25: 19 | D25: =' '!A706 -> - Zinsaufwand
C26: 20 | D26: =' '!A707 -> + Zinsertrag
C27: 21 | D27: =' '!A708 -> EBT | F27: =F24-F25+F26 -> 0 | G27: =G24-G25+G26 -> 0 | H27: =H24-H25+H26 -> 0 | I27: =I24-I25+I26 -> 0 | J27: =J24-J25+J26 -> 0
C28: 22 | D28: =' '!A709 -> - Steuern
C29: 23 | D29: =' '!A710 -> Unternehmensgewinn/-verlust | F29: =F27-F28 -> 0 | G29: =G27-G28 -> 0 | H29: =H27-H28 -> 0 | I29: =I27-I28 -> 0 | J29: =J27-J28 -> 0
F33: =F5 -> 2026 | G33: =G5 -> 2027 | H33: =H5 -> 2028 | I33: =I5 -> 2029 | J33: =J5 -> 2030
E34: =D29 -> Unternehmensgewinn/-verlust | F34: =F29 -> 0 | G34: =G29 -> 0 | H34: =H29 -> 0 | I34: =I29 -> 0 | J34: =J29 -> 0
C50: © iManagement • dr. s.imboden • www.2iManagement.ch

Sheet Risikomgmt
B1: =' '!A237 -> R I S I K O M A N A G E M E N T
B4: =' '!A246 -> Nr. | C4: =' '!A247 -> Risiko | D4: =' '!A250 -> Schadens-ausmass | E4: =' '!A249 -> Eintretens-wahrscheinlich-keit | F4: =' '!A248 -> Auswirkungen | G4: =' '!A251 -> Trend | H4: =' '!A252 -> Mögliche Massnahmen | I4: =' '!A253 -> Status
B5: R1 | C5: Risk 1 | D5: 3 | E5: 9 | G5: 3 | I5: 1 | J5: 1
B6: R2 | C6: Risk 2 | D6: 8 | E6: 10 | G6: 2 | I6: 3 | J6: 1
B7: R3 | J7: 1
B8: R4 | J8: 1
B9: R5 | J9: 1
B10: R6 | J10: 1
B11: R7 | J11: 1
B12: R8 | J12: 1
B13: R9 | J13: 1
B14: R10 | J14: 1
B15: R11 | J15: 1
B16: R12 | J16: 1
B17: R13 | J17: 1
B18: R14 | J18: 1
B19: R15 | J19: 1
B20: © iManagement • dr. s.imboden • www.2iManagement.ch
C56: © iManagement • dr. s.imboden • www.2iManagement.ch

Sheet Zukunftsszenarien
B1: =' '!A225 -> Z U K U N F T S S Z E N A R I E N
B26: =' '!A231 -> Nr. | C26: =' '!A232 -> Szenario | D26: =' '!A235 -> Eintretenswahr-scheinlichkeit in % | E26: =' '!A236 -> Faktoren, die dies begünstigen
B27: Best
B28: Base
B29: Worst
B30: © iManagement • dr. s.imboden • www.2iManagement.ch

Sheet Kennzahlenanalyse
B1: =' '!A215 -> K E N N Z A H L E N
C4: =' '!A217 -> Interne Kennzahlen
B5: =' '!A218 -> Nr. | C5: =' '!A219 -> Kennzahl | D5: =' '!A220 -> Erläuterungen | E5: =' '!A221 -> Einfluss auf Entwicklung | F5: =' '!A222 -> Trend | G5: =' '!A223 -> Vor- und Nachteile | H5: =' '!A224 -> Quelle | I5: =COUNTIF(#REF!,1) -> #REF!
B6: 1 | C6: Bsp: Eigenkapitalqoute (Eigenkapital/Gesamtkapital)*100% | D6: Dient zur Ermittlung der Verschuldung. Eignet sich für Rückschlüsse auf die Stabilität der Finanzen. | E6: 1 | F6: 2 | G6: + Stellt Art und Zusammensetzung des Kapitals dar + Einfach zu ermitteln - Stark branchen- und bewertungsabhängig - Stille Reserven schmälern den tatsächlichen Wert des Eigenkaptials. | I6: =COUNTIF(#REF!,2) -> #REF!
B7: =$B6+1 -> 2 | I7: =COUNTIF(#REF!,3) -> #REF!
B8: =$B7+1 -> 3
B9: =$B8+1 -> 4
B10: =$B9+1 -> 5
B11: =$B10+1 -> 6
B12: =$B11+1 -> 7
B13: =$B12+1 -> 8
B14: =$B13+1 -> 9
B15: =$B14+1 -> 10
B16: 11 | I16: =COUNTIF(#REF!,2) -> #REF!
B17: =$B16+1 -> 12 | I17: =COUNTIF(#REF!,3) -> #REF!
B18: =$B17+1 -> 13
B19: =$B18+1 -> 14
B20: =$B19+1 -> 15
B21: =$B20+1 -> 16
B22: =$B21+1 -> 17
B23: =$B22+1 -> 18
B24: =$B23+1 -> 19
B25: =$B24+1 -> 20
C28: =' '!A216 -> Externe Kennzahlen
B29: =B5 -> Nr. | C29: =C5 -> Kennzahl | D29: =D5 -> Erläuterungen | E29: =E5 -> Einfluss auf Entwicklung | F29: =F5 -> Trend | G29: =G5 -> Vor- und Nachteile | H29: =H5 -> Quelle | I29: =COUNTIF(#REF!,1) -> #REF!
B30: 1 | C30: Bsp. Abwanderungsrate (Anzahl Bewohner/Anz. Bewohner pro Periode)*100% | D30: Die Abwanderungsrate ist ein Indikator, der die Wohnattraktivität misst. | E30: 3 | F30: 1 | G30: + Einfach zu ermitteln + Rasche Aussage zur Situation - gleichzeitige Zuwanderung wird nicht berücksichtig - die Interpratation lässt grossen Spielraum | I30: =COUNTIF(#REF!,2) -> #REF!
B31: =$B30+1 -> 2 | I31: =COUNTIF(#REF!,3) -> #REF!
B32: =$B31+1 -> 3
B33: =$B32+1 -> 4
B34: =$B33+1 -> 5
B35: =$B34+1 -> 6
B36: =$B35+1 -> 7
B37: =$B36+1 -> 8
B38: =$B37+1 -> 9
B39: =$B38+1 -> 10
B40: 11 | I40: =COUNTIF(#REF!,2) -> #REF!
B41: =$B40+1 -> 12 | I41: =COUNTIF(#REF!,3) -> #REF!
B42: =$B41+1 -> 13
B43: =$B42+1 -> 14
B44: =$B43+1 -> 15
B45: =$B44+1 -> 16
B46: =$B45+1 -> 17
B47: =$B46+1 -> 18
B48: =$B47+1 -> 19
B49: =$B48+1 -> 20
B50: © iManagement • dr. s.imboden • www.2iManagement.ch

Sheet Benchmark
B1: =' '!A255 -> B E N C H M A R K I N G
C3: =' '!A257 -> Nr. | D3: =' '!A258 -> Vergleichsobjekte | E3: =' '!A260 -> Wir | F3: =' '!A261 -> Konkurrenz | G3: =' '!A261 -> Konkurrenz | H3: =' '!A261 -> Konkurrenz | K3: =' '!A125 -> Bemerkungen
E4: l | F4: u | G4: u | H4: x
B5: =IF(E5>H5,1, IF(E5<H5,3,2)) -> 1 | C5: 1 | D5: Comparaison 1 | E5: 2 | H5: -3
B6: =IF(E6>H6,1, IF(E6<H6,3,2)) -> 3 | C6: 2 | D6: Comparaison 2 | E6: 1 | H6: 3
B7: =IF(E7>H7,1, IF(E7<H7,3,2)) -> 3 | C7: 3 | E7: 1 | H7: 2
B8: =IF(E8>H8,1, IF(E8<H8,3,2)) -> 3 | C8: 4 | E8: -1 | H8: 1
B9: =IF(E9>H9,1, IF(E9<H9,3,2)) -> 3 | C9: 5 | E9: -3 | H9: 1
B10: =IF(E10>H10,1, IF(E10<H10,3,2)) -> 2 | C10: 6 | E10: 1 | H10: 1
B11: =IF(E11>H11,1, IF(E11<H11,3,2)) -> 3 | C11: 7 | E11: -3 | H11: 1
B12: =IF(E12>H12,1, IF(E12<H12,3,2)) -> 1 | C12: 8 | E12: 3 | H12: 1
B13: =IF(E13>H13,1, IF(E13<H13,3,2)) -> 2 | C13: 9 | E13: 1 | H13: 1
B14: =IF(E14>H14,1, IF(E14<H14,3,2)) -> 3 | C14: 10 | E14: -1 | H14: 1
B15: =IF(E15>H15,1, IF(E15<H15,3,2)) -> 1 | C15: 11 | E15: 2 | H15: 1
B16: =IF(E16>H16,1, IF(E16<H16,3,2)) -> 3 | C16: 12 | E16: -1 | H16: 1
B17: =IF(E17>H17,1, IF(E17<H17,3,2)) -> 3 | C17: 13 | E17: 0 | H17: 1
B18: =IF(E18>H18,1, IF(E18<H18,3,2)) -> 3 | C18: 14 | E18: -2 | H18: 1
... B34: =IF(E34>H34,1, IF(E34<H34,3,2)) -> 3 | C34: 30 | E34: 2 | H34: 3
B36: © iManagement • dr. s.imboden • www.2iManagement.ch

Sheet Positionierung
B1: =' '!A641 -> P O S I T I O N I E R U N G | G1: xyz
B44: © iManagement • dr. s.imboden • www.2iManagement.ch

Sheet BlueOcean
B1: =' '!D651 -> B L U E O C E A N S T R A T E G Y
D26: Waiters | E26: Table Settings | F26: Menu Selection | G26: Kid Friendly | H26: Speed | I26: Quality | J26: Price
C27: Mc Donalds | D27: 1 | E27: 1 | F27: 1 | G27: 8 | H27: 9 | I27: 8 | J27: 4
C28: 3 Star Restaurant | D28: 6 | E28: 6 | F28: 6 | G28: 6 | H28: 5 | I28: 4 | J28: 5
C29: 2 Star Restaurant | D29: 5 | E29: 5 | F29: 5 | G29: 3 | H29: 4 | I29: 3 | J29: 4
C30: 1 Star Restaurant | D30: 4 | E30: 4 | F30: 4 | G30: 4 | H30: 4 | I30: 2 | J30: 3
C31: =' '!A661 -> 10 = sehr hoch; 1 = sehr niedrig
C39: © iManagement • dr. s.imboden • www.2iManagement.ch

Sheet Budget
B1: M A R K E T I N G B U D G E T
Q4: letzte Spalte | R4: vorletzte | S4: Abweichung | T4: in%
C5: =' '!A644 -> Beschreibung | D5: =CONCATENATE(' '!A646," ",' '!A645,"/",INDIRECT(Q5)," ") -> erreicht SOLL/2017 | E5: =CONCATENATE(' '!A647," ",INDIRECT(R5)) -> Abweichung 2016 | F5: =CONCATENATE(' '!A645," ",INDIRECT(Q5)) -> SOLL 2017 | G5: 2016 | H5: =G5+1 -> 2017 | I5: =H5+1 -> 2018 | J5: =I5+1 -> 2019 | K5: =J5+1 -> 2020 | L5: =K5+1 -> 2021 | M5: =L5+1 -> 2022 | N5: =M5+1 -> 2023 | O5: =N5+1 -> 2024 | P5: =O5+1 -> 2025 | Q5: =(ADDRESS(ROW(),COLUMN(INDIRECT(Q7)))) -> $H$5 | R5: =(ADDRESS(ROW(),COLUMN(INDIRECT(R7)))) -> $G$5 | T5: in%
F6: =F5 -> SOLL 2017 | G6: =G5 -> 2016 | H6: =H5 -> 2017 | I6: =I5 -> 2018 | J6: =J5 -> 2019 | K6: =K5 -> 2020 | L6: =L5 -> 2021 | M6: =M5 -> 2022 | ... P6: =P5 -> 2025
B7: 1 | C7: Werbung Zeitungen | D7: =IF(F7<>0,IF(F7<INDIRECT(Q7),F7/INDIRECT(Q7),INDIRECT(Q7)/F7),"") -> 0.9 | E7: =IF(H7<>0,T7,0) -> 0.125 | F7: 100 | G7: 80 | H7: 90 | Q7: =(ADDRESS(ROW(),COLUMN()-12+MATCH(1,FREQUENCY(1,N(G7:P7="")),))) -> $H$7 | R7: =(ADDRESS(ROW(),COLUMN()-14+MATCH(1,FREQUENCY(1,N(G7:P7="")),))) -> $G$7 | S7: =IF(F7<>0,INDIRECT(Q7)-INDIRECT(R7),0) -> 10 | T7: =IF(S7<>0,S7/INDIRECT(R7),0) -> 0.125
B8: 2 | C8: Werbung Plakate | D8: =IF(F8<>0,IF(F8<INDIRECT(Q8),F8/INDIRECT(Q8),INDIRECT(Q8)/F8),"") -> 0.75 | E8: =IF(H8<>0,T8,0) -> 0.2 | F8: 80 | G8: 50 | H8: 60 | Q8: =(ADDRESS(ROW(),COLUMN()-12+MATCH(1,FREQUENCY(1,N(G8:P8="")),))) -> $H$8 | R8: =(ADDRESS(ROW(),COLUMN()-14+MATCH(1,FREQUENCY(1,N(G8:P8="")),))) -> $G$8 | S8: =IF(F8<>0,INDIRECT(Q8)-INDIRECT(R8),0) -> 10 | T8: =IF(S8<>0,S8/INDIRECT(R8),0) -> 0.2
B9: 3 | D9: =IF(F9<>0,IF(F9<INDIRECT(Q9),F9/INDIRECT(Q9),INDIRECT(Q9)/F9),"") | E9: =IF(H9<>0,T9,0) -> 0 | Q9: =(ADDRESS(ROW(),COLUMN()-12+MATCH(1,FREQUENCY(1,N(G9:P9="")),))) -> $F$9 | R9: =(ADDRESS(ROW(),COLUMN()-14+MATCH(1,FREQUENCY(1,N(G9:P9="")),))) -> $E$9 | S9: =IF(F9<>0,INDIRECT(Q9)-INDIRECT(R9),0) -> 0 | T9: =IF(S9<>0,S9/INDIRECT(R9),0) -> 0
B10: 4 | D10: =IF(F10<>0,IF(F10<INDIRECT(Q10),F10/INDIRECT(Q10),INDIRECT(Q10)/F10),"") | E10: =IF(H10<>0,T10,0) -> 0 | Q10: =(ADDRESS(ROW(),COLUMN()-12+MATCH(1,FREQUENCY(1,N(G10:P10="")),))) -> $F$10 | R10: =(ADDRESS(ROW(),COLUMN()-14+MATCH(1,FREQUENCY(1,N(G10:P10="")),))) -> $E$10 | S10: =IF(F10<>0,INDIRECT(Q10)-INDIRECT(R10),0) -> 0 | T10: =IF(S10<>0,S10/INDIRECT(R10),0) -> 0
B11: 5 | D11: =IF(F11<>0,IF(F11<INDIRECT(Q11),F11/INDIRECT(Q11),INDIRECT(Q11)/F11),"") | E11: =IF(H11<>0,T11,0) -> 0 | Q11: =(ADDRESS(ROW(),COLUMN()-12+MATCH(1,FREQUENCY(1,N(G11:P11="")),))) -> $F$11 | R11: =(ADDRESS(ROW(),COLUMN()-14+MATCH(1,FREQUENCY(1,N(G11:P11="")),))) -> $E$11 | S11: =IF(F11<>0,INDIRECT(Q11)-INDIRECT(R11),0) -> 0 | T11: =IF(S11<>0,S11/INDIRECT(R11),0) -> 0
B12: 6 | D12: =IF(F12<>0,IF(F12<INDIRECT(Q12),F12/INDIRECT(Q12),INDIRECT(Q12)/F12),"") | E12: =IF(H12<>0,T12,0) -> 0 | Q12: =(ADDRESS(ROW(),COLUMN()-12+MATCH(1,FREQUENCY(1,N(G12:P12="")),))) -> $F$12 | R12: =(ADDRESS(ROW(),COLUMN()-14+MATCH(1,FREQUENCY(1,N(G12:P12="")),))) -> $E$12 | S12: =IF(F12<>0,INDIRECT(Q12)-INDIRECT(R12),0) -> 0 | T12: =IF(S12<>0,S12/INDIRECT(R12),0) -> 0
B13: 7 | D13: =IF(F13<>0,IF(F13<INDIRECT(Q13),F13/INDIRECT(Q13),INDIRECT(Q13)/F13),"") | E13: =IF(H13<>0,T13,0) -> 0 | Q13: =(ADDRESS(ROW(),COLUMN()-12+MATCH(1,FREQUENCY(1,N(G13:P13="")),))) -> $F$13 | R13: =(ADDRESS(ROW(),COLUMN()-14+MATCH(1,FREQUENCY(1,N(G13:P13="")),))) -> $E$13 | S13: =IF(F13<>0,INDIRECT(Q13)-INDIRECT(R13),0) -> 0 | T13: =IF(S13<>0,S13/INDIRECT(R13),0) -> 0
B14: 8 | D14: =IF(F14<>0,IF(F14<INDIRECT(Q14),F14/INDIRECT(Q14),INDIRECT(Q14)/F14),"") | E14: =IF(H14<>0,T14,0) -> 0 | Q14: =(ADDRESS(ROW(),COLUMN()-12+MATCH(1,FREQUENCY(1,N(G14:P14="")),))) -> $F$14 | R14: =(ADDRESS(ROW(),COLUMN()-14+MATCH(1,FREQUENCY(1,N(G14:P14="")),))) -> $E$14 | S14: =IF(F14<>0,INDIRECT(Q14)-INDIRECT(R14),0) -> 0 | T14: =IF(S14<>0,S14/INDIRECT(R14),0) -> 0
B15: 9 | D15: =IF(F15<>0,IF(F15<INDIRECT(Q15),F15/INDIRECT(Q15),INDIRECT(Q15)/F15),"") | E15: =IF(H15<>0,T15,0) -> 0 | Q15: =(ADDRESS(ROW(),COLUMN()-12+MATCH(1,FREQUENCY(1,N(G15:P15="")),))) -> $F$15 | R15: =(ADDRESS(ROW(),COLUMN()-14+MATCH(1,FREQUENCY(1,N(G15:P15="")),))) -> $E$15 | S15: =IF(F15<>0,INDIRECT(Q15)-INDIRECT(R15),0) -> 0 | T15: =IF(S15<>0,S15/INDIRECT(R15),0) -> 0
B16: 10 | D16: =IF(F16<>0,IF(F16<INDIRECT(Q16),F16/INDIRECT(Q16),INDIRECT(Q16)/F16),"") | E16: =IF(H16<>0,T16,0) -> 0 | Q16: =(ADDRESS(ROW(),COLUMN()-12+MATCH(1,FREQUENCY(1,N(G16:P16="")),))) -> $F$16 | R16: =(ADDRESS(ROW(),COLUMN()-14+MATCH(1,FREQUENCY(1,N(G16:P16="")),))) -> $E$16 | S16: =IF(F16<>0,INDIRECT(Q16)-INDIRECT(R16),0) -> 0 | T16: =IF(S16<>0,S16/INDIRECT(R16),0) -> 0
B17: 11 | D17: =IF(F17<>0,IF(F17<INDIRECT(Q17),F17/INDIRECT(Q17),INDIRECT(Q17)/F17),"") | E17: =IF(H17<>0,T17,0) -> 0 | Q17: =(ADDRESS(ROW(),COLUMN()-12+MATCH(1,FREQUENCY(1,N(G17:P17="")),))) -> $F$17 | R17: =(ADDRESS(ROW(),COLUMN()-14+MATCH(1,FREQUENCY(1,N(G17:P17="")),))) -> $E$17 | S17: =IF(F17<>0,INDIRECT(Q17)-INDIRECT(R17),0) -> 0 | T17: =IF(S17<>0,S17/INDIRECT(R17),0) -> 0
B18: 12 | D18: =IF(F18<>0,IF(F18<INDIRECT(Q18),F18/INDIRECT(Q18),INDIRECT(Q18)/F18),"") | E18: =IF(H18<>0,T18,0) -> 0 | Q18: =(ADDRESS(ROW(),COLUMN()-12+MATCH(1,FREQUENCY(1,N(G18:P18="")),))) -> $F$18 | R18: =(ADDRESS(ROW(),COLUMN()-14+MATCH(1,FREQUENCY(1,N(G18:P18="")),))) -> $E$18 | S18: =IF(F18<>0,INDIRECT(Q18)-INDIRECT(R18),0) -> 0 | T18: =IF(S18<>0,S18/INDIRECT(R18),0) -> 0
B19: 13 | D19: =IF(F19<>0,IF(F19<INDIRECT(Q19),F19/INDIRECT(Q19),INDIRECT(Q19)/F19),"") | E19: =IF(H19<>0,T19,0) -> 0 | Q19: =(ADDRESS(ROW(),COLUMN()-12+MATCH(1,FREQUENCY(1,N(G19:P19="")),))) -> $F$19 | R19: =(ADDRESS(ROW(),COLUMN()-14+MATCH(1,FREQUENCY(1,N(G19:P19="")),))) -> $E$19 | S19: =IF(F19<>0,INDIRECT(Q19)-INDIRECT(R19),0) -> 0 | T19: =IF(S19<>0,S19/INDIRECT(R19),0) -> 0
B20: 14 | D20: =IF(F20<>0,IF(F20<INDIRECT(Q20),F20/INDIRECT(Q20),INDIRECT(Q20)/F20),"") | E20: =IF(H20<>0,T20,0) -> 0 | Q20: =(ADDRESS(ROW(),COLUMN()-12+MATCH(1,FREQUENCY(1,N(G20:P20="")),))) -> $F$20 | R20: =(ADDRESS(ROW(),COLUMN()-14+MATCH(1,FREQUENCY(1,N(G20:P20="")),))) -> $E$20 | S20: =IF(F20<>0,INDIRECT(Q20)-INDIRECT(R20),0) -> 0 | T20: =IF(S20<>0,S20/INDIRECT(R20),0) -> 0
... B65: 59 | D65: =IF(F65<>0,IF(F65<INDIRECT(Q65),F65/INDIRECT(Q65),INDIRECT(Q65)/F65),"") | E65: =IF(H65<>0,T65,0) -> 0 | Q65: =(ADDRESS(ROW(),COLUMN()-12+MATCH(1,FREQUENCY(1,N(G65:P65="")),))) -> $F$65 | R65: =(ADDRESS(ROW(),COLUMN()-14+MATCH(1,FREQUENCY(1,N(G65:P65="")),))) -> $E$65 | S65: =IF(F65<>0,INDIRECT(Q65)-INDIRECT(R65),0) -> 0 | T65: =IF(S65<>0,S65/INDIRECT(R65),0) -> 0
B66: 60 | C66: =' '!A648 -> TOTAL BUDGET | D66: =IF(F66<>0,IF(F66<INDIRECT(Q66),F66/INDIRECT(Q66),INDIRECT(Q66)/F66),"") -> 0.83333333 | E66: =IF(H66<>0,T66,0) -> 0.15384615 | F66: =SUM(F7:F65) -> 180 | G66: =SUM(G7:G65) -> 130 | H66: =SUM(H7:H65) -> 150 | I66: =SUM(I7:I65) -> 0 | J66: =SUM(J7:J65) -> 0 | K66: =SUM(K7:K65) -> 0 | L66: =SUM(L7:L65) -> 0 | M66: =SUM(M7:M65) -> 0 | ... P66: =SUM(P7:P65) -> 0 | Q66: =(ADDRESS(ROW(),COLUMN()-12+MATCH(1,FREQUENCY(1,N(G7:P7="")),))) -> $H$66 | R66: =(ADDRESS(ROW(),COLUMN()-14+MATCH(1,FREQUENCY(1,N(G7:P7="")),))) -> $G$66 | S66: =IF(F66<>0,INDIRECT(Q66)-INDIRECT(R66),0) -> 20 | T66: =IF(S66<>0,S66/INDIRECT(R66),0) -> 0.15384615
C67: © iManagement • dr. s.imboden • www.2iManagement.ch
C69: =' '!A648 -> TOTAL BUDGET
D71: =COUNTIF($D$7:$D$26,"<=70%") -> 0 | F71: =(COUNTIF($D$7:$D$26,">70%"))-(COUNTIF($D$7:$D$26,">90%")) -> 2 | G71: =COUNTIF($D$7:$D$26,">=90%") -> 1
D72: =COUNTIF(D27:D40,"<=70%") -> 0 | F72: =(COUNTIF(D27:D40,">70%"))-(COUNTIF(D27:D40,">90%")) -> 0 | G72: =COUNTIF(D27:D40,">=90%") -> 0
D73: =COUNTIF(D41:D50,"<=70%") -> 0 | F73: =(COUNTIF(D41:D50,">70%"))-(COUNTIF(D41:D50,">90%")) -> 0 | G73: =COUNTIF(D41:D50,">=90%") -> 0
D74: =COUNTIF(D51:D56,"<=70%") -> 0 | F74: =(COUNTIF(D51:D56,">70%"))-(COUNTIF(D51:D56,">90%")) -> 0 | G74: =COUNTIF(D51:D56,">=90%") -> 0
D75: =COUNTIF(D57:D66,"<=70%") -> 0 | F75: =(COUNTIF(D57:D66,">70%"))-(COUNTIF(D57:D66,">90%")) -> 1 | G75: =COUNTIF(D57:D66,">=90%") -> 0
C180: =INDIRECT("d5") -> erreicht SOLL/2017
B181: =B7 -> 1 | C181: =INDIRECT("D7") -> 0.9
B182: =B8 -> 2 | C182: =INDIRECT("D8") -> 0.75
B183: =B9 -> 3 | C183: =INDIRECT("D9")
B184: =B10 -> 4 | C184: =INDIRECT("D10")
B185: =B11 -> 5 | C185: =INDIRECT("D11")
B186: =B12 -> 6 | C186: =INDIRECT("D12")
B187: =B27 -> 21 | C187: =INDIRECT("D27")
B188: =B28 -> 22 | C188: =INDIRECT("D28")
B189: =B29 -> 23 | C189: =INDIRECT("D29")
B190: =B30 -> 24 | C190: =INDIRECT("D30")
B191: =B31 -> 25 | C191: =INDIRECT("D31")
B192: =B32 -> 26 | C192: =INDIRECT("D32")
B193: =B41 -> 35 | C193: =INDIRECT("D41")
B194: =B42 -> 36 | C194: =INDIRECT("D42")
B195: =B43 -> 37 | C195: =INDIRECT("D43")
B196: =B44 -> 38 | C196: =INDIRECT("D44")
B197: =B45 -> 39 | C197: =INDIRECT("D45")
B198: =B46 -> 40 | C198: =INDIRECT("D46")
B199: =B51 -> 45 | C199: =INDIRECT("D51")
B200: =B52 -> 46 | C200: =INDIRECT("D52")
B201: =B53 -> 47 | C201: =INDIRECT("D53")
B202: =B54 -> 48 | C202: =INDIRECT("D54")
B203: =B55 -> 49 | C203: =INDIRECT("D55")
B204: =B56 -> 50 | C204: =INDIRECT("D56")
B205: =B57 -> 51 | C205: =INDIRECT("D57")
B206: =B58 -> 52 | C206: =INDIRECT("D58")
B207: =B59 -> 53 | C207: =INDIRECT("D59")
B208: =B60 -> 54 | C208: =INDIRECT("D60")
B209: =B61 -> 55 | C209: =INDIRECT("D61")
B210: =B62 -> 56 | C210: =INDIRECT("D62")

Sheet Cockpit
C1: =' '!A517 -> M A R K E T I N G C O C K P I T
B5: =' '!A495 -> Nr. | C5: =' '!A503 -> Marketing-Ziele | D5: =B5 -> Nr. | E5: =' '!A504 -> Indikatoren | F5: =' '!A500 -> erreicht | H5: =B5 -> Nr. | I5: =' '!A505 -> Projekte | J5: Prio | K5: =' '!A509 -> Wer? | L5: =' '!A507 -> Beginn | M5: =' '!A508 -> Ende | O5: =' '!A510 -> Bemerkungen
O6: =IF($C$7="","","drucken") -> drucken
A7: =IF($C$7="","","ok") -> ok | B7: 1 | C7: =IF(Massnahmen!C7<>"",Massnahmen!C7,"") -> Ziel 1 | D7: s1 | E7: =IF(Massnahmen!E7<>"",Massnahmen!E7,"") -> Indikator 1 | F7: =Massnahmen!I7 -> 0.5 | G7: =Massnahmen!L7 -> 3 | H7: p1 | I7: Projet 1 | J7: 1 | N7: 2
A8: =IF($C$7="","","ok") -> ok | B8: 1 | H8: p2 | J8: 2
A9: =IF($C$7="","","ok") -> ok | B9: 1 | D9: s2 | E9: =IF(Massnahmen!E9<>"",Massnahmen!E9,"") | F9: =Massnahmen!I9 -> 0 | G9: =Massnahmen!L9 | H9: p3 | J9: 3
A10: =IF($C$7="","","ok") -> ok | B10: 1 | H10: p4
A11: =IF($C$7="","","ok") -> ok | B11: 1 | D11: s3 | E11: =IF(Massnahmen!E11<>"",Massnahmen!E11,"") | F11: =Massnahmen!I11 -> 0 | G11: =Massnahmen!L11 | H11: p5
A12: =IF($C$7="","","ok") -> ok | B12: 1 | H12: p6
A13: =IF($C$7="","","ok") -> ok | B13: 1 | D13: s4 | E13: =IF(Massnahmen!E13<>"",Massnahmen!E13,"") | F13: =Massnahmen!I13 -> 0 | G13: =Massnahmen!L13 | H13: p7
A14: =IF($C$7="","","ok") -> ok | B14: 1 | H14: p8
A15: =IF($C$15="","","ok") -> ok | B15: 2 | C15: =IF(Massnahmen!C15<>"",Massnahmen!C15,"") -> Ziel 2 | D15: s5 | E15: =IF(Massnahmen!E15<>"",Massnahmen!E15,"") | F15: =Massnahmen!I15 -> 0 | G15: =Massnahmen!L15 | H15: p9
A16: =IF($C$15="","","ok") -> ok | B16: 2 | H16: p10
A17: =IF($C$15="","","ok") -> ok | B17: 2 | D17: s6 | E17: =IF(Massnahmen!E17<>"",Massnahmen!E17,"") | F17: =Massnahmen!I17 -> 0 | G17: =Massnahmen!L17 | H17: p11
A18: =IF($C$15="","","ok") -> ok | B18: 2 | H18: p12
A19: =IF($C$15="","","ok") -> ok | B19: 2 | D19: s7 | E19: =IF(Massnahmen!E19<>"",Massnahmen!E19,"") | F19: =Massnahmen!I19 -> 0 | G19: =Massnahmen!L19 | H19: p13
A20: =IF($C$15="","","ok") -> ok | B20: 2 | H20: p14
A21: =IF($C$15="","","ok") -> ok | B21: 2 | D21: s8 | E21: =IF(Massnahmen!E21<>"",Massnahmen!E21,"") | F21: =Massnahmen!I21 -> 0 | G21: =Massnahmen!L21 | H21: p15
A22: =IF($C$15="","","ok") -> ok | B22: 2 | H22: p16
A23: =IF($C$23="","","ok") -> ok | B23: 3 | C23: =IF(Massnahmen!C23<>"",Massnahmen!C23,"") -> Ziel 3 | D23: s9 | E23: =IF(Massnahmen!E23<>"",Massnahmen!E23,"") | F23: =Massnahmen!I23 -> 0 | G23: =Massnahmen!L23 | H23: p17
A24: =IF($C$23="","","ok") -> ok | B24: 3 | H24: p18
A25: =IF($C$23="","","ok") -> ok | B25: 3 | D25: s10 | E25: =IF(Massnahmen!E25<>"",Massnahmen!E25,"") | F25: =Massnahmen!I25 -> 0 | G25: =Massnahmen!L25 | H25: p19
A26: =IF($C$23="","","ok") -> ok | B26: 3 | H26: p20
A27: =IF($C$23="","","ok") -> ok | B27: 3 | D27: s11 | E27: =IF(Massnahmen!E27<>"",Massnahmen!E27,"") | F27: =Massnahmen!I27 -> 0 | G27: =Massnahmen!L27 | H27: p21
A28: =IF($C$23="","","ok") -> ok | B28: 3 | H28: p22
A29: =IF($C$23="","","ok") -> ok | B29: 3 | D29: s12 | E29: =IF(Massnahmen!E29<>"",Massnahmen!E29,"") | F29: =Massnahmen!I29 -> 0 | G29: =Massnahmen!L29 | H29: p23
A30: =IF($C$23="","","ok") -> ok | B30: 3 | H30: p24
A31: =IF($C$31="","","ok") | B31: 4 | C31: =IF(Massnahmen!C31<>"",Massnahmen!C31,"") | D31: s13 | E31: =IF(Massnahmen!E31<>"",Massnahmen!E31,"") | F31: =Massnahmen!I31 -> 0 | G31: =Massnahmen!L31 | H31: p25
A32: =IF($C$31="","","ok") | B32: 4 | H32: p26
A33: =IF($C$31="","","ok") | B33: 4 | D33: s14 | E33: =IF(Massnahmen!E33<>"",Massnahmen!E33,"") | F33: =Massnahmen!I33 -> 0 | G33: =Massnahmen!L33 | H33: p27
A34: =IF($C$31="","","ok") | B34: 4 | H34: p28
A35: =IF($C$31="","","ok") | B35: 4 | D35: s15 | E35: =IF(Massnahmen!E35<>"",Massnahmen!E35,"") | F35: =Massnahmen!I35 -> 0 | G35: =Massnahmen!L35 | H35: p29
A36: =IF($C$31="","","ok") | B36: 4 | H36: p30
A37: =IF($C$31="","","ok") | B37: 4 | D37: s16 | E37: =IF(Massnahmen!E37<>"",Massnahmen!E37,"") | F37: =Massnahmen!I37 -> 0 | G37: =Massnahmen!L37 | H37: p31
A38: =IF($C$31="","","ok") | B38: 4 | H38: p32
A39: =IF($C$39="","","ok") | B39: 5 | C39: =IF(Massnahmen!C39<>"",Massnahmen!C39,"") | D39: s17 | E39: =IF(Massnahmen!E39<>"",Massnahmen!E39,"") | F39: =Massnahmen!I39 -> 0 | G39: =Massnahmen!L39 | H39: p33
A40: =IF($C$39="","","ok") | B40: 5 | H40: p34
A41: =IF($C$39="","","ok") | B41: 5 | D41: s18 | E41: =IF(Massnahmen!E41<>"",Massnahmen!E41,"") | F41: =Massnahmen!I41 -> 0 | G41: =Massnahmen!L41 | H41: p35
A42: =IF($C$39="","","ok") | B42: 5 | H42: p36
A43: =IF($C$39="","","ok") | B43: 5 | D43: s19 | E43: =IF(Massnahmen!E43<>"",Massnahmen!E43,"") | F43: =Massnahmen!I43 -> 0 | G43: =Massnahmen!L43 | H43: p37
A44: =IF($C$39="","","ok") | B44: 5 | H44: p38
A45: =IF($C$39="","","ok") | B45: 5 | D45: s20 | E45: =IF(Massnahmen!E45<>"",Massnahmen!E45,"") | F45: =Massnahmen!I45 -> 0 | G45: =Massnahmen!L45 | H45: p39
A46: =IF($C$39="","","ok") | B46: 5 | H46: p40
A47: =IF($C$47="","","ok") | B47: 6 | C47: =IF(Massnahmen!C47<>"",Massnahmen!C47,"") | D47: s21 | E47: =IF(Massnahmen!E47<>"",Massnahmen!E47,"") | F47: =Massnahmen!I47 -> 0 | G47: =Massnahmen!L47 | H47: p41
A48: =IF($C$47="","","ok") | B48: 6 | H48: p42
A49: =IF($C$47="","","ok") | B49: 6 | D49: s22 | E49: =IF(Massnahmen!E49<>"",Massnahmen!E49,"") | F49: =Massnahmen!I49 -> 0 | G49: =Massnahmen!L49 | H49: p43
A50: =IF($C$47="","","ok") | B50: 6 | H50: p44
A51: =IF($C$47="","","ok") | B51: 6 | D51: s23 | E51: =IF(Massnahmen!E51<>"",Massnahmen!E51,"") | F51: =Massnahmen!I51 -> 0 | G51: =Massnahmen!L51 | H51: p45
A52: =IF($C$47="","","ok") | B52: 6 | H52: p46
A53: =IF($C$47="","","ok") | B53: 6 | D53: s24 | E53: =IF(Massnahmen!E53<>"",Massnahmen!E53,"") | F53: =Massnahmen!I53 -> 0 | G53: =Massnahmen!L53 | H53: p47
A54: =IF($C$47="","","ok") | B54: 6 | H54: p48
A55: =IF($C$55="","","ok") | B55: 7 | C55: =IF(Massnahmen!C55<>"",Massnahmen!C55,"") | D55: s25 | E55: =IF(Massnahmen!E55<>"",Massnahmen!E55,"") | F55: =Massnahmen!I55 -> 0 | G55: =Massnahmen!L55 | H55: p49
A56: =IF($C$55="","","ok") | B56: 7 | H56: p50
A57: =IF($C$55="","","ok") | B57: 7 | D57: s26 | E57: =IF(Massnahmen!E57<>"",Massnahmen!E57,"") | F57: =Massnahmen!I57 -> 0 | G57: =Massnahmen!L57 | H57: p51
A58: =IF($C$55="","","ok") | B58: 7 | H58: p52
A59: =IF($C$55="","","ok") | B59: 7 | D59: s27 | E59: =IF(Massnahmen!E59<>"",Massnahmen!E59,"") | F59: =Massnahmen!I59 -> 0 | G59: =Massnahmen!L59 | H59: p53
A60: =IF($C$55="","","ok") | B60: 7 | H60: p54
A61: =IF($C$55="","","ok") | B61: 7 | D61: s28 | E61: =IF(Massnahmen!E61<>"",Massnahmen!E61,"") | F61: =Massnahmen!I61 -> 0 | G61: =Massnahmen!L61 | H61: p55
A62: =IF($C$55="","","ok") | B62: 7 | H62: p56
A63: =IF($C$63="","","ok") | B63: 8 | C63: =IF(Massnahmen!C63<>"",Massnahmen!C63,"") | D63: s29 | E63: =IF(Massnahmen!E63<>"",Massnahmen!E63,"") | F63: =Massnahmen!I63 -> 0 | G63: =Massnahmen!L63 | H63: p57
A64: =IF($C$63="","","ok") | B64: 8 | H64: p58
A65: =IF($C$63="","","ok") | B65: 8 | D65: s30 | E65: =IF(Massnahmen!E65<>"",Massnahmen!E65,"") | F65: =Massnahmen!I65 -> 0 | G65: =Massnahmen!L65 | H65: p59
A66: =IF($C$63="","","ok") | B66: 8 | H66: p60
A67: =IF($C$63="","","ok") | B67: 8 | D67: s31 | E67: =IF(Massnahmen!E67<>"",Massnahmen!E67,"") | F67: =Massnahmen!I67 -> 0 | G67: =Massnahmen!L67 | H67: p61
A68: =IF($C$63="","","ok") | B68: 8 | H68: p62
A69: =IF($C$63="","","ok") | B69: 8 | D69: s32 | E69: =IF(Massnahmen!E69<>"",Massnahmen!E69,"") | F69: =Massnahmen!I69 -> 0 | G69: =Massnahmen!L69 | H69: p63
A70: =IF($C$63="","","ok") | B70: 8 | H70: p64
A71: =IF($C$71="","","ok") | B71: 9 | C71: =IF(Massnahmen!C71<>"",Massnahmen!C71,"") | D71: s33 | E71: =IF(Massnahmen!E71<>"",Massnahmen!E71,"") | F71: =Massnahmen!I71 -> 0 | G71: =Massnahmen!L71 | H71: p65
A72: =IF($C$71="","","ok") | B72: 9 | H72: p66
A73: =IF($C$71="","","ok") | B73: 9 | D73: s34 | E73: =IF(Massnahmen!E73<>"",Massnahmen!E73,"") | F73: =Massnahmen!I73 -> 0 | G73: =Massnahmen!L73 | H73: p67
A74: =IF($C$71="","","ok") | B74: 9 | H74: p68
A75: =IF($C$71="","","ok") | B75: 9 | D75: s35 | E75: =IF(Massnahmen!E75<>"",Massnahmen!E75,"") | F75: =Massnahmen!I75 -> 0 | G75: =Massnahmen!L75 | H75: p69
A76: =IF($C$71="","","ok") | B76: 9 | H76: p70
A77: =IF($C$71="","","ok") | B77: 9 | D77: s36 | E77: =IF(Massnahmen!E77<>"",Massnahmen!E77,"") | F77: =Massnahmen!I77 -> 0 | G77: =Massnahmen!L77 | H77: p71
A78: =IF($C$71="","","ok") | B78: 9 | H78: p72
A79: =IF($C$79="","","ok") | B79: 10 | C79: =IF(Massnahmen!C79<>"",Massnahmen!C79,"") | D79: s37 | E79: =IF(Massnahmen!E79<>"",Massnahmen!E79,"") | F79: =Massnahmen!I79 -> 0 | G79: =Massnahmen!L79 | H79: p73
A80: =IF($C$79="","","ok") | B80: 10 | H80: p74
A81: =IF($C$79="","","ok") | B81: 10 | D81: s38 | E81: =IF(Massnahmen!E81<>"",Massnahmen!E81,"") | F81: =Massnahmen!I81 -> 0 | G81: =Massnahmen!L81 | H81: p75
A82: =IF($C$79="","","ok") | B82: 10 | H82: p76
A83: =IF($C$79="","","ok") | B83: 10 | D83: s39 | E83: =IF(Massnahmen!E83<>"",Massnahmen!E83,"") | F83: =Massnahmen!I83 -> 0 | G83: =Massnahmen!L83 | H83: p77
A84: =IF($C$79="","","ok") | B84: 10 | H84: p78
A85: =IF($C$79="","","ok") | B85: 10 | D85: s40 | E85: =IF(Massnahmen!E85<>"",Massnahmen!E85,"") | F85: =Massnahmen!I85 -> 0 | G85: =Massnahmen!L85 | H85: p79
A86: =IF($C$79="","","ok") | B86: 10 | H86: p80
A87: =IF($C$87="","","ok") -> ok | C87: © iManagement • dr. s.imboden • www.2iManagement.ch | O87: =IF($C$79="","","drucken")

Sheet sIndikatoren
C1: =' '!A516 -> I N D I K A T O R E N Z I E L E
C5: i1 | D5: =__s1 -> Indikator 1
D7: =' '!$A$513 -> Beschreibung/Bemerkungen
D9: =' '!$A$512 -> Berechnung
D11: =' '!$A$514 -> Quelle | E11: =' '!$A$515 -> Erhebungszeitpunkt & Branchenvergleich
C17: i2 | D17: =Massnahmen!E9 -> 0
D19: =' '!$A$513 -> Beschreibung/Bemerkungen
D21: =' '!$A$512 -> Berechnung
D23: =' '!$A$514 -> Quelle | E23: =' '!$A$515 -> Erhebungszeitpunkt & Branchenvergleich
C29: i3 | D29: =__s3 -> 0
D31: =' '!$A$513 -> Beschreibung/Bemerkungen
D33: =' '!$A$512 -> Berechnung
D35: =' '!$A$514 -> Quelle | E35: =' '!$A$515 -> Erhebungszeitpunkt & Branchenvergleich
C41: i4 | D41: =__s4 -> 0
D43: =' '!$A$513 -> Beschreibung/Bemerkungen
D45: =' '!$A$512 -> Berechnung
D47: =' '!$A$514 -> Quelle | E47: =' '!$A$515 -> Erhebungszeitpunkt & Branchenvergleich
C53: i5 | D53: =__s5 -> 0
D55: =' '!$A$513 -> Beschreibung/Bemerkungen
D57: =' '!$A$512 -> Berechnung
D59: =' '!$A$514 -> Quelle | E59: =' '!$A$515 -> Erhebungszeitpunkt & Branchenvergleich
C65: i6 | D65: =__s6 -> 0
D67: =' '!$A$513 -> Beschreibung/Bemerkungen
D69: =' '!$A$512 -> Berechnung
D71: =' '!$A$514 -> Quelle | E71: =' '!$A$515 -> Erhebungszeitpunkt & Branchenvergleich
C77: i7 | D77: =__s7 -> 0
D79: =' '!$A$513 -> Beschreibung/Bemerkungen
D81: =' '!$A$512 -> Berechnung
D83: =' '!$A$514 -> Quelle | E83: =' '!$A$515 -> Erhebungszeitpunkt & Branchenvergleich
C89: i8 | D89: =__s8 -> 0
D91: =' '!$A$513 -> Beschreibung/Bemerkungen
D93: =' '!$A$512 -> Berechnung
D95: =' '!$A$514 -> Quelle | E95: =' '!$A$515 -> Erhebungszeitpunkt & Branchenvergleich
C101: i9 | D101: =__s9 -> 0
D103: =' '!$A$513 -> Beschreibung/Bemerkungen
D105: =' '!$A$512 -> Berechnung
D107: =' '!$A$514 -> Quelle | E107: =' '!$A$515 -> Erhebungszeitpunkt & Branchenvergleich
C113: i10 | D113: =__s10 -> 0
D115: =' '!$A$513 -> Beschreibung/Bemerkungen
D117: =' '!$A$512 -> Berechnung
D119: =' '!$A$514 -> Quelle | E119: =' '!$A$515 -> Erhebungszeitpunkt & Branchenvergleich
C125: i11 | D125: =__s11 -> 0
D127: =' '!$A$513 -> Beschreibung/Bemerkungen
D129: =' '!$A$512 -> Berechnung
D131: =' '!$A$514 -> Quelle | E131: =' '!$A$515 -> Erhebungszeitpunkt & Branchenvergleich
C137: i12 | D137: =__s12 -> 0
D139: =' '!$A$513 -> Beschreibung/Bemerkungen
D141: =' '!$A$512 -> Berechnung
D143: =' '!$A$514 -> Quelle | E143: =' '!$A$515 -> Erhebungszeitpunkt & Branchenvergleich
C149: i13 | D149: =__s13 -> 0
D151: =' '!$A$513 -> Beschreibung/Bemerkungen
D153: =' '!$A$512 -> Berechnung
D155: =' '!$A$514 -> Quelle | E155: =' '!$A$515 -> Erhebungszeitpunkt & Branchenvergleich
C161: i14 | D161: =__s14 -> 0
D163: =' '!$A$513 -> Beschreibung/Bemerkungen
D165: =' '!$A$512 -> Berechnung
D167: =' '!$A$514 -> Quelle | E167: =' '!$A$515 -> Erhebungszeitpunkt & Branchenvergleich
C173: i15 | D173: =__s15 -> 0
D175: =' '!$A$513 -> Beschreibung/Bemerkungen
D177: =' '!$A$512 -> Berechnung
D179: =' '!$A$514 -> Quelle | E179: =' '!$A$515 -> Erhebungszeitpunkt & Branchenvergleich
C185: i16 | D185: =__s16 -> 0
D187: =' '!$A$513 -> Beschreibung/Bemerkungen
D189: =' '!$A$512 -> Berechnung
D191: =' '!$A$514 -> Quelle | E191: =' '!$A$515 -> Erhebungszeitpunkt & Branchenvergleich
C197: i17 | D197: =__s17 -> 0
D199: =' '!$A$513 -> Beschreibung/Bemerkungen
D201: =' '!$A$512 -> Berechnung
D203: =' '!$A$514 -> Quelle | E203: =' '!$A$515 -> Erhebungszeitpunkt & Branchenvergleich
C209: i18 | D209: =__s18 -> 0
D211: =' '!$A$513 -> Beschreibung/Bemerkungen
D213: =' '!$A$512 -> Berechnung
D215: =' '!$A$514 -> Quelle | E215: =' '!$A$515 -> Erhebungszeitpunkt & Branchenvergleich
C221: i19 | D221: =__s19 -> 0
D223: =' '!$A$513 -> Beschreibung/Bemerkungen
D225: =' '!$A$512 -> Berechnung
D227: =' '!$A$514 -> Quelle | E227: =' '!$A$515 -> Erhebungszeitpunkt & Branchenvergleich
C233: i20 | D233: =__s20 -> 0
D235: =' '!$A$513 -> Beschreibung/Bemerkungen
D237: =' '!$A$512 -> Berechnung
D239: =' '!$A$514 -> Quelle | E239: =' '!$A$515 -> Erhebungszeitpunkt & Branchenvergleich
C245: i21 | D245: =__s21 -> 0
D247: =' '!$A$513 -> Beschreibung/Bemerkungen
D249: =' '!$A$512 -> Berechnung
D251: =' '!$A$514 -> Quelle | E251: =' '!$A$515 -> Erhebungszeitpunkt & Branchenvergleich
C257: i22 | D257: =__s22 -> 0
D259: =' '!$A$513 -> Beschreibung/Bemerkungen
D261: =' '!$A$512 -> Berechnung
D263: =' '!$A$514 -> Quelle | E263: =' '!$A$515 -> Erhebungszeitpunkt & Branchenvergleich
C269: i23 | D269: =__s23 -> 0
D271: =' '!$A$513 -> Beschreibung/Bemerkungen
D273: =' '!$A$512 -> Berechnung
D275: =' '!$A$514 -> Quelle | E275: =' '!$A$515 -> Erhebungszeitpunkt & Branchenvergleich
C281: i24 | D281: =__s24 -> 0
D283: =' '!$A$513 -> Beschreibung/Bemerkungen
D285: =' '!$A$512 -> Berechnung
D287: =' '!$A$514 -> Quelle | E287: =' '!$A$515 -> Erhebungszeitpunkt & Branchenvergleich
C293: i25 | D293: =__s25 -> 0
D295: =' '!$A$513 -> Beschreibung/Bemerkungen
D297: =' '!$A$512 -> Berechnung
...

Sheet oIndikatoren
C1: =' '!A511 -> S T R A T E G I S C H E I N D I K A T O R E N
C5: o1 | D5: =_o1 -> Indikator 1
D7: =' '!$A$513 -> Beschreibung/Bemerkungen
D9: =' '!$A$512 -> Berechnung
D11: =' '!$A$514 -> Quelle | E11: =' '!$A$515 -> Erhebungszeitpunkt & Branchenvergleich
C17: o2 | D17: =_o2 -> 0
D19: =' '!$A$513 -> Beschreibung/Bemerkungen
D21: =' '!$A$512 -> Berechnung
D23: =' '!$A$514 -> Quelle | E23: =' '!$A$515 -> Erhebungszeitpunkt & Branchenvergleich
C29: o3 | D29: =_o3 -> 0
D31: =' '!$A$513 -> Beschreibung/Bemerkungen
D33: =' '!$A$512 -> Berechnung
D35: =' '!$A$514 -> Quelle | E35: =' '!$A$515 -> Erhebungszeitpunkt & Branchenvergleich
C41: o4 | D41: =_o4 -> 0
D43: =' '!$A$513 -> Beschreibung/Bemerkungen
D45: =' '!$A$512 -> Berechnung
D47: =' '!$A$514 -> Quelle | E47: =' '!$A$515 -> Erhebungszeitpunkt & Branchenvergleich
C53: o5 | D53: =_o5 -> 0
D55: =' '!$A$513 -> Beschreibung/Bemerkungen
D57: =' '!$A$512 -> Berechnung
D59: =' '!$A$514 -> Quelle | E59: =' '!$A$515 -> Erhebungszeitpunkt & Branchenvergleich
C65: o6 | D65: =_o6 -> 0
D67: =' '!$A$513 -> Beschreibung/Bemerkungen
D69: =' '!$A$512 -> Berechnung
D71: =' '!$A$514 -> Quelle | E71: =' '!$A$515 -> Erhebungszeitpunkt & Branchenvergleich
C77: o7 | D77: =_o7 -> 0
D79: =' '!$A$513 -> Beschreibung/Bemerkungen
D81: =' '!$A$512 -> Berechnung
D83: =' '!$A$514 -> Quelle | E83: =' '!$A$515 -> Erhebungszeitpunkt & Branchenvergleich
C89: o8 | D89: =_o8 -> 0
D91: =' '!$A$513 -> Beschreibung/Bemerkungen
D93: =' '!$A$512 -> Berechnung
D95: =' '!$A$514 -> Quelle | E95: =' '!$A$515 -> Erhebungszeitpunkt & Branchenvergleich
C101: o9 | D101: =_o9 -> 0
D103: =' '!$A$513 -> Beschreibung/Bemerkungen
D105: =' '!$A$512 -> Berechnung
D107: =' '!$A$514 -> Quelle | E107: =' '!$A$515 -> Erhebungszeitpunkt & Branchenvergleich
C113: o10 | D113: =_o10 -> 0
D115: =' '!$A$513 -> Beschreibung/Bemerkungen
D117: =' '!$A$512 -> Berechnung
D119: =' '!$A$514 -> Quelle | E119: =' '!$A$515 -> Erhebungszeitpunkt & Branchenvergleich
C125: o11 | D125: =_o11 -> 0
D127: =' '!$A$513 -> Beschreibung/Bemerkungen
D129: =' '!$A$512 -> Berechnung
D131: =' '!$A$514 -> Quelle | E131: =' '!$A$515 -> Erhebungszeitpunkt & Branchenvergleich
C137: o12 | D137: =_o12 -> 0
D139: =' '!$A$513 -> Beschreibung/Bemerkungen
D141: =' '!$A$512 -> Berechnung
D143: =' '!$A$514 -> Quelle | E143: =' '!$A$515 -> Erhebungszeitpunkt & Branchenvergleich
C149: o13 | D149: =_o13 -> 0
D151: =' '!$A$513 -> Beschreibung/Bemerkungen
D153: =' '!$A$512 -> Berechnung
D155: =' '!$A$514 -> Quelle | E155: =' '!$A$515 -> Erhebungszeitpunkt & Branchenvergleich
C161: o14 | D161: =_o14 -> 0
D163: =' '!$A$513 -> Beschreibung/Bemerkungen
D165: =' '!$A$512 -> Berechnung
D167: =' '!$A$514 -> Quelle | E167: =' '!$A$515 -> Erhebungszeitpunkt & Branchenvergleich
C173: o15 | D173: =_o15 -> 0
D175: =' '!$A$513 -> Beschreibung/Bemerkungen
D177: =' '!$A$512 -> Berechnung
D179: =' '!$A$514 -> Quelle | E179: =' '!$A$515 -> Erhebungszeitpunkt & Branchenvergleich
C185: o16 | D185: =_o16 -> 0
D187: =' '!$A$513 -> Beschreibung/Bemerkungen
D189: =' '!$A$512 -> Berechnung
D191: =' '!$A$514 -> Quelle | E191: =' '!$A$515 -> Erhebungszeitpunkt & Branchenvergleich
C197: o17 | D197: =_o17 -> 0
D199: =' '!$A$513 -> Beschreibung/Bemerkungen
D201: =' '!$A$512 -> Berechnung
D203: =' '!$A$514 -> Quelle | E203: =' '!$A$515 -> Erhebungszeitpunkt & Branchenvergleich
C209: o18 | D209: =_o18 -> 0
D211: =' '!$A$513 -> Beschreibung/Bemerkungen
D213: =' '!$A$512 -> Berechnung
D215: =' '!$A$514 -> Quelle | E215: =' '!$A$515 -> Erhebungszeitpunkt & Branchenvergleich
C221: o19 | D221: =_o19 -> 0
D223: =' '!$A$513 -> Beschreibung/Bemerkungen
D225: =' '!$A$512 -> Berechnung
D227: =' '!$A$514 -> Quelle | E227: =' '!$A$515 -> Erhebungszeitpunkt & Branchenvergleich
C233: o20 | D233: =_o20 -> 0
D235: =' '!$A$513 -> Beschreibung/Bemerkungen
D237: =' '!$A$512 -> Berechnung
D239: =' '!$A$514 -> Quelle | E239: =' '!$A$515 -> Erhebungszeitpunkt & Branchenvergleich
C245: o21 | D245: =_o21 -> 0
D247: =' '!$A$513 -> Beschreibung/Bemerkungen
D249: =' '!$A$512 -> Berechnung
D251: =' '!$A$514 -> Quelle | E251: =' '!$A$515 -> Erhebungszeitpunkt & Branchenvergleich
C257: o22 | D257: =_o22 -> 0
D259: =' '!$A$513 -> Beschreibung/Bemerkungen
D261: =' '!$A$512 -> Berechnung
D263: =' '!$A$514 -> Quelle | E263: =' '!$A$515 -> Erhebungszeitpunkt & Branchenvergleich
C269: o23 | D269: =_o23 -> 0
D271: =' '!$A$513 -> Beschreibung/Bemerkungen
D273: =' '!$A$512 -> Berechnung
D275: =' '!$A$514 -> Quelle | E275: =' '!$A$515 -> Erhebungszeitpunkt & Branchenvergleich
C281: o24 | D281: =_o24 -> 0
D283: =' '!$A$513 -> Beschreibung/Bemerkungen
D285: =' '!$A$512 -> Berechnung
D287: =' '!$A$514 -> Quelle | E287: =' '!$A$515 -> Erhebungszeitpunkt & Branchenvergleich
C293: o25 | D293: =_o25 -> 0
D295: =' '!$A$513 -> Beschreibung/Bemerkungen
D297: =' '!$A$512 -> Berechnung
...

Sheet 2Finance
B1: =' '!A714 -> Möchten Sie ein externes Finanztool öffnen?
C5: =' '!A713 -> Fügen Sie hier mit der rechten Maustaste den Hyperlink zu Ihrem externen Finanztool ein

Sheet Logo
D4: =' '!A52 -> Ihr Logo:
B12: =' '!A716 -> Währung: | D12: CHF
B14: © iManagement • dr. s.imboden • www.2iManagement.ch
